Workbook
Name _________F06: {1,2,3,4,5,6,7}
Name _________r: {1;2;3;4;5;6}
Name _______F06: {1,2,3,4,5,6,7}
Name _______r: {1;2;3;4;5;6}
Name _____F06: {1,2,3,4,5,6,7}
Name _____r: {1;2;3;4;5;6}
Name ____F06: {1,2,3,4,5,6,7}
Name ____r: {1;2;3;4;5;6}
Name ___F06: {1,2,3,4,5,6,7}
Name ___r: {1;2;3;4;5;6}
Name __F06: {1,2,3,4,5,6,7}
Name __r: {1;2;3;4;5;6}
Name _F06: {1,2,3,4,5,6,7}
Name _r: {1;2;3;4;5;6}
Name A: {1,2,3,4,5,6,7}
Name calendarRange: [2]OT!$A$6:$IV$43
Name données: 'Tableau de Suivi'!$A$617:$P$621
Name F09b: {1,2,3,4,5,6,7}
Name MonFirst: [3]Settings!$G$13
Name month: [2]OT!$C$3
Name monthName: [3]Settings!$G$6
Name monthNames: [3]Settings!$C$5:$C$16
Name OLE_LINK1: 'Tableau de Suivi'!#REF!
Name Per: {1,2,3,4,5,6,7}
Name prout: {1,2,3,4,5,6,7}
Name q: {1,2,3,4,5,6,7}
Name valuevx: 42.314159
Name w: {1,2,3,4,5,6,7}
Name weekday: {1,2,3,4,5,6,7}
Name weekend_dates: [1]Calendar!$A$38,[1]Calendar!$A$32,[1]Calendar!$A$26,[1]Calendar!$A$20,[1]Calendar!$A$14,[1]Calendar!$A$8,[1]Calendar!$M$8,[1]Calendar!$M$14,[1]Calendar!$M$20,[1]Calendar!$M$26,[1]Calendar!$M$32
Name WeekNo: {1;2;3;4;5;6}
Name year: [2]OT!$F$3

Sheet Tableau de Suivi
S1: FICHE DE RELEVE DES PROBLEMES EN PRODUCTION | AK1: =ISLOGICAL(AG5) -> FALSE
L2: Règle 2016 pour déclenchement action
L3: Remontée au Fournisseur ou Client si l'impact est supérieur à 3% de la commande livrée par celui-ci. Pour la VMI et le lancement d'une FDNQ, impacter la note dans l'évaluation du fournisseur, Si le code défaut est le thème "administratif" = 100%, Aucun blocage du produit
A4: N° | B4: Date | C4: Mois | D4: Année | E4: Réf. AX | F4: PU | G4: Sérial Number | H4: Service | I4: Client | J4: MO / HMO | K4: M.O. = Fournisseur | L4: Produit | M4: Qté impactée | N4: Quantité Livrée | O4: Quantité en stock | P4: Poucentage | Q4: Temps perdu en Production | R4: Temps Passé Qualité | S4: Description du Problème par l'émetteur de la fiche. | T4: Code Défaut | U4: Criticité | V4: Libéllé | W4: Vérif lot stock | X4: Echantillonnage | Y4: Nb Défaut max Refusé | AA4: Urgence prod. Chiffrée | AB4: Urgence prod. | AC4: Quantité concernée | AD4: Criticité | AE4: Valorisation Criticité | AF4: Récurrence | AG4: Concaténation | AH4: Conduite à tenir | AI4: N° Rapport Qualité ou FDNQ | AJ4: Remise SCL ou … | AK4: Action | AL4: Date de cloture | AM4: Délai de traitement | AN4: Effectif d'échantillon (n) du plan simple | AO4: C4
A5: 1 | B5: 41642 | C5: =MONTH(B5) -> 1 | D5: =YEAR(B5) -> 2014 | E5: 1254874 | F5: 29189 | G5: 30070 | H5: Condt. | I5: OT | J5: MO | K5: Tompla | L5: OT Env 114x229 F45x100 BDP | M5: 500 | N5: 200000 | O5: 21000 | P5: =IF(OR($T5="b4",$T5="b6",$T5="c8",$T5="c11",$T5="c10",$T5="c12",$T5="c14"),1,($M5/($N5))) -> 0.0025 | Q5: 0.041666667 | R5: 0.034722222 | S5: Le coté gauche de l'enveloppe n'est pas collé. | T5: C4 | U5: =+LEFT(T5,1) -> C | V5: =VLOOKUP(T5,Codes!A$9:B$51,2,FALSE) -> Absence ou manque de colle sur le produit | W5: 0 | X5: =IF(AND((O5>=2),(O5<=8)),"A",IF(AND((O5>=9),(O5<=15)),"B",IF(AND((O5>=16),(O5<=20)),"C",IF(AND((O5>=21),(O5<=50)),"D",IF(AND((O5>=51),(O5<=90)),"E",IF(AND((O5>=91),(O5<=150)),"F",IF(AND((O5>=151),(O5<=280)),"G"," ")))))))&IF(AND((O5>=281),(O5<=500)),"H",IF(AND((O5>=501),(O5<=1200)),"J",IF(AND((O5>=1201),(O5<=3200)),"K",IF(AND((O5>=3201),(O5<=10000)),"L",IF(AND((O5>=10001),(O5<=35000)),"M",IF(AND((O5>=35001),(O5<=150000)),"N",IF(AND((O5>=150001),(O5<=500000)),"P"," ")))))))&IF(AND(O5>=500001),"Q"," ") -> M | Y5: =IF(X5="M",15,"") | Z5: oui/non | AA5: Si oui 3 sinon 1 | AB5: =IF((AA5)<=2,"faible","fort") -> fort | AC5: =IF((P5)<=3%,"faible","fort") -> faible | AD5: =IF(AND(AB5="Faible",AC5="Faible"),"Faible",IF(AND(AB5="Faible",AC5="Faible"),"Fort",IF(AND(AB5="Faible",AC5="Fort"),"Faible",IF(AND(AB5="Faible",AC5="Fort"),"Fort",IF(AND(AB5="Fort",AC5="Faible"),"Fort",IF(AND(AB5="Fort",AC5="Faible"),"Fort",IF(AND(AB5="Fort",AC5="Fort"),"Fort","Fort"))))))) -> Fort | AE5: =IF(AD5="Faible", "2", IF(AD5="Fort","5")) -> 5 | AF5: =COUNTIF($AG$5:$AG$1048576,AG5) -> 2 | AG5: =CONCATENATE(D5,E5,T5) -> 20141254874C4 | AH5: =IF(AL5<>0,"Action cloturée",IF(AND(J5="HMO",AD5="Faible"),"",IF(AND(J5="HMO",AD5="Fort"),"Informer immédiatement le client pour connaitre la marche à suivre",IF(AND(J5="MO",AD5="Faible"),"",IF(AND(J5="MO",AD5="Fort"),"Tri par agence d'intérim et/ou fournisseur et FDNQ",""))))) -> Tri par agence d'intérim et/ou fournisseur et FDNQ | AI5: si | AJ5: 41647 | AK5: Contröle sur étagère du stock "RAS" | AM5: =IF(AL5<>0,NETWORKDAYS(B5,AL5),"")
A6: 2 | B6: 41646 | C6: =MONTH(B6) -> 1 | D6: =YEAR(B6) -> 2014 | E6: 1233115 | F6: 29610 | G6: 30692 | H6: Mailers | I6: OT | J6: MO | K6: GPV | L6: OT Enveloppe 115x225 F50x100 | M6: 200 | N6: 500000 | O6: 478000 | P6: =IF(OR($T6="b4",$T6="b6",$T6="c8",$T6="c11",$T6="c10",$T6="c12",$T6="c14"),1,($M6/($N6))) -> 0.0004 | Q6: 0.083333333 | R6: 0.034722222 | S6: Les enveloppes sont ouvertes sur le coté gauche, elles étaient toutes à la suite dans le carton 498. | T6: C4 | U6: =+LEFT(T6,1) -> C | V6: =VLOOKUP(T6,Codes!A$9:B$51,2,FALSE) -> Absence ou manque de colle sur le produit | X6: =IF(AND((O6>=2),(O6<=8)),"A",IF(AND((O6>=9),(O6<=15)),"B",IF(AND((O6>=16),(O6<=20)),"C",IF(AND((O6>=21),(O6<=50)),"D",IF(AND((O6>=51),(O6<=90)),"E",IF(AND((O6>=91),(O6<=150)),"F",IF(AND((O6>=151),(O6<=280)),"G"," ")))))))&IF(AND((O6>=281),(O6<=500)),"H",IF(AND((O6>=501),(O6<=1200)),"J",IF(AND((O6>=1201),(O6<=3200)),"K",IF(AND((O6>=3201),(O6<=10000)),"L",IF(AND((O6>=10001),(O6<=35000)),"M",IF(AND((O6>=35001),(O6<=150000)),"N",IF(AND((O6>=150001),(O6<=500000)),"P"," ")))))))&IF(AND(O6>=500001),"Q"," ") -> P | Y6: =IF(X6="M",15," ") | AA6: 3 | AB6: =IF((AA6)<=2,"faible","fort") -> fort | AC6: =IF((P6)<=3%,"faible","fort") -> faible | AD6: =IF(AND(AB6="Faible",AC6="Faible"),"Faible",IF(AND(AB6="Faible",AC6="Faible"),"Fort",IF(AND(AB6="Faible",AC6="Fort"),"Faible",IF(AND(AB6="Faible",AC6="Fort"),"Fort",IF(AND(AB6="Fort",AC6="Faible"),"Fort",IF(AND(AB6="Fort",AC6="Faible"),"Fort",IF(AND(AB6="Fort",AC6="Fort"),"Fort","Fort"))))))) -> Fort | AE6: =IF(AD6="Faible", "2", IF(AD6="Fort","5")) -> 5 | AF6: =COUNTIF($AG$5:$AG$1048576,AG6) -> 1 | AG6: =CONCATENATE(D6,E6,T6) -> 20141233115C4 | AH6: =IF(AL6<>0,"Action cloturée",IF(AND(J6="HMO",AD6="Faible"),"",IF(AND(J6="HMO",AD6="Fort"),"Informer immédiatement le client pour connaitre la marche à suivre",IF(AND(J6="MO",AD6="Faible"),"",IF(AND(J6="MO",AD6="Fort"),"Tri par agence d'intérim et/ou fournisseur et FDNQ",""))))) -> Tri par agence d'intérim et/ou fournisseur et FDNQ | AJ6: 41647 | AK6: Contrôle sur étagère du stock tampon "RAS" | AM6: =IF(AL6<>0,NETWORKDAYS(B6,AL6),"")
A7: 3 | B7: 41648 | C7: =MONTH(B7) -> 1 | D7: =YEAR(B7) -> 2014 | E7: 1058653 | F7: 28145 | G7: 28675 | H7: Condt. | I7: SG | J7: HMO | L7: CSG COFFRET VISA INFINITE DIST | M7: 2 | N7: 8000 | O7: 4760 | P7: =IF(OR($T7="b4",$T7="b6",$T7="c8",$T7="c11",$T7="c10",$T7="c12",$T7="c14"),1,($M7/($N7))) -> 0.00025 | Q7: 0.0069444444 | R7: 0.0069444444 | S7: La carte ne tiend pas dans l'emplacement prévu à cet effet | T7: B2 | U7: =+LEFT(T7,1) -> B | V7: =VLOOKUP(T7,Codes!A$9:B$51,2,FALSE) -> Produit inadapté au processus | X7: =IF(AND((O7>=2),(O7<=8)),"A",IF(AND((O7>=9),(O7<=15)),"B",IF(AND((O7>=16),(O7<=20)),"C",IF(AND((O7>=21),(O7<=50)),"D",IF(AND((O7>=51),(O7<=90)),"E",IF(AND((O7>=91),(O7<=150)),"F",IF(AND((O7>=151),(O7<=280)),"G"," ")))))))&IF(AND((O7>=281),(O7<=500)),"H",IF(AND((O7>=501),(O7<=1200)),"J",IF(AND((O7>=1201),(O7<=3200)),"K",IF(AND((O7>=3201),(O7<=10000)),"L",IF(AND((O7>=10001),(O7<=35000)),"M",IF(AND((O7>=35001),(O7<=150000)),"N",IF(AND((O7>=150001),(O7<=500000)),"P"," ")))))))&IF(AND(O7>=500001),"Q"," ") -> L | Y7: =IF(X7="M",15," ") | AA7: 3 | AB7: =IF((AA7)<=2,"faible","fort") -> fort | AC7: =IF((P7)<=3%,"faible","fort") -> faible | AD7: =IF(AND(AB7="Faible",AC7="Faible"),"Faible",IF(AND(AB7="Faible",AC7="Faible"),"Fort",IF(AND(AB7="Faible",AC7="Fort"),"Faible",IF(AND(AB7="Faible",AC7="Fort"),"Fort",IF(AND(AB7="Fort",AC7="Faible"),"Fort",IF(AND(AB7="Fort",AC7="Faible"),"Fort",IF(AND(AB7="Fort",AC7="Fort"),"Fort","Fort"))))))) -> Fort | AE7: =IF(AD7="Faible", "2", IF(AD7="Fort","5")) -> 5 | AF7: =COUNTIF($AG$5:$AG$1048576,AG7) -> 1 | AG7: =CONCATENATE(D7,E7,T7) -> 20141058653B2 | AH7: =IF(AL7<>0,"Action cloturée",IF(AND(J7="HMO",AD7="Faible"),"",IF(AND(J7="HMO",AD7="Fort"),"Informer immédiatement le client pour connaitre la marche à suivre",IF(AND(J7="MO",AD7="Faible"),"",IF(AND(J7="MO",AD7="Fort"),"Tri par agence d'intérim et/ou fournisseur et FDNQ",""))))) -> Informer immédiatement le client pour connaitre la marche à suivre | AJ7: 41648 | AK7: Contrôle sur étagère RAS | AM7: =IF(AL7<>0,NETWORKDAYS(B7,AL7),"")
A8: 4 | B8: 41648 | C8: =MONTH(B8) -> 1 | D8: =YEAR(B8) -> 2014 | E8: 1058722 | F8: 29510 | G8: 30253 | H8: Condt. | I8: SG | J8: HMO | L8: CSG POCH 1ER CRE 130002-135502 | M8: 6 | N8: 6480 | O8: 3360 | P8: =IF(OR($T8="b4",$T8="b6",$T8="c8",$T8="c11",$T8="c10",$T8="c12",$T8="c14"),1,($M8/($N8))) -> 0.00092592593 | Q8: 0.0069444444 | R8: 0.0069444444 | S8: Pas de colle | T8: A1 | U8: =+LEFT(T8,1) -> A | V8: =VLOOKUP(T8,Codes!A$9:B$51,2,FALSE) -> Absence ou manque de colle sur le produit | X8: =IF(AND((O8>=2),(O8<=8)),"A",IF(AND((O8>=9),(O8<=15)),"B",IF(AND((O8>=16),(O8<=20)),"C",IF(AND((O8>=21),(O8<=50)),"D",IF(AND((O8>=51),(O8<=90)),"E",IF(AND((O8>=91),(O8<=150)),"F",IF(AND((O8>=151),(O8<=280)),"G"," ")))))))&IF(AND((O8>=281),(O8<=500)),"H",IF(AND((O8>=501),(O8<=1200)),"J",IF(AND((O8>=1201),(O8<=3200)),"K",IF(AND((O8>=3201),(O8<=10000)),"L",IF(AND((O8>=10001),(O8<=35000)),"M",IF(AND((O8>=35001),(O8<=150000)),"N",IF(AND((O8>=150001),(O8<=500000)),"P"," ")))))))&IF(AND(O8>=500001),"Q"," ") -> L | Y8: =IF(X8="M",15," ") | AA8: 2 | AB8: =IF((AA8)<=2,"faible","fort") -> faible | AC8: =IF((P8)<=3%,"faible","fort") -> faible | AD8: =IF(AND(AB8="Faible",AC8="Faible"),"Faible",IF(AND(AB8="Faible",AC8="Faible"),"Fort",IF(AND(AB8="Faible",AC8="Fort"),"Faible",IF(AND(AB8="Faible",AC8="Fort"),"Fort",IF(AND(AB8="Fort",AC8="Faible"),"Fort",IF(AND(AB8="Fort",AC8="Faible"),"Fort",IF(AND(AB8="Fort",AC8="Fort"),"Fort","Fort"))))))) -> Faible | AE8: =IF(AD8="Faible", "2", IF(AD8="Fort","5")) -> 2 | AF8: =COUNTIF($AG$5:$AG$1048576,AG8) -> 1 | AG8: =CONCATENATE(D8,E8,T8) -> 20141058722A1 | AH8: =IF(AL8<>0,"Action cloturée",IF(AND(J8="HMO",AD8="Faible"),"",IF(AND(J8="HMO",AD8="Fort"),"Informer immédiatement le client pour connaitre la marche à suivre",IF(AND(J8="MO",AD8="Faible"),"",IF(AND(J8="MO",AD8="Fort"),"Tri par agence d'intérim et/ou fournisseur et FDNQ",""))))) | AJ8: 41648 | AK8: Contrôle sur étagère RAS | AM8: =IF(AL8<>0,NETWORKDAYS(B8,AL8),"")
A9: 5 | B9: 41653 | C9: =MONTH(B9) -> 1 | D9: =YEAR(B9) -> 2014 | E9: 1051704 | F9: 25657 | G9: 26105 | H9: Production | I9: Crédipar | J9: MO | K9: OT TEWKS | L9: CREDIPAR CARTE AMEX CITROEN Classique | M9: 15 | N9: 186595 | O9: 62072 | P9: =IF(OR($T9="b4",$T9="b6",$T9="c8",$T9="c11",$T9="c10",$T9="c12",$T9="c14"),1,($M9/($N9))) -> 8.0388006e-05 | Q9: 0.010416667 | R9: 0.041666667 | S9: Carte creuse sous l'overlay (défaut support) | T9: A8 | U9: =+LEFT(T9,1) -> A | V9: =VLOOKUP(T9,Codes!A$9:B$51,2,FALSE) -> Produit inadapté au processus (tension ruban, etc…) | X9: =IF(AND((O9>=2),(O9<=8)),"A",IF(AND((O9>=9),(O9<=15)),"B",IF(AND((O9>=16),(O9<=20)),"C",IF(AND((O9>=21),(O9<=50)),"D",IF(AND((O9>=51),(O9<=90)),"E",IF(AND((O9>=91),(O9<=150)),"F",IF(AND((O9>=151),(O9<=280)),"G"," ")))))))&IF(AND((O9>=281),(O9<=500)),"H",IF(AND((O9>=501),(O9<=1200)),"J",IF(AND((O9>=1201),(O9<=3200)),"K",IF(AND((O9>=3201),(O9<=10000)),"L",IF(AND((O9>=10001),(O9<=35000)),"M",IF(AND((O9>=35001),(O9<=150000)),"N",IF(AND((O9>=150001),(O9<=500000)),"P"," ")))))))&IF(AND(O9>=500001),"Q"," ") -> N | Y9: =IF(X9="M",15," ") | AA9: 2 | AB9: =IF((AA9)<=2,"faible","fort") -> faible | AC9: =IF((P9)<=3%,"faible","fort") -> faible | AD9: =IF(AND(AB9="Faible",AC9="Faible"),"Faible",IF(AND(AB9="Faible",AC9="Faible"),"Fort",IF(AND(AB9="Faible",AC9="Fort"),"Faible",IF(AND(AB9="Faible",AC9="Fort"),"Fort",IF(AND(AB9="Fort",AC9="Faible"),"Fort",IF(AND(AB9="Fort",AC9="Faible"),"Fort",IF(AND(AB9="Fort",AC9="Fort"),"Fort","Fort"))))))) -> Faible | AE9: =IF(AD9="Faible", "2", IF(AD9="Fort","5")) -> 2 | AF9: =COUNTIF($AG$5:$AG$1048576,AG9) -> 1 | AG9: =CONCATENATE(D9,E9,T9) -> 20141051704A8 | AH9: =IF(AL9<>0,"Action cloturée",IF(AND(J9="HMO",AD9="Faible"),"",IF(AND(J9="HMO",AD9="Fort"),"Informer immédiatement le client pour connaitre la marche à suivre",IF(AND(J9="MO",AD9="Faible"),"",IF(AND(J9="MO",AD9="Fort"),"Tri par agence d'intérim et/ou fournisseur et FDNQ",""))))) -> Action cloturée | AJ9: 41653 | AK9: Contrôle de l'encours: 700 support RAS. Réf: barquette 003WR00083953-003SA00016949 du 26 et 27/04/13. Sérial N° C contrôleur A230. | AL9: 41685 | AM9: =IF(AL9<>0,NETWORKDAYS(B9,AL9),"") -> 24
A10: 6 | B10: 41654 | C10: =MONTH(B10) -> 1 | D10: =YEAR(B10) -> 2014 | E10: 1058588 | F10: 28390 | G10: 29578 | H10: Production | I10: OT | J10: MO | K10: COLUMBIA FRANCE SARL | L10: OT Ruban Ocra Noir (Par 10) | M10: 476 | N10: 300 | O10: 290 | P10: =IF(OR($T10="b4",$T10="b6",$T10="c8",$T10="c11",$T10="c10",$T10="c12",$T10="c14"),1,($M10/($N10))) -> 1.5866667 | Q10: 0.0069444444 | R10: 0.034722222 | S10: Qualité très médiocre du rendu sur la carte par rapport au fournisseur DATACARD | T10: A8 | U10: =+LEFT(T10,1) -> A | V10: =VLOOKUP(T10,Codes!A$9:B$51,2,FALSE) -> Produit inadapté au processus (tension ruban, etc…) | X10: =IF(AND((O10>=2),(O10<=8)),"A",IF(AND((O10>=9),(O10<=15)),"B",IF(AND((O10>=16),(O10<=20)),"C",IF(AND((O10>=21),(O10<=50)),"D",IF(AND((O10>=51),(O10<=90)),"E",IF(AND((O10>=91),(O10<=150)),"F",IF(AND((O10>=151),(O10<=280)),"G"," ")))))))&IF(AND((O10>=281),(O10<=500)),"H",IF(AND((O10>=501),(O10<=1200)),"J",IF(AND((O10>=1201),(O10<=3200)),"K",IF(AND((O10>=3201),(O10<=10000)),"L",IF(AND((O10>=10001),(O10<=35000)),"M",IF(AND((O10>=35001),(O10<=150000)),"N",IF(AND((O10>=150001),(O10<=500000)),"P"," ")))))))&IF(AND(O10>=500001),"Q"," ") -> H | Y10: =IF(X10="M",15," ") | AA10: 3 | AB10: =IF((AA10)<=2,"faible","fort") -> fort | AC10: =IF((P10)<=3%,"faible","fort") -> fort | AD10: =IF(AND(AB10="Faible",AC10="Faible"),"Faible",IF(AND(AB10="Faible",AC10="Faible"),"Fort",IF(AND(AB10="Faible",AC10="Fort"),"Faible",IF(AND(AB10="Faible",AC10="Fort"),"Fort",IF(AND(AB10="Fort",AC10="Faible"),"Fort",IF(AND(AB10="Fort",AC10="Faible"),"Fort",IF(AND(AB10="Fort",AC10="Fort"),"Fort","Fort"))))))) -> Fort | AE10: =IF(AD10="Faible", "2", IF(AD10="Fort","5")) -> 5 | AF10: =COUNTIF($AG$5:$AG$1048576,AG10) -> 1 | AG10: =CONCATENATE(D10,E10,T10) -> 20141058588A8 | AH10: =IF(AL10<>0,"Action cloturée",IF(AND(J10="HMO",AD10="Faible"),"",IF(AND(J10="HMO",AD10="Fort"),"Informer immédiatement le client pour connaitre la marche à suivre",IF(AND(J10="MO",AD10="Faible"),"",IF(AND(J10="MO",AD10="Fort"),"Tri par agence d'intérim et/ou fournisseur et FDNQ",""))))) -> Tri par agence d'intérim et/ou fournisseur et FDNQ | AJ10: 41655 | AK10: Incident ponctuel à surveiller dans le temps | AM10: =IF(AL10<>0,NETWORKDAYS(B10,AL10),"")
A11: 7 | B11: 41653 | C11: =MONTH(B11) -> 1 | D11: =YEAR(B11) -> 2014 | E11: 1195659 | F11: 21974 | G11: 22436 | H11: Production | I11: CDN | J11: MO | K11: OT Vitré | L11: CDN Visa Courtois Avion Bin4976 R6Patché | M11: 1 | N11: 306 | O11: 47 | P11: =IF(OR($T11="b4",$T11="b6",$T11="c8",$T11="c11",$T11="c10",$T11="c12",$T11="c14"),1,($M11/($N11))) -> 0.0032679739 | Q11: 0.020833333 | R11: 0.0625 | S11: Imposible de produire 1 carte sur 1 fichier de 2, avec lke message suivant "invalid preperso i d 0 reste 47 cartes en stock qui sont NOK. Pour produire il nous faut lever le contrôle. | T11: A9 | U11: =+LEFT(T11,1) -> A | V11: =VLOOKUP(T11,Codes!A$9:B$51,2,FALSE) -> Défaut carte préperso | X11: =IF(AND((O11>=2),(O11<=8)),"A",IF(AND((O11>=9),(O11<=15)),"B",IF(AND((O11>=16),(O11<=20)),"C",IF(AND((O11>=21),(O11<=50)),"D",IF(AND((O11>=51),(O11<=90)),"E",IF(AND((O11>=91),(O11<=150)),"F",IF(AND((O11>=151),(O11<=280)),"G"," ")))))))&IF(AND((O11>=281),(O11<=500)),"H",IF(AND((O11>=501),(O11<=1200)),"J",IF(AND((O11>=1201),(O11<=3200)),"K",IF(AND((O11>=3201),(O11<=10000)),"L",IF(AND((O11>=10001),(O11<=35000)),"M",IF(AND((O11>=35001),(O11<=150000)),"N",IF(AND((O11>=150001),(O11<=500000)),"P"," ")))))))&IF(AND(O11>=500001),"Q"," ") -> D | Y11: =IF(X11="M",15) -> FALSE | AA11: 2 | AB11: =IF((AA11)<=2,"faible","fort") -> faible | AC11: =IF((P11)<=3%,"faible","fort") -> faible | AD11: =IF(AND(AB11="Faible",AC11="Faible"),"Faible",IF(AND(AB11="Faible",AC11="Faible"),"Fort",IF(AND(AB11="Faible",AC11="Fort"),"Faible",IF(AND(AB11="Faible",AC11="Fort"),"Fort",IF(AND(AB11="Fort",AC11="Faible"),"Fort",IF(AND(AB11="Fort",AC11="Faible"),"Fort",IF(AND(AB11="Fort",AC11="Fort"),"Fort","Fort"))))))) -> Faible | AE11: =IF(AD11="Faible", "2", IF(AD11="Fort","5")) -> 2 | AF11: =COUNTIF($AG$5:$AG$1048576,AG11) -> 1 | AG11: =CONCATENATE(D11,E11,T11) -> 20141195659A9 | AH11: =IF(AL11<>0,"Action cloturée",IF(AND(J11="HMO",AD11="Faible"),"",IF(AND(J11="HMO",AD11="Fort"),"Informer immédiatement le client pour connaitre la marche à suivre",IF(AND(J11="MO",AD11="Faible"),"",IF(AND(J11="MO",AD11="Fort"),"Tri par agence d'intérim et/ou fournisseur et FDNQ",""))))) -> Action cloturée | AI11: CQUA14-02 | AJ11: 41655 | AK11: Réclamation faite à Vitré. Erreur, problème sur le code pr&perso, le code est 000000 au mlieu de 00061D + pas de BIN sur un tag | AL11: 41655 | AM11: =IF(AL11<>0,NETWORKDAYS(B11,AL11),"") -> 3
A12: 8 | B12: 41659 | C12: =MONTH(B12) -> 1 | D12: =YEAR(B12) -> 2014 | E12: 1057730 | F12: 29593 | G12: 131126 | H12: Condt. | I12: SG | J12: HMO | L12: BN5 Coffret INFINITE | M12: 2 | N12: 1050 | O12: 470 | P12: =IF(OR($T12="b4",$T12="b6",$T12="c8",$T12="c11",$T12="c10",$T12="c12",$T12="c14"),1,($M12/($N12))) -> 0.0019047619 | Q12: 0.0069444444 | R12: 0.0069444444 | S12: 1 coffret abimé sur les cotés et 1 coffret décolé | T12: C7 | U12: =+LEFT(T12,1) -> C | V12: =VLOOKUP(T12,Codes!A$9:B$51,2,FALSE) -> produit déchiré, abimé dans l'emballage. | X12: =IF(AND((O12>=2),(O12<=8)),"A",IF(AND((O12>=9),(O12<=15)),"B",IF(AND((O12>=16),(O12<=20)),"C",IF(AND((O12>=21),(O12<=50)),"D",IF(AND((O12>=51),(O12<=90)),"E",IF(AND((O12>=91),(O12<=150)),"F",IF(AND((O12>=151),(O12<=280)),"G"," ")))))))&IF(AND((O12>=281),(O12<=500)),"H",IF(AND((O12>=501),(O12<=1200)),"J",IF(AND((O12>=1201),(O12<=3200)),"K",IF(AND((O12>=3201),(O12<=10000)),"L",IF(AND((O12>=10001),(O12<=35000)),"M",IF(AND((O12>=35001),(O12<=150000)),"N",IF(AND((O12>=150001),(O12<=500000)),"P"," ")))))))&IF(AND(O12>=500001),"Q"," ") -> H | Y12: =IF(X12="M",15) -> FALSE | AA12: 2 | AB12: =IF((AA12)<=2,"faible","fort") -> faible | AC12: =IF((P12)<=3%,"faible","fort") -> faible | AD12: =IF(AND(AB12="Faible",AC12="Faible"),"Faible",IF(AND(AB12="Faible",AC12="Faible"),"Fort",IF(AND(AB12="Faible",AC12="Fort"),"Faible",IF(AND(AB12="Faible",AC12="Fort"),"Fort",IF(AND(AB12="Fort",AC12="Faible"),"Fort",IF(AND(AB12="Fort",AC12="Faible"),"Fort",IF(AND(AB12="Fort",AC12="Fort"),"Fort","Fort"))))))) -> Faible | AE12: =IF(AD12="Faible", "2", IF(AD12="Fort","5")) -> 2 | AF12: =COUNTIF($AG$5:$AG$1048576,AG12) -> 1 | AG12: =CONCATENATE(D12,E12,T12) -> 20141057730C7 | AH12: =IF(AL12<>0,"Action cloturée",IF(AND(J12="HMO",AD12="Faible"),"",IF(AND(J12="HMO",AD12="Fort"),"Informer immédiatement le client pour connaitre la marche à suivre",IF(AND(J12="MO",AD12="Faible"),"",IF(AND(J12="MO",AD12="Fort"),"Tri par agence d'intérim et/ou fournisseur et FDNQ",""))))) -> Action cloturée | AJ12: 41666 | AK12: Conrôle sur étagère, RAS. A surveiller | AL12: 41666 | AM12: =IF(AL12<>0,NETWORKDAYS(B12,AL12),"") -> 6
A13: 9 | B13: 41659 | C13: =MONTH(B13) -> 1 | D13: =YEAR(B13) -> 2014 | E13: 1150634 | F13: 26819 | G13: 27223 | H13: Condt. | I13: NTX | J13: HMO | L13: NTX Welcome Pack Visa Platinum | M13: 1 | N13: 6352 | O13: 2834 | P13: =IF(OR($T13="b4",$T13="b6",$T13="c8",$T13="c11",$T13="c10",$T13="c12",$T13="c14"),1,($M13/($N13))) -> 0.00015743073 | Q13: 0.0069444444 | R13: 0.0069444444 | S13: Coffret écrassé sur le coté. | T13: C7 | U13: =+LEFT(T13,1) -> C | V13: =VLOOKUP(T13,Codes!A$9:B$51,2,FALSE) -> produit déchiré, abimé dans l'emballage. | X13: =IF(AND((O13>=2),(O13<=8)),"A",IF(AND((O13>=9),(O13<=15)),"B",IF(AND((O13>=16),(O13<=20)),"C",IF(AND((O13>=21),(O13<=50)),"D",IF(AND((O13>=51),(O13<=90)),"E",IF(AND((O13>=91),(O13<=150)),"F",IF(AND((O13>=151),(O13<=280)),"G"," ")))))))&IF(AND((O13>=281),(O13<=500)),"H",IF(AND((O13>=501),(O13<=1200)),"J",IF(AND((O13>=1201),(O13<=3200)),"K",IF(AND((O13>=3201),(O13<=10000)),"L",IF(AND((O13>=10001),(O13<=35000)),"M",IF(AND((O13>=35001),(O13<=150000)),"N",IF(AND((O13>=150001),(O13<=500000)),"P"," ")))))))&IF(AND(O13>=500001),"Q"," ") -> K | Y13: =IF(X13="M",15) -> FALSE | AA13: 2 | AB13: =IF((AA13)<=2,"faible","fort") -> faible | AC13: =IF((P13)<=3%,"faible","fort") -> faible | AD13: =IF(AND(AB13="Faible",AC13="Faible"),"Faible",IF(AND(AB13="Faible",AC13="Faible"),"Fort",IF(AND(AB13="Faible",AC13="Fort"),"Faible",IF(AND(AB13="Faible",AC13="Fort"),"Fort",IF(AND(AB13="Fort",AC13="Faible"),"Fort",IF(AND(AB13="Fort",AC13="Faible"),"Fort",IF(AND(AB13="Fort",AC13="Fort"),"Fort","Fort"))))))) -> Faible | AE13: =IF(AD13="Faible", "2", IF(AD13="Fort","5")) -> 2 | AF13: =COUNTIF($AG$5:$AG$1048576,AG13) -> 3 | AG13: =CONCATENATE(D13,E13,T13) -> 20141150634C7 | AH13: =IF(AL13<>0,"Action cloturée",IF(AND(J13="HMO",AD13="Faible"),"",IF(AND(J13="HMO",AD13="Fort"),"Informer immédiatement le client pour connaitre la marche à suivre",IF(AND(J13="MO",AD13="Faible"),"",IF(AND(J13="MO",AD13="Fort"),"Tri par agence d'intérim et/ou fournisseur et FDNQ",""))))) -> Action cloturée | AJ13: 41666 | AK13: Conrôle sur étagère, RAS. A surveiller | AL13: 41666 | AM13: =IF(AL13<>0,NETWORKDAYS(B13,AL13),"") -> 6
A14: 10 | B14: 41661 | C14: =MONTH(B14) -> 1 | D14: =YEAR(B14) -> 2014 | E14: 1058722 | F14: 30282 | G14: 30980 | H14: Condt. | I14: SG | J14: HMO | L14: CSG POCH 1ER CRE 130002-135502 | M14: 720 | N14: 34940 | O14: 30260 | P14: =IF(OR($T14="b4",$T14="b6",$T14="c8",$T14="c11",$T14="c10",$T14="c12",$T14="c14"),1,($M14/($N14))) -> 1 | Q14: 0.0069444444 | R14: 0.020833333 | S14: Les cartons de CVPcré doivent contenir 120pochettes, sauf qu'il n'y en a que 80. du coup nous perdons du temps a recommander | T14: C10 | U14: =+LEFT(T14,1) -> C | V14: =VLOOKUP(T14,Codes!A$9:B$51,2,FALSE) -> Manque tout ou partie des documents. | X14: =IF(AND((O14>=2),(O14<=8)),"A",IF(AND((O14>=9),(O14<=15)),"B",IF(AND((O14>=16),(O14<=20)),"C",IF(AND((O14>=21),(O14<=50)),"D",IF(AND((O14>=51),(O14<=90)),"E",IF(AND((O14>=91),(O14<=150)),"F",IF(AND((O14>=151),(O14<=280)),"G"," ")))))))&IF(AND((O14>=281),(O14<=500)),"H",IF(AND((O14>=501),(O14<=1200)),"J",IF(AND((O14>=1201),(O14<=3200)),"K",IF(AND((O14>=3201),(O14<=10000)),"L",IF(AND((O14>=10001),(O14<=35000)),"M",IF(AND((O14>=35001),(O14<=150000)),"N",IF(AND((O14>=150001),(O14<=500000)),"P"," ")))))))&IF(AND(O14>=500001),"Q"," ") -> M | Y14: =IF(X14="M",15) -> FALSE | AA14: 2 | AB14: =IF((AA14)<=2,"faible","fort") -> faible | AC14: =IF((P14)<=3%,"faible","fort") -> fort | AD14: =IF(AND(AB14="Faible",AC14="Faible"),"Faible",IF(AND(AB14="Faible",AC14="Faible"),"Fort",IF(AND(AB14="Faible",AC14="Fort"),"Faible",IF(AND(AB14="Faible",AC14="Fort"),"Fort",IF(AND(AB14="Fort",AC14="Faible"),"Fort",IF(AND(AB14="Fort",AC14="Faible"),"Fort",IF(AND(AB14="Fort",AC14="Fort"),"Fort","Fort"))))))) -> Faible | AE14: =IF(AD14="Faible", "2", IF(AD14="Fort","5")) -> 2 | AF14: =COUNTIF($AG$5:$AG$1048576,AG14) -> 1 | AG14: =CONCATENATE(D14,E14,T14) -> 20141058722C10 | AH14: =IF(AL14<>0,"Action cloturée",IF(AND(J14="HMO",AD14="Faible"),"",IF(AND(J14="HMO",AD14="Fort"),"Informer immédiatement le client pour connaitre la marche à suivre",IF(AND(J14="MO",AD14="Faible"),"",IF(AND(J14="MO",AD14="Fort"),"Tri par agence d'intérim et/ou fournisseur et FDNQ",""))))) -> Action cloturée | AJ14: 41666 | AK14: contrôle sur étagère. | AL14: 41666 | AM14: =IF(AL14<>0,NETWORKDAYS(B14,AL14),"") -> 4 | AP14: =COUNTIF(#REF!,FALSE) -> #REF! | AQ14: =COUNTIF($AG$5:$AG$1048576,AG14) -> 1
A15: 11 | B15: 41662 | C15: =MONTH(B15) -> 1 | D15: =YEAR(B15) -> 2014 | E15: 1177965 | F15: 28275 | G15: 29601 | H15: Exploit Info | I15: SG | J15: MO | K15: Paragon Transaction | L15: CSG ENC SG | M15: 1000 | N15: 500000 | O15: 145000 | P15: =IF(OR($T15="b4",$T15="b6",$T15="c8",$T15="c11",$T15="c10",$T15="c12",$T15="c14"),1,($M15/($N15))) -> 0.002 | Q15: 0.041666667 | R15: 0.125 | S15: Une ramette sur 4 pose problème sur le visuel. Bande rouge sur le coté gauche sur la longueur. Edition effectuée avec ce problème tri non effectué. | T15: C9 | U15: =+LEFT(T15,1) -> C | V15: =VLOOKUP(T15,Codes!A$9:B$51,2,FALSE) -> Mauvaise impression sur le produit | X15: =IF(AND((O15>=2),(O15<=8)),"A",IF(AND((O15>=9),(O15<=15)),"B",IF(AND((O15>=16),(O15<=20)),"C",IF(AND((O15>=21),(O15<=50)),"D",IF(AND((O15>=51),(O15<=90)),"E",IF(AND((O15>=91),(O15<=150)),"F",IF(AND((O15>=151),(O15<=280)),"G"," ")))))))&IF(AND((O15>=281),(O15<=500)),"H",IF(AND((O15>=501),(O15<=1200)),"J",IF(AND((O15>=1201),(O15<=3200)),"K",IF(AND((O15>=3201),(O15<=10000)),"L",IF(AND((O15>=10001),(O15<=35000)),"M",IF(AND((O15>=35001),(O15<=150000)),"N",IF(AND((O15>=150001),(O15<=500000)),"P"," ")))))))&IF(AND(O15>=500001),"Q"," ") -> N | Y15: =IF(X15="M",15) -> FALSE | AA15: 2 | AB15: =IF((AA15)<=2,"faible","fort") -> faible | AC15: =IF((P15)<=3%,"faible","fort") -> faible | AD15: =IF(AND(AB15="Faible",AC15="Faible"),"Faible",IF(AND(AB15="Faible",AC15="Faible"),"Fort",IF(AND(AB15="Faible",AC15="Fort"),"Faible",IF(AND(AB15="Faible",AC15="Fort"),"Fort",IF(AND(AB15="Fort",AC15="Faible"),"Fort",IF(AND(AB15="Fort",AC15="Faible"),"Fort",IF(AND(AB15="Fort",AC15="Fort"),"Fort","Fort"))))))) -> Faible | AE15: =IF(AD15="Faible", "2", IF(AD15="Fort","5")) -> 2 | AF15: =COUNTIF($AG$5:$AG$1048576,AG15) -> 2 | AG15: =CONCATENATE(D15,E15,T15) -> 20141177965C9 | AH15: =IF(AL15<>0,"Action cloturée",IF(AND(J15="HMO",AD15="Faible"),"",IF(AND(J15="HMO",AD15="Fort"),"Informer immédiatement le client pour connaitre la marche à suivre",IF(AND(J15="MO",AD15="Faible"),"",IF(AND(J15="MO",AD15="Fort"),"Tri par agence d'intérim et/ou fournisseur et FDNQ",""))))) -> Action cloturée | AI15: PQUA14_03 | AJ15: 41662 | AK15: Contact pris avec le commercial et RB pour actioncurative rapide. Envoi FDNQ n) PQUA14-03 le 24/01/14. Attendre la nouvelle livvraison, bloquer celle-ci pour reprise, tri remplacement. | AL15: 41670 | AM15: =IF(AL15<>0,NETWORKDAYS(B15,AL15),"") -> 7 | AP15: =COUNTIF(#REF!,FALSE) -> #REF! | AQ15: =COUNTIF($AG$5:$AG$1048576,AG15) -> 2
A16: 12 | B16: 41663 | C16: =MONTH(B16) -> 1 | D16: =YEAR(B16) -> 2014 | E16: 1058702 | F16: 29432 | G16: 30144 | H16: Condt. | I16: SG | J16: HMO | L16: CSG POCH CB V PAY 130031-135531 | M16: 20 | N16: 6600 | O16: 3300 | P16: =IF(OR($T16="b4",$T16="b6",$T16="c8",$T16="c11",$T16="c10",$T16="c12",$T16="c14"),1,($M16/($N16))) -> 0.003030303 | Q16: 0.0069444444 | R16: 0.0069444444 | S16: Problème pour enlever les languette, donc on déchire la pochette. | T16: B2 | U16: =+LEFT(T16,1) -> B | V16: =VLOOKUP(T16,Codes!A$9:B$51,2,FALSE) -> Produit inadapté au processus | AA16: 1 | AB16: =IF((AA16)<=2,"faible","fort") -> faible | AC16: =IF((P16)<=3%,"faible","fort") -> faible | AD16: =IF(AND(AB16="Faible",AC16="Faible"),"Faible",IF(AND(AB16="Faible",AC16="Faible"),"Fort",IF(AND(AB16="Faible",AC16="Fort"),"Faible",IF(AND(AB16="Faible",AC16="Fort"),"Fort",IF(AND(AB16="Fort",AC16="Faible"),"Fort",IF(AND(AB16="Fort",AC16="Faible"),"Fort",IF(AND(AB16="Fort",AC16="Fort"),"Fort","Fort"))))))) -> Faible | AE16: =IF(AD16="Faible", "2", IF(AD16="Fort","5")) -> 2 | AF16: =COUNTIF($AG$5:$AG$1048576,AG16) -> 1 | AG16: =CONCATENATE(D16,E16,T16) -> 20141058702B2 | AH16: =IF(AL16<>0,"Action cloturée",IF(AND(J16="HMO",AD16="Faible"),"",IF(AND(J16="HMO",AD16="Fort"),"Informer immédiatement le client pour connaitre la marche à suivre",IF(AND(J16="MO",AD16="Faible"),"",IF(AND(J16="MO",AD16="Fort"),"Tri par agence d'intérim et/ou fournisseur et FDNQ",""))))) -> Action cloturée | AJ16: 41666 | AK16: Contrôle sur étagère. RAS a suivre² | AL16: 41666 | AM16: =IF(AL16<>0,NETWORKDAYS(B16,AL16),"") -> 2 | AP16: =COUNTIF(#REF!,FALSE) -> #REF! | AQ16: =COUNTIF($AG$5:$AG$1048576,AG16) -> 1
A17: 13 | B17: 41666 | C17: =MONTH(B17) -> 1 | D17: =YEAR(B17) -> 2014 | E17: 1058088 | F17: 30791 | G17: 31595 | H17: Exploit Info | I17: Diac France | J17: HMO | K17: Imprimerie Jason-TaboureXau | L17: DIAC CONTRAT ENTRETIEN RPE | M17: 150 | N17: 8000 | O17: 4000 | P17: =IF(OR($T17="b4",$T17="b6",$T17="c8",$T17="c11",$T17="c10",$T17="c12",$T17="c14"),1,($M17/($N17))) -> 0.01875 | Q17: 0.020833333 | R17: 0.020833333 | S17: Fond de page NOK, ligne noires au recto | T17: C9 | U17: =+LEFT(T17,1) -> C | V17: =VLOOKUP(T17,Codes!A$9:B$51,2,FALSE) -> Mauvaise impression sur le produit | AA17: 1 | AB17: =IF((AA17)<=2,"faible","fort") -> faible | AC17: =IF((P17)<=3%,"faible","fort") -> faible | AD17: =IF(AND(AB17="Faible",AC17="Faible"),"Faible",IF(AND(AB17="Faible",AC17="Faible"),"Fort",IF(AND(AB17="Faible",AC17="Fort"),"Faible",IF(AND(AB17="Faible",AC17="Fort"),"Fort",IF(AND(AB17="Fort",AC17="Faible"),"Fort",IF(AND(AB17="Fort",AC17="Faible"),"Fort",IF(AND(AB17="Fort",AC17="Fort"),"Fort","Fort"))))))) -> Faible | AE17: =IF(AD17="Faible", "2", IF(AD17="Fort","5")) -> 2 | AF17: =COUNTIF($AG$5:$AG$1048576,AG17) -> 1 | AG17: =CONCATENATE(D17,E17,T17) -> 20141058088C9 | AH17: =IF(AL17<>0,"Action cloturée",IF(AND(E17="HMO",AD29="Faible"),"",IF(AND(J17="HMO",AD29="Fort"),"Informer immédiatement le client pour connaitre la marche à suivre",IF(AND(J17="MO",AD29="Faible"),"",IF(AND(J17="MO",AD29="Fort"),"Tri par agence d'intérim et/ou fournisseur et FDNQ",""))))) -> Action cloturée | AJ17: 41666 | AK17: Contrôle ur place et sur étagère, RAS | AL17: 41666 | AM17: =IF(AL17<>0,NETWORKDAYS(B17,AL17),"") -> 1 | AP17: =COUNTIF(#REF!,FALSE) -> #REF! | AQ17: =COUNTIF($AG$5:$AG$1048576,AG17) -> 1
A18: 14 | B18: 41666 | C18: =MONTH(B18) -> 1 | D18: =YEAR(B18) -> 2014 | E18: 1098711 | F18: 26830 | G18: 27235 | H18: Condt. | I18: Crédipar | J18: HMO | L18: PAR Pochette CITROEN DS | M18: 2 | N18: 3012 | O18: 1601 | P18: =IF(OR($T18="b4",$T18="b6",$T18="c8",$T18="c11",$T18="c10",$T18="c12",$T18="c14"),1,($M18/($N18))) -> 1 | Q18: 0.0069444444 | R18: 0.0069444444 | S18: Manque une partie de la pochette | T18: C10 | U18: =+LEFT(T18,1) -> C | V18: =VLOOKUP(T18,Codes!A$9:B$51,2,FALSE) -> Manque tout ou partie des documents. | AA18: 1 | AB18: =IF((AA18)<=2,"faible","fort") -> faible | AC18: =IF((P18)<=3%,"faible","fort") -> fort | AD18: =IF(AND(AB18="Faible",AC18="Faible"),"Faible",IF(AND(AB18="Faible",AC18="Faible"),"Fort",IF(AND(AB18="Faible",AC18="Fort"),"Faible",IF(AND(AB18="Faible",AC18="Fort"),"Fort",IF(AND(AB18="Fort",AC18="Faible"),"Fort",IF(AND(AB18="Fort",AC18="Faible"),"Fort",IF(AND(AB18="Fort",AC18="Fort"),"Fort","Fort"))))))) -> Faible | AE18: =IF(AD18="Faible", "2", IF(AD18="Fort","5")) -> 2 | AF18: =COUNTIF($AG$5:$AG$1048576,AG18) -> 1 | AG18: =CONCATENATE(D18,E18,T18) -> 20141098711C10 | AH18: =IF(AL18<>0,"Action cloturée",IF(AND(E18="HMO",AD29="Faible"),"",IF(AND(J18="HMO",AD29="Fort"),"Informer immédiatement le client pour connaitre la marche à suivre",IF(AND(J18="MO",AD29="Faible"),"",IF(AND(J18="MO",AD29="Fort"),"Tri par agence d'intérim et/ou fournisseur et FDNQ",""))))) -> Action cloturée | AJ18: 41666 | AK18: Contrôle sur étagère, RAS | AL18: 41666 | AM18: =IF(AL18<>0,NETWORKDAYS(B18,AL18),"") -> 1 | AP18: =COUNTIF(#REF!,FALSE) -> #REF! | AQ18: =COUNTIF($AG$5:$AG$1048576,AG18) -> 1
A19: 15 | B19: 41669 | C19: =MONTH(B19) -> 1 | D19: =YEAR(B19) -> 2014 | E19: 1057846 | F19: 30873 | G19: 31738 | H19: Stock Papier | I19: Oney | J19: HMO | K19: Oney | L19: BQUE ACCORD ENC NORAUTO CRE 300 POINTS | M19: 4000 | N19: 4000 | O19: 4000 | P19: =IF(OR($T19="b4",$T19="b6",$T19="c8",$T19="c11",$T19="c10",$T19="c12",$T19="c14"),1,($M19/($N19))) -> 1 | Q19: 0.010416667 | R19: 0.010416667 | S19: Cartons conditionné en 100 ou 2000 au lieu de 500 | T19: C8 | U19: =+LEFT(T19,1) -> C | V19: =VLOOKUP(T19,Codes!A$9:B$51,2,FALSE) -> Conditionnement inadapté | AA19: 3 | AB19: =IF((AA19)<=2,"faible","fort") -> fort | AC19: =IF((P19)<=3%,"faible","fort") -> fort | AD19: =IF(AND(AB19="Faible",AC19="Faible"),"Faible",IF(AND(AB19="Faible",AC19="Faible"),"Fort",IF(AND(AB19="Faible",AC19="Fort"),"Faible",IF(AND(AB19="Faible",AC19="Fort"),"Fort",IF(AND(AB19="Fort",AC19="Faible"),"Fort",IF(AND(AB19="Fort",AC19="Faible"),"Fort",IF(AND(AB19="Fort",AC19="Fort"),"Fort","Fort"))))))) -> Fort | AE19: =IF(AD19="Faible", "2", IF(AD19="Fort","5")) -> 5 | AF19: =COUNTIF($AG$5:$AG$1048576,AG19) -> 2 | AG19: =CONCATENATE(D19,E19,T19) -> 20141057846C8 | AH19: =IF(AL19<>0,"Action cloturée",IF(AND(E19="HMO",AD29="Faible"),"",IF(AND(J19="HMO",AD29="Fort"),"Informer immédiatement le client pour connaitre la marche à suivre",IF(AND(J19="MO",AD29="Faible"),"",IF(AND(J19="MO",AD29="Fort"),"Tri par agence d'intérim et/ou fournisseur et FDNQ",""))))) -> Action cloturée | AJ19: 41669 | AK19: Demander au service client de voir avec le client afin de régler le problème avec son fournisseur. | AL19: 41698 | AM19: =IF(AL19<>0,NETWORKDAYS(B19,AL19),"") -> 22 | AP19: =COUNTIF(#REF!,FALSE) -> #REF! | AQ19: =COUNTIF($AG$5:$AG$1048576,AG19) -> 2
A20: 16 | B20: 41669 | C20: =MONTH(B20) -> 1 | D20: =YEAR(B20) -> 2014 | E20: 1057847 | F20: 30873 | G20: 31738 | H20: Stock Papier | I20: Oney | J20: HMO | K20: Oney | L20: BQUE ACCORD ENC NORAUTO CRE 300 POINTS | M20: 3000 | N20: 3000 | O20: 3000 | P20: =IF(OR($T20="b4",$T20="b6",$T20="c8",$T20="c11",$T20="c10",$T20="c12",$T20="c14"),1,($M20/($N20))) -> 1 | Q20: 0.010416667 | R20: 0.010416667 | S20: Cartons conditionné en 100 ou 2000 au lieu de 501 | T20: C8 | U20: =+LEFT(T20,1) -> C | V20: =VLOOKUP(T20,Codes!A$9:B$51,2,FALSE) -> Conditionnement inadapté | AA20: 1 | AB20: =IF((AA20)<=2,"faible","fort") -> faible | AC20: =IF((P20)<=3%,"faible","fort") -> fort | AD20: =IF(AND(AB20="Faible",AC20="Faible"),"Faible",IF(AND(AB20="Faible",AC20="Faible"),"Fort",IF(AND(AB20="Faible",AC20="Fort"),"Faible",IF(AND(AB20="Faible",AC20="Fort"),"Fort",IF(AND(AB20="Fort",AC20="Faible"),"Fort",IF(AND(AB20="Fort",AC20="Faible"),"Fort",IF(AND(AB20="Fort",AC20="Fort"),"Fort","Fort"))))))) -> Faible | AE20: =IF(AD20="Faible", "2", IF(AD20="Fort","5")) -> 2 | AF20: =COUNTIF($AG$5:$AG$1048576,AG20) -> 2 | AG20: =CONCATENATE(D20,E20,T20) -> 20141057847C8 | AH20: =IF(AL20<>0,"Action cloturée",IF(AND(E20="HMO",AD29="Faible"),"",IF(AND(J20="HMO",AD29="Fort"),"Informer immédiatement le client pour connaitre la marche à suivre",IF(AND(J20="MO",AD29="Faible"),"",IF(AND(J20="MO",AD29="Fort"),"Tri par agence d'intérim et/ou fournisseur et FDNQ",""))))) -> Action cloturée | AJ20: 41669 | AK20: Demander au service client de voir avec le client afin de régler le problème avec son fournisseur. | AL20: 41698 | AM20: =IF(AL20<>0,NETWORKDAYS(B20,AL20),"") -> 22 | AP20: =COUNTIF(#REF!,FALSE) -> #REF! | AQ20: =COUNTIF($AG$5:$AG$1048576,AG20) -> 2
A21: 17 | B21: 41675 | C21: =MONTH(B21) -> 2 | D21: =YEAR(B21) -> 2014 | E21: 1198332 | F21: 26657 | G21: 27612 | H21: Stock Papier | I21: ASIP | J21: MO | K21: GPV | L21: ASIP ENV ASIP SANTE grande double fenêtre | M21: 45 | N21: 5000 | O21: 0 | P21: =IF(OR($T21="b4",$T21="b6",$T21="c8",$T21="c11",$T21="c10",$T21="c12",$T21="c14"),1,($M21/($N21))) -> 0.009 | Q21: 0.013888889 | R21: 0.020833333 | S21: Un point de colle sur le côté gauche du rabat de l'enveloppe empêche l'ouverture de celle-ci , de plus , plusieurs enveloppe ne sont pas collées sur le côtégauche. | T21: C3 | U21: =+LEFT(T21,1) -> C | V21: =VLOOKUP(T21,Codes!A$9:B$51,2,FALSE) -> Produits collés entre eux | AA21: 1 | AB21: =IF((AA21)<=2,"faible","fort") -> faible | AC21: =IF((P21)<=3%,"faible","fort") -> faible | AD21: =IF(AND(AB21="Faible",AC21="Faible"),"Faible",IF(AND(AB21="Faible",AC21="Faible"),"Fort",IF(AND(AB21="Faible",AC21="Fort"),"Faible",IF(AND(AB21="Faible",AC21="Fort"),"Fort",IF(AND(AB21="Fort",AC21="Faible"),"Fort",IF(AND(AB21="Fort",AC21="Faible"),"Fort",IF(AND(AB21="Fort",AC21="Fort"),"Fort","Fort"))))))) -> Faible | AE21: =IF(AD21="Faible", "2", IF(AD21="Fort","5")) -> 2 | AF21: =COUNTIF($AG$5:$AG$1048576,AG21) -> 1 | AG21: =CONCATENATE(D21,E21,T21) -> 20141198332C3 | AH21: =IF(AL21<>0,"Action cloturée",IF(AND(E21="HMO",AD29="Faible"),"",IF(AND(J21="HMO",AD29="Fort"),"Informer immédiatement le client pour connaitre la marche à suivre",IF(AND(J21="MO",AD29="Faible"),"",IF(AND(J21="MO",AD29="Fort"),"Tri par agence d'intérim et/ou fournisseur et FDNQ",""))))) -> Action cloturée | AJ21: 41675 | AK21: Srock à 0, à contrôler lors de la prochaine réception. | AL21: 41676 | AM21: =IF(AL21<>0,NETWORKDAYS(B21,AL21),"") -> 2 | AP21: =COUNTIF(#REF!,FALSE) -> #REF! | AQ21: =COUNTIF($AG$5:$AG$1048576,AG21) -> 1
A22: 18 | B22: 41674 | C22: =MONTH(B22) -> 2 | D22: =YEAR(B22) -> 2014 | E22: 1233115 | F22: 29610 | G22: 30692 | H22: Mailers | I22: OT | J22: MO | K22: Page internationnale | L22: OT Enveloppe 115x225 F50x100 | M22: 1000 | N22: 500000 | O22: 324000 | P22: =IF(OR($T22="b4",$T22="b6",$T22="c8",$T22="c11",$T22="c10",$T22="c12",$T22="c14"),1,($M22/($N22))) -> 0.002 | Q22: 0.041666667 | R22: 0.041666667 | S22: Enveloppes collées entreelles et ouvertes sur le côté gauche. | T22: B2 | U22: =+LEFT(T22,1) -> B | V22: =VLOOKUP(T22,Codes!A$9:B$51,2,FALSE) -> Produit inadapté au processus | AA22: 1 | AB22: =IF((AA22)<=2,"faible","fort") -> faible | AC22: =IF((P22)<=3%,"faible","fort") -> faible | AD22: =IF(AND(AB22="Faible",AC22="Faible"),"Faible",IF(AND(AB22="Faible",AC22="Faible"),"Fort",IF(AND(AB22="Faible",AC22="Fort"),"Faible",IF(AND(AB22="Faible",AC22="Fort"),"Fort",IF(AND(AB22="Fort",AC22="Faible"),"Fort",IF(AND(AB22="Fort",AC22="Faible"),"Fort",IF(AND(AB22="Fort",AC22="Fort"),"Fort","Fort"))))))) -> Faible | AE22: =IF(AD22="Faible", "2", IF(AD22="Fort","5")) -> 2 | AF22: =COUNTIF($AG$5:$AG$1048576,AG22) -> 1 | AG22: =CONCATENATE(D22,E22,T22) -> 20141233115B2 | AH22: =IF(AL22<>0,"Action cloturée",IF(AND(E22="HMO",AD29="Faible"),"",IF(AND(J22="HMO",AD29="Fort"),"Informer immédiatement le client pour connaitre la marche à suivre",IF(AND(J22="MO",AD29="Faible"),"",IF(AND(J22="MO",AD29="Fort"),"Tri par agence d'intérim et/ou fournisseur et FDNQ",""))))) -> Action cloturée | AI22: ..\5_FDNQ 14\ | AJ22: 41675 | AK22: mise en place d'un contrôlevisuel renforcé en attendant les 1er éléments du fournisseurpour la suite du dossier.(voir FDNQ) | AL22: 41728 | AM22: =IF(AL22<>0,NETWORKDAYS(B22,AL22),"") -> 39 | AP22: =COUNTIF(#REF!,FALSE) -> #REF! | AQ22: =COUNTIF($AG$5:$AG$1048576,AG22) -> 1
A23: 19 | B23: 41676 | C23: =MONTH(B23) -> 2 | D23: =YEAR(B23) -> 2014 | E23: 1124294 | F23: 30983 | G23: 140205 | H23: Stock Papier | I23: Amex | J23: HMO | K23: MSP | L23: AMD ESP-GUI-WP Gold Folder New | M23: 6661 | N23: 6661 | O23: 6661 | P23: =IF(OR($T23="b4",$T23="b6",$T23="c8",$T23="c11",$T23="c10",$T23="c12",$T23="c14"),1,($M23/($N23))) -> 1 | Q23: 0.010416667 | R23: 0.0069444444 | S23: La quantité sur le BL ne corresponds pas à la quantité reçue. | T23: C11 | U23: =+LEFT(T23,1) -> C | V23: =VLOOKUP(T23,Codes!A$9:B$51,2,FALSE) -> Quantité livrée non conforme au document. | AA23: 1 | AB23: =IF((AA23)<=2,"faible","fort") -> faible | AC23: =IF((P23)<=3%,"faible","fort") -> fort | AD23: =IF(AND(AB23="Faible",AC23="Faible"),"Faible",IF(AND(AB23="Faible",AC23="Faible"),"Fort",IF(AND(AB23="Faible",AC23="Fort"),"Faible",IF(AND(AB23="Faible",AC23="Fort"),"Fort",IF(AND(AB23="Fort",AC23="Faible"),"Fort",IF(AND(AB23="Fort",AC23="Faible"),"Fort",IF(AND(AB23="Fort",AC23="Fort"),"Fort","Fort"))))))) -> Faible | AE23: =IF(AD23="Faible", "2", IF(AD23="Fort","5")) -> 2 | AF23: =COUNTIF($AG$5:$AG$1048576,AG23) -> 1 | AG23: =CONCATENATE(D23,E23,T23) -> 20141124294C11 | AH23: =IF(AL23<>0,"Action cloturée",IF(AND(E23="HMO",AD29="Faible"),"",IF(AND(J23="HMO",AD29="Fort"),"Informer immédiatement le client pour connaitre la marche à suivre",IF(AND(J23="MO",AD29="Faible"),"",IF(AND(J23="MO",AD29="Fort"),"Tri par agence d'intérim et/ou fournisseur et FDNQ",""))))) -> Action cloturée | AJ23: 41676 | AK23: Demander au service client de voir avec le client afin de régler le problème avec son fournisseur. | AL23: 41677 | AM23: =IF(AL23<>0,NETWORKDAYS(B23,AL23),"") -> 2 | AP23: =COUNTIF(#REF!,FALSE) -> #REF! | AQ23: =COUNTIF($AG$5:$AG$1048576,AG23) -> 1
A24: 20 | B24: 41677 | C24: =MONTH(B24) -> 2 | D24: =YEAR(B24) -> 2014 | E24: 1150634 | F24: 26817 | G24: 27223 | H24: Condt. | I24: NTX | J24: HMO | L24: NTX Welcome Pack Visa Platinum | M24: 2 | N24: 6352 | O24: 3880 | P24: =IF(OR($T24="b4",$T24="b6",$T24="c8",$T24="c11",$T24="c10",$T24="c12",$T24="c14"),1,($M24/($N24))) -> 0.00031486146 | Q24: 0.0069444444 | R24: 0.0069444444 | S24: Le revêtement du coffret est abîmé. | T24: C7 | U24: =+LEFT(T24,1) -> C | V24: =VLOOKUP(T24,Codes!A$9:B$51,2,FALSE) -> produit déchiré, abimé dans l'emballage. | AA24: 1 | AB24: =IF((AA24)<=2,"faible","fort") -> faible | AC24: =IF((P24)<=3%,"faible","fort") -> faible | AD24: =IF(AND(AB24="Faible",AC24="Faible"),"Faible",IF(AND(AB24="Faible",AC24="Faible"),"Fort",IF(AND(AB24="Faible",AC24="Fort"),"Faible",IF(AND(AB24="Faible",AC24="Fort"),"Fort",IF(AND(AB24="Fort",AC24="Faible"),"Fort",IF(AND(AB24="Fort",AC24="Faible"),"Fort",IF(AND(AB24="Fort",AC24="Fort"),"Fort","Fort"))))))) -> Faible | AE24: =IF(AD24="Faible", "2", IF(AD24="Fort","5")) -> 2 | AF24: =COUNTIF($AG$5:$AG$1048576,AG24) -> 3 | AG24: =CONCATENATE(D24,E24,T24) -> 20141150634C7 | AH24: =IF(AL24<>0,"Action cloturée",IF(AND(E24="HMO",AD29="Faible"),"",IF(AND(J24="HMO",AD29="Fort"),"Informer immédiatement le client pour connaitre la marche à suivre",IF(AND(J24="MO",AD29="Faible"),"",IF(AND(J24="MO",AD29="Fort"),"Tri par agence d'intérim et/ou fournisseur et FDNQ",""))))) -> Action cloturée | AJ24: 07/02/ | AK24: Contrôle sur étagère RAS | AL24: 41677 | AM24: =IF(AL24<>0,NETWORKDAYS(B24,AL24),"") -> 1 | AP24: =COUNTIF(#REF!,FALSE) -> #REF! | AQ24: =COUNTIF($AG$5:$AG$1048576,AG24) -> 3
A25: 21 | B25: 41676 | C25: =MONTH(B25) -> 2 | D25: =YEAR(B25) -> 2014 | E25: 1133365 | F25: 30986 | G25: 140206 | H25: Stock Papier | I25: Banque Sofinco | J25: HMO | L25: SO1 Condition générale carte Darty | M25: 180000 | N25: 180000 | O25: 180000 | P25: =IF(OR($T25="b4",$T25="b6",$T25="c8",$T25="c11",$T25="c10",$T25="c12",$T25="c14"),1,($M25/($N25))) -> 1 | Q25: 0.041666667 | R25: 0.0069444444 | S25: Les palettes ne sont pas conforme aux cahier des charges, 700 x 1000 | T25: C8 | U25: =+LEFT(T25,1) -> C | V25: =VLOOKUP(T25,Codes!A$9:B$51,2,FALSE) -> Conditionnement inadapté | AA25: 1 | AB25: =IF((AA25)<=2,"faible","fort") -> faible | AC25: =IF((P25)<=3%,"faible","fort") -> fort | AD25: =IF(AND(AB25="Faible",AC25="Faible"),"Faible",IF(AND(AB25="Faible",AC25="Faible"),"Fort",IF(AND(AB25="Faible",AC25="Fort"),"Faible",IF(AND(AB25="Faible",AC25="Fort"),"Fort",IF(AND(AB25="Fort",AC25="Faible"),"Fort",IF(AND(AB25="Fort",AC25="Faible"),"Fort",IF(AND(AB25="Fort",AC25="Fort"),"Fort","Fort"))))))) -> Faible | AE25: =IF(AD25="Faible", "2", IF(AD25="Fort","5")) -> 2 | AF25: =COUNTIF($AG$5:$AG$1048576,AG25) -> 1 | AG25: =CONCATENATE(D25,E25,T25) -> 20141133365C8 | AH25: =IF(AL25<>0,"Action cloturée",IF(AND(E25="HMO",AD29="Faible"),"",IF(AND(J25="HMO",AD29="Fort"),"Informer immédiatement le client pour connaitre la marche à suivre",IF(AND(J25="MO",AD29="Faible"),"",IF(AND(J25="MO",AD29="Fort"),"Tri par agence d'intérim et/ou fournisseur et FDNQ",""))))) -> Action cloturée | AJ25: 41677 | AK25: Information du service client, pour qu'il prennent contact | AL25: 41677 | AM25: =IF(AL25<>0,NETWORKDAYS(B25,AL25),"") -> 2 | AP25: =COUNTIF(#REF!,FALSE) -> #REF! | AQ25: =COUNTIF($AG$5:$AG$1048576,AG25) -> 1
A26: 22 | B26: 41677 | C26: =MONTH(B26) -> 2 | D26: =YEAR(B26) -> 2014 | E26: 1058038 | F26: 21867 | G26: 131014 | H26: Mailers | I26: Cetelem | J26: HMO | L26: CTF COMMUN ENV 1/3 EUROPEEN | M26: 1000 | N26: 210000 | O26: 208000 | P26: =IF(OR($T26="b4",$T26="b6",$T26="c8",$T26="c11",$T26="c10",$T26="c12",$T26="c14"),1,($M26/($N26))) -> 0.0047619048 | Q26: 0.010416667 | R26: 0.034722222 | S26: Carton endommagé | T26: C7 | U26: =+LEFT(T26,1) -> C | V26: =VLOOKUP(T26,Codes!A$9:B$51,2,FALSE) -> produit déchiré, abimé dans l'emballage. | AA26: 1 | AB26: =IF((AA26)<=2,"faible","fort") -> faible | AC26: =IF((P26)<=3%,"faible","fort") -> faible | AD26: =IF(AND(AB26="Faible",AC26="Faible"),"Faible",IF(AND(AB26="Faible",AC26="Faible"),"Fort",IF(AND(AB26="Faible",AC26="Fort"),"Faible",IF(AND(AB26="Faible",AC26="Fort"),"Fort",IF(AND(AB26="Fort",AC26="Faible"),"Fort",IF(AND(AB26="Fort",AC26="Faible"),"Fort",IF(AND(AB26="Fort",AC26="Fort"),"Fort","Fort"))))))) -> Faible | AE26: =IF(AD26="Faible", "2", IF(AD26="Fort","5")) -> 2 | AF26: =COUNTIF($AG$5:$AG$1048576,AG26) -> 1 | AG26: =CONCATENATE(D26,E26,T26) -> 20141058038C7 | AH26: =IF(AL26<>0,"Action cloturée",IF(AND(E26="HMO",AD29="Faible"),"",IF(AND(J26="HMO",AD29="Fort"),"Informer immédiatement le client pour connaitre la marche à suivre",IF(AND(J26="MO",AD29="Faible"),"",IF(AND(J26="MO",AD29="Fort"),"Tri par agence d'intérim et/ou fournisseur et FDNQ",""))))) -> Action cloturée | AI26: R:\Qualité\CI 12-2014 | AJ26: 41680 | AK26: Contrôle sur étagère, resembilisation des personnes sur le sujets | AL26: 41683 | AM26: =IF(AL26<>0,NETWORKDAYS(B26,AL26),"") -> 5 | AP26: =COUNTIF(#REF!,FALSE) -> #REF! | AQ26: =COUNTIF($AG$5:$AG$1048576,AG26) -> 1
A27: 23 | B27: 41677 | C27: =MONTH(B27) -> 2 | D27: =YEAR(B27) -> 2014 | E27: 1058481 | F27: 29197 | G27: 131211 | H27: Mailers | I27: OT | J27: MO | K27: GPV | L27: OT ENV 115*225 F45*100 | M27: 1000 | N27: 994000 | O27: 88000 | P27: =IF(OR($T27="b4",$T27="b6",$T27="c8",$T27="c11",$T27="c10",$T27="c12",$T27="c14"),1,($M27/($N27))) -> 0.0010060362 | Q27: 0.010416667 | R27: 0.034722222 | S27: Carton endommagé | T27: C7 | U27: =+LEFT(T27,1) -> C | V27: =VLOOKUP(T27,Codes!A$9:B$51,2,FALSE) -> produit déchiré, abimé dans l'emballage. | AA27: 2 | AB27: =IF((AA27)<=2,"faible","fort") -> faible | AC27: =IF((P27)<=3%,"faible","fort") -> faible | AD27: =IF(AND(AB27="Faible",AC27="Faible"),"Faible",IF(AND(AB27="Faible",AC27="Faible"),"Fort",IF(AND(AB27="Faible",AC27="Fort"),"Faible",IF(AND(AB27="Faible",AC27="Fort"),"Fort",IF(AND(AB27="Fort",AC27="Faible"),"Fort",IF(AND(AB27="Fort",AC27="Faible"),"Fort",IF(AND(AB27="Fort",AC27="Fort"),"Fort","Fort"))))))) -> Faible | AE27: =IF(AD27="Faible", "2", IF(AD27="Fort","5")) -> 2 | AF27: =COUNTIF($AG$5:$AG$1048576,AG27) -> 1 | AG27: =CONCATENATE(D27,E27,T27) -> 20141058481C7 | AH27: =IF(AL27<>0,"Action cloturée",IF(AND(E27="HMO",AD29="Faible"),"",IF(AND(J27="HMO",AD29="Fort"),"Informer immédiatement le client pour connaitre la marche à suivre",IF(AND(J27="MO",AD29="Faible"),"",IF(AND(J27="MO",AD29="Fort"),"Tri par agence d'intérim et/ou fournisseur et FDNQ",""))))) -> Action cloturée | AI27: R:\Qualité\CI 12-2014 | AJ27: 41680 | AK27: Contrôle sur étagère, resembilisation des personnes sur le sujets | AL27: 41683 | AM27: =IF(AL27<>0,NETWORKDAYS(B27,AL27),"") -> 5 | AP27: =COUNTIF(#REF!,FALSE) -> #REF! | AQ27: =COUNTIF($AG$5:$AG$1048576,AG27) -> 1 | AR27: =IF(COUNTIF(U27,"*C*"),"2","") -> 2
A28: 24 | B28: 41682 | C28: =MONTH(B28) -> 2 | D28: =YEAR(B28) -> 2014 | E28: 1058722 | F28: 30282 | G28: 30980 | H28: Condt. | I28: SG | J28: HMO | L28: CSG POCH 1ER CRE 130002-135502 | M28: 40 | N28: 34940 | O28: 21140 | P28: =IF(OR($T28="b4",$T28="b6",$T28="c8",$T28="c11",$T28="c10",$T28="c12",$T28="c14"),1,($M28/($N28))) -> 1 | Q28: 0.0069444444 | R28: 0.03125 | S28: Manque 40 pochettesdans le carton | T28: C11 | U28: =+LEFT(T28,1) -> C | V28: =VLOOKUP(T28,Codes!A$9:B$51,2,FALSE) -> Quantité livrée non conforme au document. | AB28: =IF((AA28)<=2,"faible","fort") -> faible | AC28: =IF((P28)<=3%,"faible","fort") -> fort | AD28: =IF(AND(AB28="Faible",AC28="Faible"),"Faible",IF(AND(AB28="Faible",AC28="Faible"),"Fort",IF(AND(AB28="Faible",AC28="Fort"),"Faible",IF(AND(AB28="Faible",AC28="Fort"),"Fort",IF(AND(AB28="Fort",AC28="Faible"),"Fort",IF(AND(AB28="Fort",AC28="Faible"),"Fort",IF(AND(AB28="Fort",AC28="Fort"),"Fort","Fort"))))))) -> Faible | AE28: =IF(AD28="Faible", "2", IF(AD28="Fort","5")) -> 2 | AF28: =COUNTIF($AG$5:$AG$1048576,AG28) -> 2 | AG28: =CONCATENATE(D28,E28,T28) -> 20141058722C11 | AH28: =IF(AL28<>0,"Action cloturée",IF(AND(E28="HMO",AD29="Faible"),"",IF(AND(J28="HMO",AD29="Fort"),"Informer immédiatement le client pour connaitre la marche à suivre",IF(AND(J28="MO",AD29="Faible"),"",IF(AND(J28="MO",AD29="Fort"),"Tri par agence d'intérim et/ou fournisseur et FDNQ",""))))) -> Action cloturée | AJ28: 41682 | AK28: Contrôle sur étagère , sensibilisation du fournisseur | AL28: 41683 | AM28: =IF(AL28<>0,NETWORKDAYS(B28,AL28),"") -> 2 | AP28: =COUNTIF(#REF!,FALSE) -> #REF! | AQ28: =COUNTIF($AG$5:$AG$1048576,AG28) -> 2
A29: 25 | B29: 41682 | C29: =MONTH(B29) -> 2 | D29: =YEAR(B29) -> 2014 | E29: 1058044 | F29: 31167 | G29: 33305 | H29: Stock Papier | I29: Cetelem | J29: HMO | L29: CTF ENC AXA LARG | M29: 3000 | N29: 3000 | O29: 3000 | P29: =IF(OR($T29="b4",$T29="b6",$T29="c8",$T29="c11",$T29="c10",$T29="c12",$T29="c14"),1,($M29/($N29))) -> 1 | Q29: 0.0069444444 | R29: 0.0069444444 | S29: Les encarts sont conditionnés en cartons de 1000 au lieu d'être en ramette de 500 | T29: C8 | U29: =+LEFT(T29,1) -> C | V29: =VLOOKUP(T29,Codes!A$9:B$51,2,FALSE) -> Conditionnement inadapté | AB29: =IF((AA29)<=2,"faible","fort") -> faible | AC29: =IF((P29)<=3%,"faible","fort") -> fort | AD29: =IF(AND(AB29="Faible",AC29="Faible"),"Faible",IF(AND(AB29="Faible",AC29="Faible"),"Fort",IF(AND(AB29="Faible",AC29="Fort"),"Faible",IF(AND(AB29="Faible",AC29="Fort"),"Fort",IF(AND(AB29="Fort",AC29="Faible"),"Fort",IF(AND(AB29="Fort",AC29="Faible"),"Fort",IF(AND(AB29="Fort",AC29="Fort"),"Fort","Fort"))))))) -> Faible | AE29: =IF(AD29="Faible", "2", IF(AD29="Fort","5")) -> 2 | AF29: =COUNTIF($AG$5:$AG$1048576,AG29) -> 1 | AG29: =CONCATENATE(D29,E29,T29) -> 20141058044C8 | AH29: =IF(AL29<>0,"Action cloturée",IF(AND(E29="HMO",AD29="Faible"),"",IF(AND(J29="HMO",AD29="Fort"),"Informer immédiatement le client pour connaitre la marche à suivre",IF(AND(J29="MO",AD29="Faible"),"",IF(AND(J29="MO",AD29="Fort"),"Tri par agence d'intérim et/ou fournisseur et FDNQ",""))))) -> Action cloturée | AJ29: 41682 | AK29: Information du service client, pour qu'il prennent contact | AL29: 41771 | AM29: =IF(AL29<>0,NETWORKDAYS(B29,AL29),"") -> 64 | AP29: =COUNTIF(#REF!,FALSE) -> #REF! | AQ29: =COUNTIF($AG$5:$AG$1048576,AG29) -> 1
A30: 26 | B30: 41687 | C30: =MONTH(B30) -> 2 | D30: =YEAR(B30) -> 2014 | E30: 1058024 | F30: 21272 | G30: 32105 | H30: Stock Papier | I30: Cetelem | J30: HMO | L30: CTF Encart But Fidem | M30: 30000 | N30: 30000 | O30: 30000 | P30: =IF(OR($T30="b4",$T30="b6",$T30="c8",$T30="c11",$T30="c10",$T30="c12",$T30="c14"),1,($M30/($N30))) -> 1 | Q30: 0.0069444444 | R30: 0.0069444444 | S30: Les encarts sont conditionnés en cartons de 1000 au lieu d'être en ramette de 500 | T30: C8 | U30: =+LEFT(T30,1) -> C | V30: =VLOOKUP(T30,Codes!A$9:B$51,2,FALSE) -> Conditionnement inadapté | AB30: =IF((AA30)<=2,"faible","fort") -> faible | AC30: =IF((P30)<=3%,"faible","fort") -> fort | AD30: =IF(AND(AB30="Faible",AC30="Faible"),"Faible",IF(AND(AB30="Faible",AC30="Faible"),"Fort",IF(AND(AB30="Faible",AC30="Fort"),"Faible",IF(AND(AB30="Faible",AC30="Fort"),"Fort",IF(AND(AB30="Fort",AC30="Faible"),"Fort",IF(AND(AB30="Fort",AC30="Faible"),"Fort",IF(AND(AB30="Fort",AC30="Fort"),"Fort","Fort"))))))) -> Faible | AE30: =IF(AD30="Faible", "2", IF(AD30="Fort","5")) -> 2 | AF30: =COUNTIF($AG$5:$AG$1048576,AG30) -> 1 | AG30: =CONCATENATE(D30,E30,T30) -> 20141058024C8 | AH30: =IF(AL30<>0,"Action cloturée",IF(AND(E30="HMO",AD30="Faible"),"",IF(AND(J30="HMO",AD30="Fort"),"Informer immédiatement le client pour connaitre la marche à suivre",IF(AND(J30="MO",AD30="Faible"),"",IF(AND(J30="MO",AD30="Fort"),"Tri par agence d'intérim et/ou fournisseur et FDNQ",""))))) -> Action cloturée | AJ30: 41691 | AK30: Information du service client, pour qu'il prennent contact | AL30: 41692 | AM30: =IF(AL30<>0,NETWORKDAYS(B30,AL30),"") -> 5 | AP30: =COUNTIF(#REF!,FALSE) -> #REF! | AQ30: =COUNTIF($AG$5:$AG$1048576,AG30) -> 1
A31: 27 | B31: 41690 | C31: =MONTH(B31) -> 2 | D31: =YEAR(B31) -> 2014 | E31: 1058556 | F31: 29560 | G31: 31244 | H31: Condt. | I31: OT | J31: MO | K31: GPV | L31: OT PLASTIPOST PF 175*320+50 | M31: 500 | N31: 150000 | O31: 59500 | P31: =IF(OR($T31="b4",$T31="b6",$T31="c8",$T31="c11",$T31="c10",$T31="c12",$T31="c14"),1,($M31/($N31))) -> 0.0033333333 | Q31: 0.020833333 | R31: 0.010416667 | S31: Il y a des résidus de colle important sur les bande de protection, ce qui provaoque des trace importante sur les doigts des opoératrices ainsi que sur les tables de travail. | T31: C3 | U31: =+LEFT(T31,1) -> C | V31: =VLOOKUP(T31,Codes!A$9:B$51,2,FALSE) -> Produits collés entre eux | AA31: 1 | AB31: =IF((AA31)<=2,"faible","fort") -> faible | AC31: =IF((P31)<=3%,"faible","fort") -> faible | AD31: =IF(AND(AB31="Faible",AC31="Faible"),"Faible",IF(AND(AB31="Faible",AC31="Faible"),"Fort",IF(AND(AB31="Faible",AC31="Fort"),"Faible",IF(AND(AB31="Faible",AC31="Fort"),"Fort",IF(AND(AB31="Fort",AC31="Faible"),"Fort",IF(AND(AB31="Fort",AC31="Faible"),"Fort",IF(AND(AB31="Fort",AC31="Fort"),"Fort","Fort"))))))) -> Faible | AE31: =IF(AD31="Faible", "2", IF(AD31="Fort","5")) -> 2 | AF31: =COUNTIF($AG$5:$AG$1048576,AG31) -> 2 | AG31: =CONCATENATE(D31,E31,T31) -> 20141058556C3 | AH31: =IF(AL31<>0,"Action cloturée",IF(AND(E31="HMO",AD31="Faible"),"",IF(AND(J31="HMO",AD31="Fort"),"Informer immédiatement le client pour connaitre la marche à suivre",IF(AND(J31="MO",AD31="Faible"),"",IF(AND(J31="MO",AD31="Fort"),"Tri par agence d'intérim et/ou fournisseur et FDNQ",""))))) -> Action cloturée | AJ31: 41691 | AK31: information du fournisseur via le service achat | AL31: 41692 | AM31: =IF(AL31<>0,NETWORKDAYS(B31,AL31),"") -> 2 | AP31: =COUNTIF(#REF!,FALSE) -> #REF! | AQ31: =COUNTIF($AG$5:$AG$1048576,AG31) -> 2
A32: 28 | B32: 41684 | C32: =MONTH(B32) -> 2 | D32: =YEAR(B32) -> 2014 | E32: 1058722 | F32: 30282 | G32: 30980 | H32: Condt. | I32: SG | J32: HMO | L32: CSG POCH 1ER CRE 130002-135502 | M32: 120 | N32: 34940 | O32: 14900 | P32: =IF(OR($T32="b4",$T32="b6",$T32="c8",$T32="c11",$T32="c10",$T32="c12",$T32="c14"),1,($M32/($N32/100))) -> 1 | Q32: 0.010416667 | R32: 0.010416667 | S32: Manque 40 pochettesdans le carton | T32: C11 | U32: =+LEFT(T32,1) -> C | V32: =VLOOKUP(T32,Codes!A$9:B$51,2,FALSE) -> Quantité livrée non conforme au document. | AB32: =IF((AA32)<=2,"faible","fort") -> faible | AC32: =IF((P32)<=3,"faible","fort") -> faible | AD32: =IF(AND(AB32="Faible",AC32="Faible"),"Faible",IF(AND(AB32="Faible",AC32="Faible"),"Fort",IF(AND(AB32="Faible",AC32="Fort"),"Faible",IF(AND(AB32="Faible",AC32="Fort"),"Fort",IF(AND(AB32="Fort",AC32="Faible"),"Fort",IF(AND(AB32="Fort",AC32="Faible"),"Fort",IF(AND(AB32="Fort",AC32="Fort"),"Fort","Fort"))))))) -> Faible | AE32: =IF(AD32="Faible", "2", IF(AD32="Fort","5")) -> 2 | AF32: =COUNTIF($AG$5:$AG$1048576,AG32) -> 2 | AG32: =CONCATENATE(D32,E32,T32) -> 20141058722C11 | AH32: =IF(AL32<>0,"Action cloturée",IF(AND(E32="HMO",AD32="Faible"),"",IF(AND(J32="HMO",AD32="Fort"),"Informer immédiatement le client pour connaitre la marche à suivre",IF(AND(J32="MO",AD32="Faible"),"",IF(AND(J32="MO",AD32="Fort"),"Tri par agence d'intérim et/ou fournisseur et FDNQ",""))))) -> Action cloturée | AJ32: 41684 | AK32: nformation du fournisseur via le service achat. Point qualité avec la chargée d'affaire le 25/02/2014. | AL32: 41711 | AM32: =IF(AL32<>0,NETWORKDAYS(B32,AL32),"") -> 20 | AP32: =COUNTIF(#REF!,FALSE) -> #REF! | AQ32: =COUNTIF($AG$5:$AG$1048576,AG32) -> 2
A33: 29 | B33: 41691 | C33: =MONTH(B33) -> 2 | D33: =YEAR(B33) -> 2014 | E33: 1058225 | F33: 30901 | G33: 32240 | H33: Exploit Info | I33: ASIP | J33: MO | K33: Imprimerie Gresset | L33: ASIP ENC ASIP SANTE | M33: 200 | N33: 15000 | O33: 0 | P33: =IF(OR($T33="b4",$T33="b6",$T33="c8",$T33="c11",$T33="c10",$T33="c12",$T33="c14"),1,($M33/($N33/100))) -> 1.3333333 | Q33: 0.020833333 | R33: 0.010416667 | S33: Encre pas aaseX sèche, se dépose sur les tambours des machines et laisse des traces lors des éditions.(VP110) idem sur la 5115. | T33: B2 | U33: =+LEFT(T33,1) -> B | V33: =VLOOKUP(T33,Codes!A$9:B$51,2,FALSE) -> Produit inadapté au processus | AB33: =IF((AA33)<=2,"faible","fort") -> faible | AC33: =IF((P33)<=3,"faible","fort") -> faible | AD33: =IF(AND(AB33="Faible",AC33="Faible"),"Faible",IF(AND(AB33="Faible",AC33="Faible"),"Fort",IF(AND(AB33="Faible",AC33="Fort"),"Faible",IF(AND(AB33="Faible",AC33="Fort"),"Fort",IF(AND(AB33="Fort",AC33="Faible"),"Fort",IF(AND(AB33="Fort",AC33="Faible"),"Fort",IF(AND(AB33="Fort",AC33="Fort"),"Fort","Fort"))))))) -> Faible | AE33: =IF(AD33="Faible", "2", IF(AD33="Fort","5")) -> 2 | AF33: =COUNTIF($AG$5:$AG$1048576,AG33) -> 2 | AG33: =CONCATENATE(D33,E33,T33) -> 20141058225B2 | AH33: =IF(AL33<>0,"Action cloturée",IF(AND(E33="HMO",AD33="Faible"),"",IF(AND(J33="HMO",AD33="Fort"),"Informer immédiatement le client pour connaitre la marche à suivre",IF(AND(J33="MO",AD33="Faible"),"",IF(AND(J33="MO",AD33="Fort"),"Tri par agence d'intérim et/ou fournisseur et FDNQ",""))))) -> Action cloturée | AJ33: 41691 | AK33: Après nettoyage de la machine les encarts ont été édités sur la 5115 sans problème. (Confirmé au téléphone par Julien le 24/02/14). | AL33: 41694 | AM33: =IF(AL33<>0,NETWORKDAYS(B33,AL33),"") -> 2 | AP33: =COUNTIF(#REF!,FALSE) -> #REF! | AQ33: =COUNTIF($AG$5:$AG$1048576,AG33) -> 2
A34: 30 | B34: 41694 | C34: =MONTH(B34) -> 2 | D34: =YEAR(B34) -> 2014 | E34: 1058696 | F34: 29595 | G34: 31764 | H34: Mailers | I34: SG | J34: MO | K34: Paragon Transaction | L34: CSG PLIS SCELLES CSG | M34: 2500 | N34: 74000 | O34: 34000 | P34: =IF(OR($T34="b4",$T34="b6",$T34="c8",$T34="c11",$T34="c10",$T34="c12",$T34="c14"),1,($M34/($N34/100))) -> 3.3783784 | Q34: 0.25 | R34: 0.076388889 | S34: manque de colle: la colle déposé est trop faible pour permettre un scellage correct. | T34: A1 | U34: =+LEFT(T34,1) -> A | V34: =VLOOKUP(T34,Codes!A$9:B$51,2,FALSE) -> Absence ou manque de colle sur le produit | AB34: =IF((AA34)<=2,"faible","fort") -> faible | AC34: =IF((P34)<=3,"faible","fort") -> fort | AD34: =IF(AND(AB34="Faible",AC34="Faible"),"Faible",IF(AND(AB34="Faible",AC34="Faible"),"Fort",IF(AND(AB34="Faible",AC34="Fort"),"Faible",IF(AND(AB34="Faible",AC34="Fort"),"Fort",IF(AND(AB34="Fort",AC34="Faible"),"Fort",IF(AND(AB34="Fort",AC34="Faible"),"Fort",IF(AND(AB34="Fort",AC34="Fort"),"Fort","Fort"))))))) -> Faible | AE34: =IF(AD34="Faible", "2", IF(AD34="Fort","5")) -> 2 | AF34: =COUNTIF($AG$5:$AG$1048576,AG34) -> 1 | AG34: =CONCATENATE(D34,E34,T34) -> 20141058696A1 | AH34: =IF(AL34<>0,"Action cloturée",IF(AND(E34="HMO",AD34="Faible"),"",IF(AND(J34="HMO",AD34="Fort"),"Informer immédiatement le client pour connaitre la marche à suivre",IF(AND(J34="MO",AD34="Faible"),"",IF(AND(J34="MO",AD34="Fort"),"Tri par agence d'intérim et/ou fournisseur et FDNQ",""))))) -> Action cloturée | AJ34: 41694 | AK34: Contrôle sur étagère. Manque de colle sur les plis scellés, reMOnté de l'info vers JLF pour FDNQ. Lot bloqué. Utilisation de la nouvelle livraison.Ok sur les cartons contrôlés. | AL34: 41722 | AM34: =IF(AL34<>0,NETWORKDAYS(B34,AL34),"") -> 21 | AP34: =COUNTIF(#REF!,FALSE) -> #REF! | AQ34: =COUNTIF($AG$5:$AG$1048576,AG34) -> 1
A35: 31 | B35: 41694 | C35: =MONTH(B35) -> 2 | D35: =YEAR(B35) -> 2014 | E35: 1181380 | F35: 26791 | G35: 131128 | H35: Stock Papier | I35: Vitale | J35: MO | K35: OTF | L35: VIT ENCART RSI CEAM | M35: 1500 | N35: 34500 | O35: 1500 | P35: =IF(OR($T35="b4",$T35="b6",$T35="c8",$T35="c11",$T35="c10",$T35="c12",$T35="c14"),1,($M35/($N35/100))) -> 4.3478261 | Q35: 0.0069444444 | R35: 0.020833333 | S35: Produit en ramettes mal tassé et corné suite à un mauvais condtionnement ou à une chute pendant le transport. | T35: C2 | U35: =+LEFT(T35,1) -> C | V35: =VLOOKUP(T35,Codes!A$9:B$51,2,FALSE) -> Les documents d'accompagnement sont déformés | AB35: =IF((AA35)<=2,"faible","fort") -> faible | AC35: =IF((P35)<=3,"faible","fort") -> fort | AD35: =IF(AND(AB35="Faible",AC35="Faible"),"Faible",IF(AND(AB35="Faible",AC35="Faible"),"Fort",IF(AND(AB35="Faible",AC35="Fort"),"Faible",IF(AND(AB35="Faible",AC35="Fort"),"Fort",IF(AND(AB35="Fort",AC35="Faible"),"Fort",IF(AND(AB35="Fort",AC35="Faible"),"Fort",IF(AND(AB35="Fort",AC35="Fort"),"Fort","Fort"))))))) -> Faible | AE35: =IF(AD35="Faible", "2", IF(AD35="Fort","5")) -> 2 | AF35: =COUNTIF($AG$5:$AG$1048576,AG35) -> 1 | AG35: =CONCATENATE(D35,E35,T35) -> 20141181380C2 | AH35: =IF(AL35<>0,"Action cloturée",IF(AND(E35="HMO",AD35="Faible"),"",IF(AND(J35="HMO",AD35="Fort"),"Informer immédiatement le client pour connaitre la marche à suivre",IF(AND(J35="MO",AD35="Faible"),"",IF(AND(J35="MO",AD35="Fort"),"Tri par agence d'intérim et/ou fournisseur et FDNQ",""))))) -> Action cloturée | AJ35: 41694 | AK35: Les encarts ont été abimés dans le transport. Le conditionnement n'est pas asseX solide et a été choqué. Conditionnement pas asseXs solide , qui a été choqué dans le transport (carton extérieur en bonétat,les coins de feuilles sont cornés, pliés et peuvent provquer des bourrage machine. le solde du lot est bloqué. utilisation du lot: 140217 qui ne présente pas de défaut. | AL35: 41722 | AM35: =IF(AL35<>0,NETWORKDAYS(B35,AL35),"") -> 21 | AP35: =COUNTIF(#REF!,FALSE) -> #REF! | AQ35: =COUNTIF($AG$5:$AG$1048576,AG35) -> 1
A36: 32 | B36: 41696 | C36: =MONTH(B36) -> 2 | D36: =YEAR(B36) -> 2014 | E36: 1058039 | F36: 29767 | G36: 30505 | H36: Condt. | I36: Cetelem | J36: HMO | L36: CTF CONFORAMA BRO ACCEUIL | M36: 50 | N36: 99750 | O36: 62100 | P36: =IF(OR($T36="b4",$T36="b6",$T36="c8",$T36="c11",$T36="c10",$T36="c12",$T36="c14"),1,($M36/($N36/100))) -> 1 | Q36: 0.0069444444 | R36: 0.0069444444 | S36: Réceptionde nouvelle commande. Les guides ne sont plus conditionnés comme avant. Ils sont en quinconces par paquet. Donc perte de temps en passage machine pour le remettre dans le même sens | T36: C8 | U36: =+LEFT(T36,1) -> C | V36: =VLOOKUP(T36,Codes!A$9:B$51,2,FALSE) -> Conditionnement inadapté | AB36: =IF((AA36)<=2,"faible","fort") -> faible | AC36: =IF((P36)<=3,"faible","fort") -> faible | AD36: =IF(AND(AB36="Faible",AC36="Faible"),"Faible",IF(AND(AB36="Faible",AC36="Faible"),"Fort",IF(AND(AB36="Faible",AC36="Fort"),"Faible",IF(AND(AB36="Faible",AC36="Fort"),"Fort",IF(AND(AB36="Fort",AC36="Faible"),"Fort",IF(AND(AB36="Fort",AC36="Faible"),"Fort",IF(AND(AB36="Fort",AC36="Fort"),"Fort","Fort"))))))) -> Faible | AE36: =IF(AD36="Faible", "2", IF(AD36="Fort","5")) -> 2 | AF36: =COUNTIF($AG$5:$AG$1048576,AG36) -> 2 | AG36: =CONCATENATE(D36,E36,T36) -> 20141058039C8 | AH36: =IF(AL36<>0,"Action cloturée",IF(AND(E36="HMO",AD36="Faible"),"",IF(AND(J36="HMO",AD36="Fort"),"Informer immédiatement le client pour connaitre la marche à suivre",IF(AND(J36="MO",AD36="Faible"),"",IF(AND(J36="MO",AD36="Fort"),"Tri par agence d'intérim et/ou fournisseur et FDNQ",""))))) -> Action cloturée | AJ36: 41697 | AK36: Conditionnement permettant une MOindre déformation des documents. | AL36: 41697 | AM36: =IF(AL36<>0,NETWORKDAYS(B36,AL36),"") -> 2 | AP36: =COUNTIF(#REF!,FALSE) -> #REF! | AQ36: =COUNTIF($AG$5:$AG$1048576,AG36) -> 2
A37: 33 | B37: 41691 | C37: =MONTH(B37) -> 2 | D37: =YEAR(B37) -> 2014 | E37: 1125016 1125018 | F37: 30944 30942 | G37: 32241 32242 | H37: Stock Papier | I37: LBP | J37: MO | K37: Ediis | L37: BPO CONDITIONS GENERALES WU BPO DEPLIANT WU | M37: 30000 | N37: 30000 | O37: 30000 | P37: =IF(OR($T37="b4",$T37="b6",$T37="c8",$T37="c11",$T37="c10",$T37="c12",$T37="c14"),1,($M37/($N37/100))) -> 1 | Q37: 0.0069444444 | R37: 0.0069444444 | S37: Un seul bon de livraison pour la livraison de 2 produit | T37: C11 | U37: =+LEFT(T37,1) -> C | V37: =VLOOKUP(T37,Codes!A$9:B$51,2,FALSE) -> Quantité livrée non conforme au document. | AB37: =IF((AA37)<=2,"faible","fort") -> faible | AC37: =IF((P37)<=3,"faible","fort") -> faible | AD37: =IF(AND(AB37="Faible",AC37="Faible"),"Faible",IF(AND(AB37="Faible",AC37="Faible"),"Fort",IF(AND(AB37="Faible",AC37="Fort"),"Faible",IF(AND(AB37="Faible",AC37="Fort"),"Fort",IF(AND(AB37="Fort",AC37="Faible"),"Fort",IF(AND(AB37="Fort",AC37="Faible"),"Fort",IF(AND(AB37="Fort",AC37="Fort"),"Fort","Fort"))))))) -> Faible | AE37: =IF(AD37="Faible", "2", IF(AD37="Fort","5")) -> 2 | AF37: =COUNTIF($AG$5:$AG$1048576,AG37) -> 1 | AG37: =CONCATENATE(D37,E37,T37) -> 20141125016 1125018C11 | AH37: =IF(AL37<>0,"Action cloturée",IF(AND(E37="HMO",AD37="Faible"),"",IF(AND(J37="HMO",AD37="Fort"),"Informer immédiatement le client pour connaitre la marche à suivre",IF(AND(J37="MO",AD37="Faible"),"",IF(AND(J37="MO",AD37="Fort"),"Tri par agence d'intérim et/ou fournisseur et FDNQ",""))))) -> Action cloturée | AJ37: 41697 | AK37: Sensibilisation du fournisseur | AL37: 41697 | AM37: =IF(AL37<>0,NETWORKDAYS(B37,AL37),"") -> 5 | AP37: =COUNTIF(#REF!,FALSE) -> #REF! | AQ37: =COUNTIF($AG$5:$AG$1048576,AG37) -> 1
A38: 34 | B38: 41690 | C38: =MONTH(B38) -> 2 | D38: =YEAR(B38) -> 2014 | E38: 1206732 | F38: 31368 | G38: 140220 | H38: Stock Papier | I38: Amex | J38: HMO | K38: MSP | L38: AMD DEU-GUI Payback Co-Brand Welcome Pack | M38: 200 | N38: 200 | O38: 200 | P38: =IF(OR($T38="b4",$T38="b6",$T38="c8",$T38="c11",$T38="c10",$T38="c12",$T38="c14"),1,($M38/($N38/100))) -> 1 | Q38: 0.0069444444 | R38: 0.0069444444 | S38: pas de BL | T38: C12 | U38: =+LEFT(T38,1) -> C | V38: =VLOOKUP(T38,Codes!A$9:B$51,2,FALSE) -> pas de BL | AB38: =IF((AA38)<=2,"faible","fort") -> faible | AC38: =IF((P38)<=3,"faible","fort") -> faible | AD38: =IF(AND(AB38="Faible",AC38="Faible"),"Faible",IF(AND(AB38="Faible",AC38="Faible"),"Fort",IF(AND(AB38="Faible",AC38="Fort"),"Faible",IF(AND(AB38="Faible",AC38="Fort"),"Fort",IF(AND(AB38="Fort",AC38="Faible"),"Fort",IF(AND(AB38="Fort",AC38="Faible"),"Fort",IF(AND(AB38="Fort",AC38="Fort"),"Fort","Fort"))))))) -> Faible | AE38: =IF(AD38="Faible", "2", IF(AD38="Fort","5")) -> 2 | AF38: =COUNTIF($AG$5:$AG$1048576,AG38) -> 1 | AG38: =CONCATENATE(D38,E38,T38) -> 20141206732C12 | AH38: =IF(AL38<>0,"Action cloturée",IF(AND(E38="HMO",AD38="Faible"),"",IF(AND(J38="HMO",AD38="Fort"),"Informer immédiatement le client pour connaitre la marche à suivre",IF(AND(J38="MO",AD38="Faible"),"",IF(AND(J38="MO",AD38="Fort"),"Tri par agence d'intérim et/ou fournisseur et FDNQ",""))))) -> Action cloturée | AJ38: 41697 | AK38: Sensibilisation fournisseur | AL38: 41697 | AM38: =IF(AL38<>0,NETWORKDAYS(B38,AL38),"") -> 6 | AP38: =COUNTIF(#REF!,FALSE) -> #REF! | AQ38: =COUNTIF($AG$5:$AG$1048576,AG38) -> 1
A39: 35 | B39: 41690 | C39: =MONTH(B39) -> 2 | D39: =YEAR(B39) -> 2014 | E39: 1058449 | F39: 30884 | G39: 140220 | H39: Stock Papier | I39: OT | J39: MO | K39: GPV | L39: OT BULLE 170*265 | M39: 26000 | N39: 26000 | O39: 26000 | P39: =IF(OR($T39="b4",$T39="b6",$T39="c8",$T39="c11",$T39="c10",$T39="c12",$T39="c14"),1,($M39/($N39/100))) -> 1 | Q39: 0 | R39: 0.0069444444 | S39: 3 rangs de 6 cartons et 1 rang de 8 cartons | T39: C8 | U39: =+LEFT(T39,1) -> C | V39: =VLOOKUP(T39,Codes!A$9:B$51,2,FALSE) -> Conditionnement inadapté | AB39: =IF((AA39)<=2,"faible","fort") -> faible | AC39: =IF((P39)<=3,"faible","fort") -> faible | AD39: =IF(AND(AB39="Faible",AC39="Faible"),"Faible",IF(AND(AB39="Faible",AC39="Faible"),"Fort",IF(AND(AB39="Faible",AC39="Fort"),"Faible",IF(AND(AB39="Faible",AC39="Fort"),"Fort",IF(AND(AB39="Fort",AC39="Faible"),"Fort",IF(AND(AB39="Fort",AC39="Faible"),"Fort",IF(AND(AB39="Fort",AC39="Fort"),"Fort","Fort"))))))) -> Faible | AE39: =IF(AD39="Faible", "2", IF(AD39="Fort","5")) -> 2 | AF39: =COUNTIF($AG$5:$AG$1048576,AG39) -> 1 | AG39: =CONCATENATE(D39,E39,T39) -> 20141058449C8 | AH39: =IF(AL39<>0,"Action cloturée",IF(AND(E39="HMO",AD39="Faible"),"",IF(AND(J39="HMO",AD39="Fort"),"Informer immédiatement le client pour connaitre la marche à suivre",IF(AND(J39="MO",AD39="Faible"),"",IF(AND(J39="MO",AD39="Fort"),"Tri par agence d'intérim et/ou fournisseur et FDNQ",""))))) -> Action cloturée | AJ39: 41697 | AK39: Sensibilisation fournisseur | AL39: 41697 | AM39: =IF(AL39<>0,NETWORKDAYS(B39,AL39),"") -> 6 | AP39: =COUNTIF(#REF!,FALSE) -> #REF! | AQ39: =COUNTIF($AG$5:$AG$1048576,AG39) -> 1
A40: 36 | B40: 41697 | C40: =MONTH(B40) -> 2 | D40: =YEAR(B40) -> 2014 | E40: 1058039 | F40: 29767 | G40: 30505 | H40: Stock Papier | I40: Cetelem | J40: HMO | L40: CTF CONFORAMA BRO ACCEUIL | M40: 20000 | N40: 20000 | O40: 20000 | P40: =IF(OR($T40="b4",$T40="b6",$T40="c8",$T40="c11",$T40="c10",$T40="c12",$T40="c14"),1,($M40/($N40/100))) -> 1 | Q40: 0.0069444444 | R40: 0.0069444444 | S40: palette de 800 paquets de 25 | T40: C8 | U40: =+LEFT(T40,1) -> C | V40: =VLOOKUP(T40,Codes!A$9:B$51,2,FALSE) -> Conditionnement inadapté | AB40: =IF((AA40)<=2,"faible","fort") -> faible | AC40: =IF((P40)<=3,"faible","fort") -> faible | AD40: =IF(AND(AB40="Faible",AC40="Faible"),"Faible",IF(AND(AB40="Faible",AC40="Faible"),"Fort",IF(AND(AB40="Faible",AC40="Fort"),"Faible",IF(AND(AB40="Faible",AC40="Fort"),"Fort",IF(AND(AB40="Fort",AC40="Faible"),"Fort",IF(AND(AB40="Fort",AC40="Faible"),"Fort",IF(AND(AB40="Fort",AC40="Fort"),"Fort","Fort"))))))) -> Faible | AE40: =IF(AD40="Faible", "2", IF(AD40="Fort","5")) -> 2 | AF40: =COUNTIF($AG$5:$AG$1048576,AG40) -> 2 | AG40: =CONCATENATE(D40,E40,T40) -> 20141058039C8 | AH40: =IF(AL40<>0,"Action cloturée",IF(AND(E40="HMO",AD40="Faible"),"",IF(AND(J40="HMO",AD40="Fort"),"Informer immédiatement le client pour connaitre la marche à suivre",IF(AND(J40="MO",AD40="Faible"),"",IF(AND(J40="MO",AD40="Fort"),"Tri par agence d'intérim et/ou fournisseur et FDNQ",""))))) -> Action cloturée | AJ40: 41698 | AK40: Sensibilisation fournisseur | AL40: 41698 | AM40: =IF(AL40<>0,NETWORKDAYS(B40,AL40),"") -> 2 | AP40: =COUNTIF(#REF!,FALSE) -> #REF! | AQ40: =COUNTIF($AG$5:$AG$1048576,AG40) -> 2
A41: 37 | B41: 41698 | C41: =MONTH(B41) -> 2 | D41: =YEAR(B41) -> 2014 | E41: 1057833 | F41: 29611 | G41: 30716 | H41: Condt. | I41: LBP | J41: MO | K41: Tompla | L41: BPO ENV LA BANQUE POSTALE | M41: 1000 | N41: 150000 | O41: 20000 | P41: =IF(OR($T41="b4",$T41="b6",$T41="c8",$T41="c11",$T41="c10",$T41="c12",$T41="c14"),1,($M41/($N41/100))) -> 0.66666667 | Q41: 0.041666667 | R41: 0.0069444444 | S41: Le rabat de l'enveloppe ne s'ouvre pas correctement.celui-ci est déjà collé, ne passe pas en machine. | T41: C3 | U41: =+LEFT(T41,1) -> C | V41: =VLOOKUP(T41,Codes!A$9:B$51,2,FALSE) -> Produits collés entre eux | AB41: =IF((AA41)<=2,"faible","fort") -> faible | AC41: =IF((P41)<=3,"faible","fort") -> faible | AD41: =IF(AND(AB41="Faible",AC41="Faible"),"Faible",IF(AND(AB41="Faible",AC41="Faible"),"Fort",IF(AND(AB41="Faible",AC41="Fort"),"Faible",IF(AND(AB41="Faible",AC41="Fort"),"Fort",IF(AND(AB41="Fort",AC41="Faible"),"Fort",IF(AND(AB41="Fort",AC41="Faible"),"Fort",IF(AND(AB41="Fort",AC41="Fort"),"Fort","Fort"))))))) -> Faible | AE41: =IF(AD41="Faible", "2", IF(AD41="Fort","5")) -> 2 | AF41: =COUNTIF($AG$5:$AG$1048576,AG41) -> 1 | AG41: =CONCATENATE(D41,E41,T41) -> 20141057833C3 | AH41: =IF(AL41<>0,"Action cloturée",IF(AND(E41="HMO",AD41="Faible"),"",IF(AND(J41="HMO",AD41="Fort"),"Informer immédiatement le client pour connaitre la marche à suivre",IF(AND(J41="MO",AD41="Faible"),"",IF(AND(J41="MO",AD41="Fort"),"Tri par agence d'intérim et/ou fournisseur et FDNQ",""))))) -> Action cloturée | AJ41: 41698 | AL41: 41698 | AM41: =IF(AL41<>0,NETWORKDAYS(B41,AL41),"") -> 1 | AP41: =COUNTIF(#REF!,FALSE) -> #REF! | AQ41: =COUNTIF($AG$5:$AG$1048576,AG41) -> 1
A42: 38 | B42: 41701 | C42: =MONTH(B42) -> 3 | D42: =YEAR(B42) -> 2014 | E42: 1257921 | F42: 21269 | G42: 32100 | H42: Exploit Info | I42: LBP | J42: HMO | K42: Imprimerie DRIDE | L42: BPO Encart Visa Platinum | M42: 500 | N42: 11500 | O42: 7000 | P42: =IF(OR($T42="b4",$T42="b6",$T42="c8",$T42="c11",$T42="c10",$T42="c12",$T42="c14"),1,($M42/($N42/100))) -> 4.3478261 | Q42: 0.083333333 | R42: 0.083333333 | S42: Les encarts se déchirent aux micros coupures inférieurs lors de leur passage sur machines. Quelque soit les machines et le MOde d'édition (inversés ou pas) | T42: B3 | U42: =+LEFT(T42,1) -> B | V42: =VLOOKUP(T42,Codes!A$9:B$51,2,FALSE) -> Mauvaise qualité ou position des micro-perforations | AB42: =IF((AA42)<=2,"faible","fort") -> faible | AC42: =IF((P42)<=3,"faible","fort") -> fort | AD42: =IF(AND(AB42="Faible",AC42="Faible"),"Faible",IF(AND(AB42="Faible",AC42="Faible"),"Fort",IF(AND(AB42="Faible",AC42="Fort"),"Faible",IF(AND(AB42="Faible",AC42="Fort"),"Fort",IF(AND(AB42="Fort",AC42="Faible"),"Fort",IF(AND(AB42="Fort",AC42="Faible"),"Fort",IF(AND(AB42="Fort",AC42="Fort"),"Fort","Fort"))))))) -> Faible | AE42: =IF(AD42="Faible", "2", IF(AD42="Fort","5")) -> 2 | AF42: =COUNTIF($AG$5:$AG$1048576,AG42) -> 1 | AG42: =CONCATENATE(D42,E42,T42) -> 20141257921B3 | AH42: =IF(AL42<>0,"Action cloturée",IF(AND(E42="HMO",AD42="Faible"),"",IF(AND(J42="HMO",AD42="Fort"),"Informer immédiatement le client pour connaitre la marche à suivre",IF(AND(J42="MO",AD42="Faible"),"",IF(AND(J42="MO",AD42="Fort"),"Tri par agence d'intérim et/ou fournisseur et FDNQ",""))))) -> Action cloturée | AI42: RQUA14_05 | AJ42: 41708 | AK42: Rapport fournit au service client le 04/03/14 | AL42: 41759 | AM42: =IF(AL42<>0,NETWORKDAYS(B42,AL42),"") -> 43 | AP42: =COUNTIF(#REF!,FALSE) -> #REF! | AQ42: =COUNTIF($AG$5:$AG$1048576,AG42) -> 1
A43: 39 | B43: 41705 | C43: =MONTH(B43) -> 3 | D43: =YEAR(B43) -> 2014 | E43: 1061032 | H43: Production | I43: Total | J43: MO | K43: OT Barcelone | L43: TOT GR ENTREPRISES BLEU_03 | M43: 32 | N43: 22500 | O43: 22500 | P43: =IF(OR($T43="b4",$T43="b6",$T43="c8",$T43="c11",$T43="c10",$T43="c12",$T43="c14"),1,($M43/($N43/100))) -> 0.14222222 | Q43: 0.010416667 | R43: 0.083333333 | S43: La sérigraphie des cartes au verso est décallée (trop basse) d'où une bande blanche en haut de la carte et les mentions coupées en bas ainsi que la piste d'encodage trop basse. | T43: A10 | U43: =+LEFT(T43,1) -> A | V43: =VLOOKUP(T43,Codes!A$9:B$51,2,FALSE) -> Défaut carte visuel. | AB43: =IF((AA43)<=2,"faible","fort") -> faible | AC43: =IF((P43)<=3,"faible","fort") -> faible | AD43: =IF(AND(AB43="Faible",AC43="Faible"),"Faible",IF(AND(AB43="Faible",AC43="Faible"),"Fort",IF(AND(AB43="Faible",AC43="Fort"),"Faible",IF(AND(AB43="Faible",AC43="Fort"),"Fort",IF(AND(AB43="Fort",AC43="Faible"),"Fort",IF(AND(AB43="Fort",AC43="Faible"),"Fort",IF(AND(AB43="Fort",AC43="Fort"),"Fort","Fort"))))))) -> Faible | AE43: =IF(AD43="Faible", "2", IF(AD43="Fort","5")) -> 2 | AF43: =COUNTIF($AG$5:$AG$1048576,AG43) -> 1 | AG43: =CONCATENATE(D43,E43,T43) -> 20141061032A10 | AH43: =IF(AL43<>0,"Action cloturée",IF(AND(E43="HMO",AD43="Faible"),"",IF(AND(J43="HMO",AD43="Fort"),"Informer immédiatement le client pour connaitre la marche à suivre",IF(AND(J43="MO",AD43="Faible"),"",IF(AND(J43="MO",AD43="Fort"),"Tri par agence d'intérim et/ou fournisseur et FDNQ",""))))) -> Action cloturée | AI43: ..\5_FDNQ 14\FDNQ Cartes 14\CQUA14-07 Total entreprise Bleu 03NV.DOC | AJ43: 41708 | AK43: Tri des cartes de barcelone et informer barcelone voir CQUA14-07 | AL43: 41759 | AM43: =IF(AL43<>0,NETWORKDAYS(B43,AL43),"") -> 39 | AP43: =COUNTIF(#REF!,FALSE) -> #REF! | AQ43: =COUNTIF($AG$5:$AG$1048576,AG43) -> 1
A44: 40 | B44: 41705 | C44: =MONTH(B44) -> 3 | D44: =YEAR(B44) -> 2014 | E44: 1168638 | F44: 29815 | G44: 31518 | H44: Condt. | I44: OT | J44: MO | K44: ARCA | L44: OT Stickers KERN | N44: 26432000 | O44: 1840000 | P44: =IF(OR($T44="b4",$T44="b6",$T44="c8",$T44="c11",$T44="c10",$T44="c12",$T44="c14"),1,($M44/($N44/100))) -> 0 | Q44: 0.041666667 | R44: 0.0069444444 | S44: Le stick casse très souvent, au MOins 15 fois par rouleaux, aissi bien sur Kern 1 que sur la Bowe. | T44: B2 | U44: =+LEFT(T44,1) -> B | V44: =VLOOKUP(T44,Codes!A$9:B$51,2,FALSE) -> Produit inadapté au processus | AB44: =IF((AA44)<=2,"faible","fort") -> faible | AC44: =IF((P44)<=3,"faible","fort") -> faible | AD44: =IF(AND(AB44="Faible",AC44="Faible"),"Faible",IF(AND(AB44="Faible",AC44="Faible"),"Fort",IF(AND(AB44="Faible",AC44="Fort"),"Faible",IF(AND(AB44="Faible",AC44="Fort"),"Fort",IF(AND(AB44="Fort",AC44="Faible"),"Fort",IF(AND(AB44="Fort",AC44="Faible"),"Fort",IF(AND(AB44="Fort",AC44="Fort"),"Fort","Fort"))))))) -> Faible | AE44: =IF(AD44="Faible", "2", IF(AD44="Fort","5")) -> 2 | AF44: =COUNTIF($AG$5:$AG$1048576,AG44) -> 1 | AG44: =CONCATENATE(D44,E44,T44) -> 20141168638B2 | AH44: =IF(AL44<>0,"Action cloturée",IF(AND(E44="HMO",AD44="Faible"),"",IF(AND(J44="HMO",AD44="Fort"),"Informer immédiatement le client pour connaitre la marche à suivre",IF(AND(J44="MO",AD44="Faible"),"",IF(AND(J44="MO",AD44="Fort"),"Tri par agence d'intérim et/ou fournisseur et FDNQ",""))))) -> Action cloturée | AJ44: 41708 | AK44: Analyse en cours. | AL44: 41820 | AM44: =IF(AL44<>0,NETWORKDAYS(B44,AL44),"") -> 82 | AP44: =COUNTIF(#REF!,FALSE) -> #REF! | AQ44: =COUNTIF($AG$5:$AG$1048576,AG44) -> 1
A45: 41 | B45: 41705 | C45: =MONTH(B45) -> 3 | D45: =YEAR(B45) -> 2014 | E45: 1159316 1134928 | F45: 31716 | H45: Stock Papier | I45: Amex | J45: HMO | K45: MSP | L45: AMD ESP-GUI-Welcome Pack-Gold Revite AMD ESP-GUI-T&C charge | M45: 1 | N45: 1 | O45: 1 | P45: =IF(OR($T45="b4",$T45="b6",$T45="c8",$T45="c11",$T45="c10",$T45="c12",$T45="c14"),1,($M45/($N45/100))) -> 1 | Q45: 0.03125 | R45: 0.010416667 | S45: Les quantitées indiquées sur les cartons ne correspondent pas les cartons ne sont pas identifiés correctement les étiquettes ne correspondent pas au produit. Les quantités indiquées sur le BL ne correspondent pas à la quantité sur la palette. | T45: C11 | U45: =+LEFT(T45,1) -> C | V45: =VLOOKUP(T45,Codes!A$9:B$51,2,FALSE) -> Quantité livrée non conforme au document. | AB45: =IF((AA45)<=2,"faible","fort") -> faible | AC45: =IF((P45)<=3,"faible","fort") -> faible | AD45: =IF(AND(AB45="Faible",AC45="Faible"),"Faible",IF(AND(AB45="Faible",AC45="Faible"),"Fort",IF(AND(AB45="Faible",AC45="Fort"),"Faible",IF(AND(AB45="Faible",AC45="Fort"),"Fort",IF(AND(AB45="Fort",AC45="Faible"),"Fort",IF(AND(AB45="Fort",AC45="Faible"),"Fort",IF(AND(AB45="Fort",AC45="Fort"),"Fort","Fort"))))))) -> Faible | AE45: =IF(AD45="Faible", "2", IF(AD45="Fort","5")) -> 2 | AF45: =COUNTIF($AG$5:$AG$1048576,AG45) -> 1 | AG45: =CONCATENATE(D45,E45,T45) -> 20141159316 1134928C11 | AH45: =IF(AL45<>0,"Action cloturée",IF(AND(E45="HMO",AD45="Faible"),"",IF(AND(J45="HMO",AD45="Fort"),"Informer immédiatement le client pour connaitre la marche à suivre",IF(AND(J45="MO",AD45="Faible"),"",IF(AND(J45="MO",AD45="Fort"),"Tri par agence d'intérim et/ou fournisseur et FDNQ",""))))) -> Action cloturée | AJ45: 41708 | AK45: aucune | AL45: 41711 | AM45: =IF(AL45<>0,NETWORKDAYS(B45,AL45),"") -> 5 | AP45: =COUNTIF(#REF!,FALSE) -> #REF! | AQ45: =COUNTIF($AG$5:$AG$1048576,AG45) -> 1
A46: 42 | B46: 41705 | C46: =MONTH(B46) -> 3 | D46: =YEAR(B46) -> 2014 | E46: 1058225 | F46: 30901 | G46: 32283 | H46: Exploit Info | I46: ASIP | J46: MO | K46: Gresset Imprimeur | L46: ASIP ENC ASIP SANTE | M46: 1000 | N46: 64000 | O46: 13500 | P46: =IF(OR($T46="b4",$T46="b6",$T46="c8",$T46="c11",$T46="c10",$T46="c12",$T46="c14"),1,($M46/($N46/100))) -> 1.5625 | Q46: 0.034722222 | R46: 0.0069444444 | S46: marquage du tambour d'impression au bout de 50 pages lié à la décoloration de l'encart vierge. | T46: B2 | U46: =+LEFT(T46,1) -> B | V46: =VLOOKUP(T46,Codes!A$9:B$51,2,FALSE) -> Produit inadapté au processus | AB46: =IF((AA46)<=2,"faible","fort") -> faible | AC46: =IF((P46)<=3,"faible","fort") -> faible | AD46: =IF(AND(AB46="Faible",AC46="Faible"),"Faible",IF(AND(AB46="Faible",AC46="Faible"),"Fort",IF(AND(AB46="Faible",AC46="Fort"),"Faible",IF(AND(AB46="Faible",AC46="Fort"),"Fort",IF(AND(AB46="Fort",AC46="Faible"),"Fort",IF(AND(AB46="Fort",AC46="Faible"),"Fort",IF(AND(AB46="Fort",AC46="Fort"),"Fort","Fort"))))))) -> Faible | AE46: =IF(AD46="Faible", "2", IF(AD46="Fort","5")) -> 2 | AF46: =COUNTIF($AG$5:$AG$1048576,AG46) -> 2 | AG46: =CONCATENATE(D46,E46,T46) -> 20141058225B2 | AH46: =IF(AL46<>0,"Action cloturée",IF(AND(E46="HMO",AD46="Faible"),"",IF(AND(J46="HMO",AD46="Fort"),"Informer immédiatement le client pour connaitre la marche à suivre",IF(AND(J46="MO",AD46="Faible"),"",IF(AND(J46="MO",AD46="Fort"),"Tri par agence d'intérim et/ou fournisseur et FDNQ",""))))) -> Action cloturée | AJ46: 41709 | AK46: Après nettoyage de la machine les encarts ont été édités sur la 5115 sans problème. (Confirmé au téléphone par Julien le 24/02/14). | AL46: 41718 | AM46: =IF(AL46<>0,NETWORKDAYS(B46,AL46),"") -> 10 | AP46: =COUNTIF(#REF!,FALSE) -> #REF! | AQ46: =COUNTIF($AG$5:$AG$1048576,AG46) -> 2
A47: 43 | B47: 41703 | C47: =MONTH(B47) -> 3 | D47: =YEAR(B47) -> 2014 | E47: 1058722 | F47: 30282 | G47: 30980 | H47: Condt. | I47: SG | J47: HMO | L47: CSG POCH 1ER CRE 130002-135502 | M47: 17 | N47: 34940 | O47: 3960 | P47: =IF(OR($T47="b4",$T47="b6",$T47="c8",$T47="c11",$T47="c10",$T47="c12",$T47="c14"),1,($M47/($N47/100))) -> 0.048654837 | Q47: 0.0069444444 | R47: 0.010416667 | S47: Pas de pochettes plastiques avec les documents | T47: A8 | U47: =+LEFT(T47,1) -> A | V47: =VLOOKUP(T47,Codes!A$9:B$51,2,FALSE) -> Produit inadapté au processus (tension ruban, etc…) | AB47: =IF((AA47)<=2,"faible","fort") -> faible | AC47: =IF((P47)<=3,"faible","fort") -> faible | AD47: =IF(AND(AB47="Faible",AC47="Faible"),"Faible",IF(AND(AB47="Faible",AC47="Faible"),"Fort",IF(AND(AB47="Faible",AC47="Fort"),"Faible",IF(AND(AB47="Faible",AC47="Fort"),"Fort",IF(AND(AB47="Fort",AC47="Faible"),"Fort",IF(AND(AB47="Fort",AC47="Faible"),"Fort",IF(AND(AB47="Fort",AC47="Fort"),"Fort","Fort"))))))) -> Faible | AE47: =IF(AD47="Faible", "2", IF(AD47="Fort","5")) -> 2 | AF47: =COUNTIF($AG$5:$AG$1048576,AG47) -> 1 | AG47: =CONCATENATE(D47,E47,T47) -> 20141058722A8 | AH47: =IF(AL47<>0,"Action cloturée",IF(AND(E47="HMO",AD47="Faible"),"",IF(AND(J47="HMO",AD47="Fort"),"Informer immédiatement le client pour connaitre la marche à suivre",IF(AND(J47="MO",AD47="Faible"),"",IF(AND(J47="MO",AD47="Fort"),"Tri par agence d'intérim et/ou fournisseur et FDNQ",""))))) -> Action cloturée | AJ47: 41709 | AK47: Sensibilisation fournisseur | AL47: 41728 | AM47: =IF(AL47<>0,NETWORKDAYS(B47,AL47),"") -> 18 | AP47: =COUNTIF(#REF!,FALSE) -> #REF! | AQ47: =COUNTIF($AG$5:$AG$1048576,AG47) -> 1
A48: 44 | B48: 41710 | C48: =MONTH(B48) -> 3 | D48: =YEAR(B48) -> 2014 | E48: 1058058 | F48: 27549 | G48: 27947 | H48: Condt. | I48: Cetelem | J48: HMO | L48: CTF GUIDE CARTE BUT 10100 | M48: 257 | N48: 20400 | O48: 1200 | P48: =IF(OR($T48="b4",$T48="b6",$T48="c8",$T48="c11",$T48="c10",$T48="c12",$T48="c14"),1,($M48/($N48/100))) -> 1 | Q48: 0.041666667 | R48: 0.013888889 | S48: Suite à des rejets ppour défaut de poids, je m'aperçois que certains guides ont des page smanquantes (pages 9à12) | T48: C10 | U48: =+LEFT(T48,1) -> C | V48: =VLOOKUP(T48,Codes!A$9:B$51,2,FALSE) -> Manque tout ou partie des documents. | AB48: =IF((AA48)<=2,"faible","fort") -> faible | AC48: =IF((P48)<=3,"faible","fort") -> faible | AD48: =IF(AND(AB48="Faible",AC48="Faible"),"Faible",IF(AND(AB48="Faible",AC48="Faible"),"Fort",IF(AND(AB48="Faible",AC48="Fort"),"Faible",IF(AND(AB48="Faible",AC48="Fort"),"Fort",IF(AND(AB48="Fort",AC48="Faible"),"Fort",IF(AND(AB48="Fort",AC48="Faible"),"Fort",IF(AND(AB48="Fort",AC48="Fort"),"Fort","Fort"))))))) -> Faible | AE48: =IF(AD48="Faible", "2", IF(AD48="Fort","5")) -> 2 | AF48: =COUNTIF($AG$5:$AG$1048576,AG48) -> 1 | AG48: =CONCATENATE(D48,E48,T48) -> 20141058058C10 | AH48: =IF(AL48<>0,"Action cloturée",IF(AND(E48="HMO",AD48="Faible"),"",IF(AND(J48="HMO",AD48="Fort"),"Informer immédiatement le client pour connaitre la marche à suivre",IF(AND(J48="MO",AD48="Faible"),"",IF(AND(J48="MO",AD48="Fort"),"Tri par agence d'intérim et/ou fournisseur et FDNQ",""))))) -> Action cloturée | AJ48: 41711 | AK48: Contrôle sur étagère. RAS sur les prélèvement. Il faut sensibiler le client sur la quaité des prestation de ces fournisseurs. | AL48: 41713 | AM48: =IF(AL48<>0,NETWORKDAYS(B48,AL48),"") -> 3 | AP48: =COUNTIF(#REF!,FALSE) -> #REF! | AQ48: =COUNTIF($AG$5:$AG$1048576,AG48) -> 1
A49: 45 | B49: 41709 | C49: =MONTH(B49) -> 3 | D49: =YEAR(B49) -> 2014 | E49: 1057831 | F49: 30660 | G49: 32364 | H49: Condt. | I49: LBP | J49: MO | K49: Paragon Transaction | L49: BPO ENC LA BANQUE POSTALE | M49: 600 | N49: 500000 | O49: 326000 | P49: =IF(OR($T49="b4",$T49="b6",$T49="c8",$T49="c11",$T49="c10",$T49="c12",$T49="c14"),1,($M49/($N49/100))) -> 0.12 | Q49: 0.041666667 | R49: 0.034722222 | S49: Paquets d'encarts non microperfroés | T49: B8 | U49: =+LEFT(T49,1) -> B | V49: =VLOOKUP(T49,Codes!A$9:B$51,2,FALSE) -> Absence de pré-perforation ou micro-perforation (non prévu) | AB49: =IF((AA49)<=2,"faible","fort") -> faible | AC49: =IF((P49)<=3,"faible","fort") -> faible | AD49: =IF(AND(AB49="Faible",AC49="Faible"),"Faible",IF(AND(AB49="Faible",AC49="Faible"),"Fort",IF(AND(AB49="Faible",AC49="Fort"),"Faible",IF(AND(AB49="Faible",AC49="Fort"),"Fort",IF(AND(AB49="Fort",AC49="Faible"),"Fort",IF(AND(AB49="Fort",AC49="Faible"),"Fort",IF(AND(AB49="Fort",AC49="Fort"),"Fort","Fort"))))))) -> Faible | AE49: =IF(AD49="Faible", "2", IF(AD49="Fort","5")) -> 2 | AF49: =COUNTIF($AG$5:$AG$1048576,AG49) -> 1 | AG49: =CONCATENATE(D49,E49,T49) -> 20141057831B8 | AH49: =IF(AL49<>0,"Action cloturée",IF(AND(E49="HMO",AD49="Faible"),"",IF(AND(J49="HMO",AD49="Fort"),"Informer immédiatement le client pour connaitre la marche à suivre",IF(AND(J49="MO",AD49="Faible"),"",IF(AND(J49="MO",AD49="Fort"),"Tri par agence d'intérim et/ou fournisseur et FDNQ",""))))) -> Action cloturée | AJ49: 41717 | AK49: Contrôle sur étagère, RAS. | AL49: 41719 | AM49: =IF(AL49<>0,NETWORKDAYS(B49,AL49),"") -> 9 | AP49: =COUNTIF(#REF!,FALSE) -> #REF! | AQ49: =COUNTIF($AG$5:$AG$1048576,AG49) -> 1
A50: 46 | B50: 41715 | C50: =MONTH(B50) -> 3 | D50: =YEAR(B50) -> 2014 | E50: 1162148 | F50: 29079 | G50: 29770 | H50: Condt. | I50: Oney | J50: HMO | L50: BQUE Encart Renouvellement A4 NV | N50: 154000 | O50: 46000 | P50: =IF(OR($T50="b4",$T50="b6",$T50="c8",$T50="c11",$T50="c10",$T50="c12",$T50="c14"),1,($M50/($N50/100))) -> 0 | Q50: 0.041666667 | R50: 0.034722222 | S50: Les micro-perfos sont irrégulières, parfois bien prononcées, parfois non. Le 1er tiers du haut est trop long. Il est impossible de passer ces encarts sur KERN, uniquement sur BOWE. On ne peux pas garantir un plis de qualité. | T50: B3 | U50: =+LEFT(T50,1) -> B | V50: =VLOOKUP(T50,Codes!A$9:B$51,2,FALSE) -> Mauvaise qualité ou position des micro-perforations | AB50: =IF((AA50)<=2,"faible","fort") -> faible | AC50: =IF((P50)<=3,"faible","fort") -> faible | AD50: =IF(AND(AB50="Faible",AC50="Faible"),"Faible",IF(AND(AB50="Faible",AC50="Faible"),"Fort",IF(AND(AB50="Faible",AC50="Fort"),"Faible",IF(AND(AB50="Faible",AC50="Fort"),"Fort",IF(AND(AB50="Fort",AC50="Faible"),"Fort",IF(AND(AB50="Fort",AC50="Faible"),"Fort",IF(AND(AB50="Fort",AC50="Fort"),"Fort","Fort"))))))) -> Faible | AE50: =IF(AD50="Faible", "2", IF(AD50="Fort","5")) -> 2 | AF50: =COUNTIF($AG$5:$AG$1048576,AG50) -> 1 | AG50: =CONCATENATE(D50,E50,T50) -> 20141162148B3 | AH50: =IF(AL50<>0,"Action cloturée",IF(AND(E50="HMO",AD50="Faible"),"",IF(AND(J50="HMO",AD50="Fort"),"Informer immédiatement le client pour connaitre la marche à suivre",IF(AND(J50="MO",AD50="Faible"),"",IF(AND(J50="MO",AD50="Fort"),"Tri par agence d'intérim et/ou fournisseur et FDNQ",""))))) -> Action cloturée | AJ50: 41717 | AK50: Contrôle sur étagère. | AL50: 41719 | AM50: =IF(AL50<>0,NETWORKDAYS(B50,AL50),"") -> 5 | AP50: =COUNTIF(#REF!,FALSE) -> #REF! | AQ50: =COUNTIF($AG$5:$AG$1048576,AG50) -> 1
A51: 47 | B51: 41715 | C51: =MONTH(B51) -> 3 | D51: =YEAR(B51) -> 2014 | E51: 1057840 | F51: 30799 | G51: 31607 | H51: Condt. | I51: Oney | J51: HMO | L51: BQUE ACCORD Extraits des conditions et tarifs | M51: 50 | N51: 8100 | O51: 4500 | P51: =IF(OR($T51="b4",$T51="b6",$T51="c8",$T51="c11",$T51="c10",$T51="c12",$T51="c14"),1,($M51/($N51/100))) -> 0.61728395 | Q51: 0.020833333 | R51: 0.0069444444 | S51: Les documents sont mal pliés et donc non mécanissables. | T51: A8 | U51: =+LEFT(T51,1) -> A | V51: =VLOOKUP(T51,Codes!A$9:B$51,2,FALSE) -> Produit inadapté au processus (tension ruban, etc…) | AB51: =IF((AA51)<=2,"faible","fort") -> faible | AC51: =IF((P51)<=3,"faible","fort") -> faible | AD51: =IF(AND(AB51="Faible",AC51="Faible"),"Faible",IF(AND(AB51="Faible",AC51="Faible"),"Fort",IF(AND(AB51="Faible",AC51="Fort"),"Faible",IF(AND(AB51="Faible",AC51="Fort"),"Fort",IF(AND(AB51="Fort",AC51="Faible"),"Fort",IF(AND(AB51="Fort",AC51="Faible"),"Fort",IF(AND(AB51="Fort",AC51="Fort"),"Fort","Fort"))))))) -> Faible | AE51: =IF(AD51="Faible", "2", IF(AD51="Fort","5")) -> 2 | AF51: =COUNTIF($AG$5:$AG$1048576,AG51) -> 1 | AG51: =CONCATENATE(D51,E51,T51) -> 20141057840A8 | AH51: =IF(AL51<>0,"Action cloturée",IF(AND(E51="HMO",AD51="Faible"),"",IF(AND(J51="HMO",AD51="Fort"),"Informer immédiatement le client pour connaitre la marche à suivre",IF(AND(J51="MO",AD51="Faible"),"",IF(AND(J51="MO",AD51="Fort"),"Tri par agence d'intérim et/ou fournisseur et FDNQ",""))))) -> Action cloturée | AJ51: 41718 | AK51: Contrôle sur étagère et sensibilisation du fournisseur via le service client. | AL51: 41720 | AM51: =IF(AL51<>0,NETWORKDAYS(B51,AL51),"") -> 5 | AP51: =COUNTIF(#REF!,FALSE) -> #REF! | AQ51: =COUNTIF($AG$5:$AG$1048576,AG51) -> 1
A52: 48 | B52: 41715 | C52: =MONTH(B52) -> 3 | D52: =YEAR(B52) -> 2014 | E52: 1259610 | F52: 31817 | G52: 32683 | H52: Condt. | I52: LBP | J52: HMO | L52: BPO Coffret Carte Visa Platinum | M52: 44 | N52: 5280 | O52: 0 | P52: =IF(OR($T52="b4",$T52="b6",$T52="c8",$T52="c11",$T52="c10",$T52="c12",$T52="c14"),1,($M52/($N52/100))) -> 0.83333333 | Q52: 0.0625 | R52: 0.020833333 | S52: 7 coffrets conformes à la nouvelles prestation =>avec encoches sur 44 coffrets. | T52: A8 | U52: =+LEFT(T52,1) -> A | V52: =VLOOKUP(T52,Codes!A$9:B$51,2,FALSE) -> Produit inadapté au processus (tension ruban, etc…) | AB52: =IF((AA52)<=2,"faible","fort") -> faible | AC52: =IF((P52)<=3,"faible","fort") -> faible | AD52: =IF(AND(AB52="Faible",AC52="Faible"),"Faible",IF(AND(AB52="Faible",AC52="Faible"),"Fort",IF(AND(AB52="Faible",AC52="Fort"),"Faible",IF(AND(AB52="Faible",AC52="Fort"),"Fort",IF(AND(AB52="Fort",AC52="Faible"),"Fort",IF(AND(AB52="Fort",AC52="Faible"),"Fort",IF(AND(AB52="Fort",AC52="Fort"),"Fort","Fort"))))))) -> Faible | AE52: =IF(AD52="Faible", "2", IF(AD52="Fort","5")) -> 2 | AF52: =COUNTIF($AG$5:$AG$1048576,AG52) -> 2 | AG52: =CONCATENATE(D52,E52,T52) -> 20141259610A8 | AH52: =IF(AL52<>0,"Action cloturée",IF(AND(E52="HMO",AD52="Faible"),"",IF(AND(J52="HMO",AD52="Fort"),"Informer immédiatement le client pour connaitre la marche à suivre",IF(AND(J52="MO",AD52="Faible"),"",IF(AND(J52="MO",AD52="Fort"),"Tri par agence d'intérim et/ou fournisseur et FDNQ",""))))) -> Action cloturée | AJ52: 41718 | AK52: Sensibilisation du fournisseur via les service client. | AL52: 41720 | AM52: =IF(AL52<>0,NETWORKDAYS(B52,AL52),"") -> 5 | AP52: =COUNTIF(#REF!,FALSE) -> #REF! | AQ52: =COUNTIF($AG$5:$AG$1048576,AG52) -> 2
A53: 49 | B53: 41717 | C53: =MONTH(B53) -> 3 | D53: =YEAR(B53) -> 2014 | E53: 1259610 | F53: 140314 | H53: Condt. | I53: LBP | J53: HMO | L53: BPO Coffret Carte Visa Platinum | M53: 44 | N53: 4249 | O53: 3339 | P53: =IF(OR($T53="b4",$T53="b6",$T53="c8",$T53="c11",$T53="c10",$T53="c12",$T53="c14"),1,($M53/($N53/100))) -> 1.0355378 | Q53: 0.010416667 | R53: 0.010416667 | S53: Les coffrets sont emballés à l'unité | T53: A8 | U53: =+LEFT(T53,1) -> A | V53: =VLOOKUP(T53,Codes!A$9:B$51,2,FALSE) -> Produit inadapté au processus (tension ruban, etc…) | AB53: =IF((AA53)<=2,"faible","fort") -> faible | AC53: =IF((P53)<=3,"faible","fort") -> faible | AD53: =IF(AND(AB53="Faible",AC53="Faible"),"Faible",IF(AND(AB53="Faible",AC53="Faible"),"Fort",IF(AND(AB53="Faible",AC53="Fort"),"Faible",IF(AND(AB53="Faible",AC53="Fort"),"Fort",IF(AND(AB53="Fort",AC53="Faible"),"Fort",IF(AND(AB53="Fort",AC53="Faible"),"Fort",IF(AND(AB53="Fort",AC53="Fort"),"Fort","Fort"))))))) -> Faible | AE53: =IF(AD53="Faible", "2", IF(AD53="Fort","5")) -> 2 | AF53: =COUNTIF($AG$5:$AG$1048576,AG53) -> 2 | AG53: =CONCATENATE(D53,E53,T53) -> 20141259610A8 | AH53: =IF(AL53<>0,"Action cloturée",IF(AND(E53="HMO",AD53="Faible"),"",IF(AND(J53="HMO",AD53="Fort"),"Informer immédiatement le client pour connaitre la marche à suivre",IF(AND(J53="MO",AD53="Faible"),"",IF(AND(J53="MO",AD53="Fort"),"Tri par agence d'intérim et/ou fournisseur et FDNQ",""))))) -> Action cloturée | AJ53: 41718 | AK53: Sensibilisation du fournisseur via les service client. | AL53: 41720 | AM53: =IF(AL53<>0,NETWORKDAYS(B53,AL53),"") -> 3 | AP53: =COUNTIF(#REF!,FALSE) -> #REF! | AQ53: =COUNTIF($AG$5:$AG$1048576,AG53) -> 2
A54: 50 | B54: 41715 | C54: =MONTH(B54) -> 3 | D54: =YEAR(B54) -> 2014 | E54: 1058696 | F54: 29595 | G54: 31838 | H54: Mailers | I54: SG | J54: MO | K54: Paragon Transaction | L54: CSG PLIS SCELLES CSG | M54: 2000 | N54: 160000 | O54: 96000 | P54: =IF(OR($T54="b4",$T54="b6",$T54="c8",$T54="c11",$T54="c10",$T54="c12",$T54="c14"),1,($M54/($N54/100))) -> 1.25 | Q54: 0.041666667 | R54: 0.125 | S54: une tache rouge tous les 2 mailers sur le paravent du haut. FAB 02/14 carton N°142 | T54: C9 | U54: =+LEFT(T54,1) -> C | V54: =VLOOKUP(T54,Codes!A$9:B$51,2,FALSE) -> Mauvaise impression sur le produit | AB54: =IF((AA54)<=2,"faible","fort") -> faible | AC54: =IF((P54)<=3,"faible","fort") -> faible | AD54: =IF(AND(AB54="Faible",AC54="Faible"),"Faible",IF(AND(AB54="Faible",AC54="Faible"),"Fort",IF(AND(AB54="Faible",AC54="Fort"),"Faible",IF(AND(AB54="Faible",AC54="Fort"),"Fort",IF(AND(AB54="Fort",AC54="Faible"),"Fort",IF(AND(AB54="Fort",AC54="Faible"),"Fort",IF(AND(AB54="Fort",AC54="Fort"),"Fort","Fort"))))))) -> Faible | AE54: =IF(AD54="Faible", "2", IF(AD54="Fort","5")) -> 2 | AF54: =COUNTIF($AG$5:$AG$1048576,AG54) -> 1 | AG54: =CONCATENATE(D54,E54,T54) -> 20141058696C9 | AH54: =IF(AL54<>0,"Action cloturée",IF(AND(E54="HMO",AD54="Faible"),"",IF(AND(J54="HMO",AD54="Fort"),"Informer immédiatement le client pour connaitre la marche à suivre",IF(AND(J54="MO",AD54="Faible"),"",IF(AND(J54="MO",AD54="Fort"),"Tri par agence d'intérim et/ou fournisseur et FDNQ",""))))) | AI54: BNCR31838 | AJ54: 41715 | AK54: La tache rouge apparait sur les cartons ''pair'' dans la tranche de carton de 126 à 144, à ce jour 20/03 reste une palette à vérifier | AM54: =IF(AL54<>0,NETWORKDAYS(B54,AL54),"") | AP54: =COUNTIF(#REF!,FALSE) -> #REF! | AQ54: =COUNTIF($AG$5:$AG$1048576,AG54) -> 1
A55: 51 | B55: 41718 | C55: =MONTH(B55) -> 3 | D55: =YEAR(B55) -> 2014 | E55: 1097662 | F55: 27908 | G55: 28914 | H55: Condt. | I55: LBP | J55: HMO | L55: CEP Coffret Infinite | M55: 1 | N55: 1518 | O55: 1197 | P55: =IF(OR($T55="b4",$T55="b6",$T55="c8",$T55="c11",$T55="c10",$T55="c12",$T55="c14"),1,($M55/($N55/100))) -> 0.065876153 | Q55: 0.0069444444 | R55: 0.020833333 | S55: La carte ne tiens pas dans les encôches. | T55: B2 | U55: =+LEFT(T55,1) -> B | V55: =VLOOKUP(T55,Codes!A$9:B$51,2,FALSE) -> Produit inadapté au processus | AB55: =IF((AA55)<=2,"faible","fort") -> faible | AC55: =IF((P55)<=3,"faible","fort") -> faible | AD55: =IF(AND(AB55="Faible",AC55="Faible"),"Faible",IF(AND(AB55="Faible",AC55="Faible"),"Fort",IF(AND(AB55="Faible",AC55="Fort"),"Faible",IF(AND(AB55="Faible",AC55="Fort"),"Fort",IF(AND(AB55="Fort",AC55="Faible"),"Fort",IF(AND(AB55="Fort",AC55="Faible"),"Fort",IF(AND(AB55="Fort",AC55="Fort"),"Fort","Fort"))))))) -> Faible | AE55: =IF(AD55="Faible", "2", IF(AD55="Fort","5")) -> 2 | AF55: =COUNTIF($AG$5:$AG$1048576,AG55) -> 1 | AG55: =CONCATENATE(D55,E55,T55) -> 20141097662B2 | AH55: =IF(AL55<>0,"Action cloturée",IF(AND(E55="HMO",AD55="Faible"),"",IF(AND(J55="HMO",AD55="Fort"),"Informer immédiatement le client pour connaitre la marche à suivre",IF(AND(J55="MO",AD55="Faible"),"",IF(AND(J55="MO",AD55="Fort"),"Tri par agence d'intérim et/ou fournisseur et FDNQ",""))))) -> Action cloturée | AJ55: 41723 | AK55: La découpe des encôches est trop omportante et les pate de blocage trop souple. | AL55: 41723 | AM55: =IF(AL55<>0,NETWORKDAYS(B55,AL55),"") -> 4 | AP55: =COUNTIF(#REF!,FALSE) -> #REF! | AQ55: =COUNTIF($AG$5:$AG$1048576,AG55) -> 1
A56: 52 | B56: 41722 | C56: =MONTH(B56) -> 3 | D56: =YEAR(B56) -> 2014 | E56: 1233115 | F56: 29610 | G56: 30692 | H56: Mailers | I56: LBP | J56: MO | K56: Tompla | L56: OT Enveloppe 115x225 F50x100 | M56: 200 | N56: 500000 | O56: 105000 | P56: =IF(OR($T56="b4",$T56="b6",$T56="c8",$T56="c11",$T56="c10",$T56="c12",$T56="c14"),1,($M56/($N56/100))) -> 0.04 | Q56: 0.041666667 | R56: 0.020833333 | S56: Encore un carton avec des enveloppes collées entre elles, patte gauche égalment collée plus une enveloppe avec le cristal HS. | T56: C3 | U56: =+LEFT(T56,1) -> C | V56: =VLOOKUP(T56,Codes!A$9:B$51,2,FALSE) -> Produits collés entre eux | AB56: =IF((AA56)<=2,"faible","fort") -> faible | AC56: =IF((P56)<=3,"faible","fort") -> faible | AD56: =IF(AND(AB56="Faible",AC56="Faible"),"Faible",IF(AND(AB56="Faible",AC56="Faible"),"Fort",IF(AND(AB56="Faible",AC56="Fort"),"Faible",IF(AND(AB56="Faible",AC56="Fort"),"Fort",IF(AND(AB56="Fort",AC56="Faible"),"Fort",IF(AND(AB56="Fort",AC56="Faible"),"Fort",IF(AND(AB56="Fort",AC56="Fort"),"Fort","Fort"))))))) -> Faible | AE56: =IF(AD56="Faible", "2", IF(AD56="Fort","5")) -> 2 | AF56: =COUNTIF($AG$5:$AG$1048576,AG56) -> 1 | AG56: =CONCATENATE(D56,E56,T56) -> 20141233115C3 | AH56: =IF(AL56<>0,"Action cloturée",IF(AND(E56="HMO",AD56="Faible"),"",IF(AND(J56="HMO",AD56="Fort"),"Informer immédiatement le client pour connaitre la marche à suivre",IF(AND(J56="MO",AD56="Faible"),"",IF(AND(J56="MO",AD56="Fort"),"Tri par agence d'intérim et/ou fournisseur et FDNQ",""))))) -> Action cloturée | AJ56: 41722 | AK56: contrôle sur étagère, RAS | AL56: 41723 | AM56: =IF(AL56<>0,NETWORKDAYS(B56,AL56),"") -> 2 | AP56: =COUNTIF(#REF!,FALSE) -> #REF! | AQ56: =COUNTIF($AG$5:$AG$1048576,AG56) -> 1
A57: 53 | B57: 41722 | C57: =MONTH(B57) -> 3 | D57: =YEAR(B57) -> 2014 | E57: 1113470 | F57: 25593 | G57: 28035 | H57: Condt. | I57: Banque Sofinco | J57: HMO | L57: SO1 Conditions générales ALSOLIA | M57: 1683 | N57: 50000 | O57: 34350 | P57: =IF(OR($T57="b4",$T57="b6",$T57="c8",$T57="c11",$T57="c10",$T57="c12",$T57="c14"),1,($M57/($N57/100))) -> 3.366 | Q57: 0.041666667 | R57: 0.010416667 | S57: Documents pliés en double | T57: C6 | U57: =+LEFT(T57,1) -> C | V57: =VLOOKUP(T57,Codes!A$9:B$51,2,FALSE) -> Les documents d'accompagnement sont doublés | AB57: =IF((AA57)<=2,"faible","fort") -> faible | AC57: =IF((P57)<=3,"faible","fort") -> fort | AD57: =IF(AND(AB57="Faible",AC57="Faible"),"Faible",IF(AND(AB57="Faible",AC57="Faible"),"Fort",IF(AND(AB57="Faible",AC57="Fort"),"Faible",IF(AND(AB57="Faible",AC57="Fort"),"Fort",IF(AND(AB57="Fort",AC57="Faible"),"Fort",IF(AND(AB57="Fort",AC57="Faible"),"Fort",IF(AND(AB57="Fort",AC57="Fort"),"Fort","Fort"))))))) -> Faible | AE57: =IF(AD57="Faible", "2", IF(AD57="Fort","5")) -> 2 | AF57: =COUNTIF($AG$5:$AG$1048576,AG57) -> 1 | AG57: =CONCATENATE(D57,E57,T57) -> 20141113470C6 | AH57: =IF(AL57<>0,"Action cloturée",IF(AND(E57="HMO",AD57="Faible"),"",IF(AND(J57="HMO",AD57="Fort"),"Informer immédiatement le client pour connaitre la marche à suivre",IF(AND(J57="MO",AD57="Faible"),"",IF(AND(J57="MO",AD57="Fort"),"Tri par agence d'intérim et/ou fournisseur et FDNQ",""))))) -> Action cloturée | AJ57: 41723 | AK57: contrôle sur étagère. | AL57: 41723 | AM57: =IF(AL57<>0,NETWORKDAYS(B57,AL57),"") -> 2 | AP57: =COUNTIF(#REF!,FALSE) -> #REF! | AQ57: =COUNTIF($AG$5:$AG$1048576,AG57) -> 1
A58: 54 | B58: 41719 | C58: =MONTH(B58) -> 3 | D58: =YEAR(B58) -> 2014 | E58: 1086843 | F58: 32031 | G58: 32929 | H58: Stock Papier | I58: Banque Sofinco | J58: HMO | L58: SO1 Encart CASTORAMA | N58: 180000 | O58: 18000 | P58: =IF(OR($T58="b4",$T58="b6",$T58="c8",$T58="c11",$T58="c10",$T58="c12",$T58="c14"),1,($M58/($N58/100))) -> 1 | Q58: 0 | R58: 0 | S58: Palettes non conformes au niveau de la taille, 60x80 et npon 80x120² | T58: C8 | U58: =+LEFT(T58,1) -> C | V58: =VLOOKUP(T58,Codes!A$9:B$51,2,FALSE) -> Conditionnement inadapté | AB58: =IF((AA58)<=2,"faible","fort") -> faible | AC58: =IF((P58)<=3,"faible","fort") -> faible | AD58: =IF(AND(AB58="Faible",AC58="Faible"),"Faible",IF(AND(AB58="Faible",AC58="Faible"),"Fort",IF(AND(AB58="Faible",AC58="Fort"),"Faible",IF(AND(AB58="Faible",AC58="Fort"),"Fort",IF(AND(AB58="Fort",AC58="Faible"),"Fort",IF(AND(AB58="Fort",AC58="Faible"),"Fort",IF(AND(AB58="Fort",AC58="Fort"),"Fort","Fort"))))))) -> Faible | AE58: =IF(AD58="Faible", "2", IF(AD58="Fort","5")) -> 2 | AF58: =COUNTIF($AG$5:$AG$1048576,AG58) -> 1 | AG58: =CONCATENATE(D58,E58,T58) -> 20141086843C8 | AH58: =IF(AL58<>0,"Action cloturée",IF(AND(E58="HMO",AD58="Faible"),"",IF(AND(J58="HMO",AD58="Fort"),"Informer immédiatement le client pour connaitre la marche à suivre",IF(AND(J58="MO",AD58="Faible"),"",IF(AND(J58="MO",AD58="Fort"),"Tri par agence d'intérim et/ou fournisseur et FDNQ",""))))) -> Action cloturée | AJ58: 41723 | AK58: Sensibilisation fournisseur via le service client | AL58: 41723 | AM58: =IF(AL58<>0,NETWORKDAYS(B58,AL58),"") -> 3 | AP58: =COUNTIF(#REF!,FALSE) -> #REF! | AQ58: =COUNTIF($AG$5:$AG$1048576,AG58) -> 1
A59: 55 | B59: 41718 | C59: =MONTH(B59) -> 3 | D59: =YEAR(B59) -> 2014 | E59: 1216822 | F59: 32010 | G59: 32894 | H59: Stock Papier | I59: Amex | J59: HMO | L59: AMD FRA-GUI-WP Light AF Silver | M59: 2350 | N59: 2350 | O59: 2350 | P59: =IF(OR($T59="b4",$T59="b6",$T59="c8",$T59="c11",$T59="c10",$T59="c12",$T59="c14"),1,($M59/($N59/100))) -> 1 | Q59: 0 | R59: 0 | S59: La quantité reçue ne correspond pas à la quantité annoncée sur le BL | T59: C11 | U59: =+LEFT(T59,1) -> C | V59: =VLOOKUP(T59,Codes!A$9:B$51,2,FALSE) -> Quantité livrée non conforme au document. | AB59: =IF((AA59)<=2,"faible","fort") -> faible | AC59: =IF((P59)<=3,"faible","fort") -> faible | AD59: =IF(AND(AB59="Faible",AC59="Faible"),"Faible",IF(AND(AB59="Faible",AC59="Faible"),"Fort",IF(AND(AB59="Faible",AC59="Fort"),"Faible",IF(AND(AB59="Faible",AC59="Fort"),"Fort",IF(AND(AB59="Fort",AC59="Faible"),"Fort",IF(AND(AB59="Fort",AC59="Faible"),"Fort",IF(AND(AB59="Fort",AC59="Fort"),"Fort","Fort"))))))) -> Faible | AE59: =IF(AD59="Faible", "2", IF(AD59="Fort","5")) -> 2 | AF59: =COUNTIF($AG$5:$AG$1048576,AG59) -> 1 | AG59: =CONCATENATE(D59,E59,T59) -> 20141216822C11 | AH59: =IF(AL59<>0,"Action cloturée",IF(AND(E59="HMO",AD59="Faible"),"",IF(AND(J59="HMO",AD59="Fort"),"Informer immédiatement le client pour connaitre la marche à suivre",IF(AND(J59="MO",AD59="Faible"),"",IF(AND(J59="MO",AD59="Fort"),"Tri par agence d'intérim et/ou fournisseur et FDNQ",""))))) -> Action cloturée | AJ59: 41723 | AK59: Sensibilisation fournisseur via le service client | AL59: 41728 | AM59: =IF(AL59<>0,NETWORKDAYS(B59,AL59),"") -> 7 | AP59: =COUNTIF(#REF!,FALSE) -> #REF! | AQ59: =COUNTIF($AG$5:$AG$1048576,AG59) -> 1
A60: 56 | B60: 41722 | C60: =MONTH(B60) -> 3 | D60: =YEAR(B60) -> 2014 | E60: 1058037 | F60: 31044 | G60: 31924 | H60: Condt. | I60: Cetelem | J60: HMO | L60: CTF COMMUN ENV 1/2 EUROP | M60: 5000 | N60: 400000 | O60: 375000 | P60: =IF(OR($T60="b4",$T60="b6",$T60="c8",$T60="c11",$T60="c10",$T60="c12",$T60="c14"),1,($M60/($N60/100))) -> 1.25 | Q60: 0.125 | R60: 0.083333333 | S60: Enveloppes collées: point de colle sur la languette, donc ne s'ouvrent pas ce qui provoque des arrêts machine et des bourrages; | T60: B3 | U60: =+LEFT(T60,1) -> B | V60: =VLOOKUP(T60,Codes!A$9:B$51,2,FALSE) -> Mauvaise qualité ou position des micro-perforations | AB60: =IF((AA60)<=2,"faible","fort") -> faible | AC60: =IF((P60)<=3,"faible","fort") -> faible | AD60: =IF(AND(AB60="Faible",AC60="Faible"),"Faible",IF(AND(AB60="Faible",AC60="Faible"),"Fort",IF(AND(AB60="Faible",AC60="Fort"),"Faible",IF(AND(AB60="Faible",AC60="Fort"),"Fort",IF(AND(AB60="Fort",AC60="Faible"),"Fort",IF(AND(AB60="Fort",AC60="Faible"),"Fort",IF(AND(AB60="Fort",AC60="Fort"),"Fort","Fort"))))))) -> Faible | AE60: =IF(AD60="Faible", "2", IF(AD60="Fort","5")) -> 2 | AF60: =COUNTIF($AG$5:$AG$1048576,AG60) -> 1 | AG60: =CONCATENATE(D60,E60,T60) -> 20141058037B3 | AH60: =IF(AL60<>0,"Action cloturée",IF(AND(E60="HMO",AD60="Faible"),"",IF(AND(J60="HMO",AD60="Fort"),"Informer immédiatement le client pour connaitre la marche à suivre",IF(AND(J60="MO",AD60="Faible"),"",IF(AND(J60="MO",AD60="Fort"),"Tri par agence d'intérim et/ou fournisseur et FDNQ",""))))) -> Action cloturée | AI60: RQUA14_09.doc | AJ60: 41723 | AK60: Contrôle sur étagère, RAS. Le phénomène perdure, ce jour sur 1500 enveloppes , 24 sont collées et provoqué des arrêts machine. 1 arrêt = 1 minute. | AL60: 41728 | AM60: =IF(AL60<>0,NETWORKDAYS(B60,AL60),"") -> 5 | AP60: =COUNTIF(#REF!,FALSE) -> #REF! | AQ60: =COUNTIF($AG$5:$AG$1048576,AG60) -> 1
A61: 57 | B61: 41723 | C61: =MONTH(B61) -> 3 | D61: =YEAR(B61) -> 2014 | E61: 1058446 | F61: 31638 | G61: 32815 | H61: Condt. | I61: OT | J61: MO | K61: Bong | L61: OT BULLE 170*265 | M61: 1 | N61: 24000 | O61: 22100 | P61: =IF(OR($T61="b4",$T61="b6",$T61="c8",$T61="c11",$T61="c10",$T61="c12",$T61="c14"),1,($M61/($N61/100))) -> 0.0041666667 | Q61: 0.0625 | R61: 0.10416667 | S61: essai d'affranchissementsur machine est un echec. Sorti de timbres à coller sur les enveloppe à la main. La nouvelle matière des enveloppes ne passe plus en machine à affranchir. | T61: B2 | U61: =+LEFT(T61,1) -> B | V61: =VLOOKUP(T61,Codes!A$9:B$51,2,FALSE) -> Produit inadapté au processus | AB61: =IF((AA61)<=2,"faible","fort") -> faible | AC61: =IF((P61)<=3,"faible","fort") -> faible | AD61: =IF(AND(AB61="Faible",AC61="Faible"),"Faible",IF(AND(AB61="Faible",AC61="Faible"),"Fort",IF(AND(AB61="Faible",AC61="Fort"),"Faible",IF(AND(AB61="Faible",AC61="Fort"),"Fort",IF(AND(AB61="Fort",AC61="Faible"),"Fort",IF(AND(AB61="Fort",AC61="Faible"),"Fort",IF(AND(AB61="Fort",AC61="Fort"),"Fort","Fort"))))))) -> Faible | AE61: =IF(AD61="Faible", "2", IF(AD61="Fort","5")) -> 2 | AF61: =COUNTIF($AG$5:$AG$1048576,AG61) -> 1 | AG61: =CONCATENATE(D61,E61,T61) -> 20141058446B2 | AH61: =IF(AL61<>0,"Action cloturée",IF(AND(E61="HMO",AD61="Faible"),"",IF(AND(J61="HMO",AD61="Fort"),"Informer immédiatement le client pour connaitre la marche à suivre",IF(AND(J61="MO",AD61="Faible"),"",IF(AND(J61="MO",AD61="Fort"),"Tri par agence d'intérim et/ou fournisseur et FDNQ",""))))) -> Action cloturée | AI61: C:\Users\ericjobe\Desktop\documents\Rapport env. bulle BONG.doc | AJ61: 41723 | AK61: Analyse en cour, le fournisseur viens sur le site le 27/03/2014 | AL61: 41725 | AM61: =IF(AL61<>0,NETWORKDAYS(B61,AL61),"") -> 3 | AP61: =COUNTIF(#REF!,FALSE) -> #REF! | AQ61: =COUNTIF($AG$5:$AG$1048576,AG61) -> 1
A62: 58 | B62: 41722 | C62: =MONTH(B62) -> 3 | D62: =YEAR(B62) -> 2014 | E62: 1058088 | F62: 32072 | G62: 32997 | H62: Stock Papier | I62: Diac France | J62: HMO | L62: DIAC CONTRAT ENTRETIEN RPE | M62: 24000 | N62: 24000 | O62: 24000 | P62: =IF(OR($T62="b4",$T62="b6",$T62="c8",$T62="c11",$T62="c10",$T62="c12",$T62="c14"),1,($M62/($N62/100))) -> 1 | Q62: 0 | R62: 0.0069444444 | S62: Les encarts sont conditionnés en cartons de 1000 au lieu d'être en ramette de 500 | T62: C8 | U62: =+LEFT(T62,1) -> C | V62: =VLOOKUP(T62,Codes!A$9:B$51,2,FALSE) -> Conditionnement inadapté | AB62: =IF((AA62)<=2,"faible","fort") -> faible | AC62: =IF((P62)<=3,"faible","fort") -> faible | AD62: =IF(AND(AB62="Faible",AC62="Faible"),"Faible",IF(AND(AB62="Faible",AC62="Faible"),"Fort",IF(AND(AB62="Faible",AC62="Fort"),"Faible",IF(AND(AB62="Faible",AC62="Fort"),"Fort",IF(AND(AB62="Fort",AC62="Faible"),"Fort",IF(AND(AB62="Fort",AC62="Faible"),"Fort",IF(AND(AB62="Fort",AC62="Fort"),"Fort","Fort"))))))) -> Faible | AE62: =IF(AD62="Faible", "2", IF(AD62="Fort","5")) -> 2 | AF62: =COUNTIF($AG$5:$AG$1048576,AG62) -> 1 | AG62: =CONCATENATE(D62,E62,T62) -> 20141058088C8 | AH62: =IF(AL62<>0,"Action cloturée",IF(AND(E62="HMO",AD62="Faible"),"",IF(AND(J62="HMO",AD62="Fort"),"Informer immédiatement le client pour connaitre la marche à suivre",IF(AND(J62="MO",AD62="Faible"),"",IF(AND(J62="MO",AD62="Fort"),"Tri par agence d'intérim et/ou fournisseur et FDNQ",""))))) -> Action cloturée | AJ62: 41724 | AK62: Sensibilsation fournisseur via le service client | AL62: 41724 | AM62: =IF(AL62<>0,NETWORKDAYS(B62,AL62),"") -> 3 | AP62: =COUNTIF(#REF!,FALSE) -> #REF! | AQ62: =COUNTIF($AG$5:$AG$1048576,AG62) -> 1
A63: 59 | B63: 41722 | C63: =MONTH(B63) -> 3 | D63: =YEAR(B63) -> 2014 | E63: 1057847 | F63: 32065 | G63: 32983 | H63: Stock Papier | I63: Oney | J63: HMO | L63: BQUE ACCORD ENC NORAUTO REN 10% | M63: 15000 | N63: 15000 | O63: 15000 | P63: =IF(OR($T63="b4",$T63="b6",$T63="c8",$T63="c11",$T63="c10",$T63="c12",$T63="c14"),1,($M63/($N63/100))) -> 1 | Q63: 0 | R63: 0.0069444444 | S63: Les encarts sont conditionnés en cartons de 2000 au lieu d'être en ramette de 500 | T63: C8 | U63: =+LEFT(T63,1) -> C | V63: =VLOOKUP(T63,Codes!A$9:B$51,2,FALSE) -> Conditionnement inadapté | AB63: =IF((AA63)<=2,"faible","fort") -> faible | AC63: =IF((P63)<=3,"faible","fort") -> faible | AD63: =IF(AND(AB63="Faible",AC63="Faible"),"Faible",IF(AND(AB63="Faible",AC63="Faible"),"Fort",IF(AND(AB63="Faible",AC63="Fort"),"Faible",IF(AND(AB63="Faible",AC63="Fort"),"Fort",IF(AND(AB63="Fort",AC63="Faible"),"Fort",IF(AND(AB63="Fort",AC63="Faible"),"Fort",IF(AND(AB63="Fort",AC63="Fort"),"Fort","Fort"))))))) -> Faible | AE63: =IF(AD63="Faible", "2", IF(AD63="Fort","5")) -> 2 | AF63: =COUNTIF($AG$5:$AG$1048576,AG63) -> 2 | AG63: =CONCATENATE(D63,E63,T63) -> 20141057847C8 | AH63: =IF(AL63<>0,"Action cloturée",IF(AND(E63="HMO",AD63="Faible"),"",IF(AND(J63="HMO",AD63="Fort"),"Informer immédiatement le client pour connaitre la marche à suivre",IF(AND(J63="MO",AD63="Faible"),"",IF(AND(J63="MO",AD63="Fort"),"Tri par agence d'intérim et/ou fournisseur et FDNQ",""))))) -> Action cloturée | AJ63: 41724 | AK63: Sensibilisation fournisseur via le service client | AL63: 41724 | AM63: =IF(AL63<>0,NETWORKDAYS(B63,AL63),"") -> 3 | AP63: =COUNTIF(#REF!,FALSE) -> #REF! | AQ63: =COUNTIF($AG$5:$AG$1048576,AG63) -> 2
A64: 60 | B64: 41722 | C64: =MONTH(B64) -> 3 | D64: =YEAR(B64) -> 2014 | E64: 1057846 | F64: 32065 | G64: 32983 | H64: Stock Papier | I64: Oney | J64: HMO | L64: BQUE ACCORD ENC NORAUTO CRE 300 POINTS | M64: 13000 | N64: 13000 | O64: 13000 | P64: =IF(OR($T64="b4",$T64="b6",$T64="c8",$T64="c11",$T64="c10",$T64="c12",$T64="c14"),1,($M64/($N64/100))) -> 1 | Q64: 0 | R64: 0.0069444444 | S64: Les encarts sont conditionnés en cartons de 2000 au lieu d'être en ramette de 50 | T64: C8 | U64: =+LEFT(T64,1) -> C | V64: =VLOOKUP(T64,Codes!A$9:B$51,2,FALSE) -> Conditionnement inadapté | AB64: =IF((AA64)<=2,"faible","fort") -> faible | AC64: =IF((P64)<=3,"faible","fort") -> faible | AD64: =IF(AND(AB64="Faible",AC64="Faible"),"Faible",IF(AND(AB64="Faible",AC64="Faible"),"Fort",IF(AND(AB64="Faible",AC64="Fort"),"Faible",IF(AND(AB64="Faible",AC64="Fort"),"Fort",IF(AND(AB64="Fort",AC64="Faible"),"Fort",IF(AND(AB64="Fort",AC64="Faible"),"Fort",IF(AND(AB64="Fort",AC64="Fort"),"Fort","Fort"))))))) -> Faible | AE64: =IF(AD64="Faible", "2", IF(AD64="Fort","5")) -> 2 | AF64: =COUNTIF($AG$5:$AG$1048576,AG64) -> 2 | AG64: =CONCATENATE(D64,E64,T64) -> 20141057846C8 | AH64: =IF(AL64<>0,"Action cloturée",IF(AND(E64="HMO",AD64="Faible"),"",IF(AND(J64="HMO",AD64="Fort"),"Informer immédiatement le client pour connaitre la marche à suivre",IF(AND(J64="MO",AD64="Faible"),"",IF(AND(J64="MO",AD64="Fort"),"Tri par agence d'intérim et/ou fournisseur et FDNQ",""))))) -> Action cloturée | AJ64: 41724 | AK64: Sensibilisation fournisseur via le service client | AL64: 41724 | AM64: =IF(AL64<>0,NETWORKDAYS(B64,AL64),"") -> 3 | AP64: =COUNTIF(#REF!,FALSE) -> #REF! | AQ64: =COUNTIF($AG$5:$AG$1048576,AG64) -> 2
A65: 61 | B65: 41724 | C65: =MONTH(B65) -> 3 | D65: =YEAR(B65) -> 2014 | E65: 1120082 | F65: 31121 | G65: 140326 | H65: Stock Papier | I65: Air France | J65: HMO | L65: APF Pochette bulle new logo AIR France | M65: 990 | N65: 9900 | O65: 9900 | P65: =IF(OR($T65="b4",$T65="b6",$T65="c8",$T65="c11",$T65="c10",$T65="c12",$T65="c14"),1,($M65/($N65/100))) -> 10 | Q65: 0 | R65: 0.010416667 | S65: cartons écrasseés, produit à l'intérieur abimé, pas vu lors du céchargement, car palettes filmées en noir. | T65: C7 | U65: =+LEFT(T65,1) -> C | V65: =VLOOKUP(T65,Codes!A$9:B$51,2,FALSE) -> produit déchiré, abimé dans l'emballage. | AB65: =IF((AA65)<=2,"faible","fort") -> faible | AC65: =IF((P65)<=3,"faible","fort") -> fort | AD65: =IF(AND(AB65="Faible",AC65="Faible"),"Faible",IF(AND(AB65="Faible",AC65="Faible"),"Fort",IF(AND(AB65="Faible",AC65="Fort"),"Faible",IF(AND(AB65="Faible",AC65="Fort"),"Fort",IF(AND(AB65="Fort",AC65="Faible"),"Fort",IF(AND(AB65="Fort",AC65="Faible"),"Fort",IF(AND(AB65="Fort",AC65="Fort"),"Fort","Fort"))))))) -> Faible | AE65: =IF(AD65="Faible", "2", IF(AD65="Fort","5")) -> 2 | AF65: =COUNTIF($AG$5:$AG$1048576,AG65) -> 1 | AG65: =CONCATENATE(D65,E65,T65) -> 20141120082C7 | AH65: =IF(AL65<>0,"Action cloturée",IF(AND(E65="HMO",AD65="Faible"),"",IF(AND(J65="HMO",AD65="Fort"),"Informer immédiatement le client pour connaitre la marche à suivre",IF(AND(J65="MO",AD65="Faible"),"",IF(AND(J65="MO",AD65="Fort"),"Tri par agence d'intérim et/ou fournisseur et FDNQ",""))))) -> Action cloturée | AJ65: 41725 | AK65: Réserve à émettre auprès du transporteur. | AL65: 41725 | AM65: =IF(AL65<>0,NETWORKDAYS(B65,AL65),"") -> 2 | AP65: =COUNTIF(#REF!,FALSE) -> #REF! | AQ65: =COUNTIF($AG$5:$AG$1048576,AG65) -> 1
A66: 62 | B66: 41732 | C66: =MONTH(B66) -> 4 | D66: =YEAR(B66) -> 2014 | E66: 1059919 | G66: B | H66: Production | I66: CEP | J66: MO | L66: CEP Carte à Piste TEMPO RESEAU OCEOR | M66: 1 | N66: 1 | O66: 1 | P66: =IF(OR($T66="b4",$T66="b6",$T66="c8",$T66="c11",$T66="c10",$T66="c12",$T66="c14"),1,($M66/($N66/100))) -> 100 | Q66: 0.0069444444 | R66: 0.020833333 | S66: Contrôle piste Nok avec paramètrage ISO 1 et 2 Bancaire. Obligé de contrôler en privatif. | T66: A9 | U66: =+LEFT(T66,1) -> A | V66: =VLOOKUP(T66,Codes!A$9:B$51,2,FALSE) -> Défaut carte préperso | AB66: =IF((AA66)<=2,"faible","fort") -> faible | AC66: =IF((P66)<=3,"faible","fort") -> fort | AD66: =IF(AND(AB66="Faible",AC66="Faible"),"Faible",IF(AND(AB66="Faible",AC66="Faible"),"Fort",IF(AND(AB66="Faible",AC66="Fort"),"Faible",IF(AND(AB66="Faible",AC66="Fort"),"Fort",IF(AND(AB66="Fort",AC66="Faible"),"Fort",IF(AND(AB66="Fort",AC66="Faible"),"Fort",IF(AND(AB66="Fort",AC66="Fort"),"Fort","Fort"))))))) -> Faible | AE66: =IF(AD66="Faible", "2", IF(AD66="Fort","5")) -> 2 | AF66: =COUNTIF($AG$5:$AG$1048576,AG66) -> 1 | AG66: =CONCATENATE(D66,E66,T66) -> 20141059919A9 | AH66: =IF(AL66<>0,"Action cloturée",IF(AND(E66="HMO",AD66="Faible"),"",IF(AND(J66="HMO",AD66="Fort"),"Informer immédiatement le client pour connaitre la marche à suivre",IF(AND(J66="MO",AD66="Faible"),"",IF(AND(J66="MO",AD66="Fort"),"Tri par agence d'intérim et/ou fournisseur et FDNQ",""))))) -> Action cloturée | AJ66: 41745 | AK66: transmission de infos à Mulann pour analyse 06/05/2014: vu en réuion qualité production: ce n'est pas un pb! | AL66: 41765 | AM66: =IF(AL66<>0,NETWORKDAYS(B66,AL66),"") -> 24 | AP66: =COUNTIF(#REF!,FALSE) -> #REF! | AQ66: =COUNTIF($AG$5:$AG$1048576,AG66) -> 1
A67: 63 | B67: 41739 | C67: =MONTH(B67) -> 4 | D67: =YEAR(B67) -> 2014 | E67: 1058626 | F67: 32525 | G67: 33388 | H67: Stock Papier | I67: picoty | J67: HMO | L67: PIC ETUIS CARTE AVIA | M67: 10000 | N67: 10000 | O67: 10000 | P67: =IF(OR($T67="b4",$T67="b6",$T67="c8",$T67="c11",$T67="c10",$T67="c12",$T67="c14"),1,($M67/($N67/100))) -> 1 | Q67: 0.0069444444 | R67: 0.010416667 | S67: LlES 2TUIS SONT EN VRAC DANS LES CARTONS | T67: c8 | U67: =+LEFT(T67,1) -> c | V67: =VLOOKUP(T67,Codes!A$9:B$51,2,FALSE) -> Conditionnement inadapté | AB67: =IF((AA67)<=2,"faible","fort") -> faible | AC67: =IF((P67)<=3,"faible","fort") -> faible | AD67: =IF(AND(AB67="Faible",AC67="Faible"),"Faible",IF(AND(AB67="Faible",AC67="Faible"),"Fort",IF(AND(AB67="Faible",AC67="Fort"),"Faible",IF(AND(AB67="Faible",AC67="Fort"),"Fort",IF(AND(AB67="Fort",AC67="Faible"),"Fort",IF(AND(AB67="Fort",AC67="Faible"),"Fort",IF(AND(AB67="Fort",AC67="Fort"),"Fort","Fort"))))))) -> Faible | AE67: =IF(AD67="Faible", "2", IF(AD67="Fort","5")) -> 2 | AF67: =COUNTIF($AG$5:$AG$1048576,AG67) -> 1 | AG67: =CONCATENATE(D67,E67,T67) -> 20141058626c8 | AH67: =IF(AL67<>0,"Action cloturée",IF(AND(E67="HMO",AD67="Faible"),"",IF(AND(J67="HMO",AD67="Fort"),"Informer immédiatement le client pour connaitre la marche à suivre",IF(AND(J67="MO",AD67="Faible"),"",IF(AND(J67="MO",AD67="Fort"),"Tri par agence d'intérim et/ou fournisseur et FDNQ",""))))) -> Action cloturée | AJ67: 41745 | AK67: Transmit au service client pour action | AL67: 41745 | AM67: =IF(AL67<>0,NETWORKDAYS(B67,AL67),"") -> 5 | AP67: =COUNTIF(#REF!,FALSE) -> #REF! | AQ67: =COUNTIF($AG$5:$AG$1048576,AG67) -> 1
A68: 64 | B68: 41739 | C68: =MONTH(B68) -> 4 | D68: =YEAR(B68) -> 2014 | E68: 1079204 | G68: A | H68: Production | I68: Total | J68: MO | L68: TOTAL RAFF GOLD CARD_79 | M68: 29 | N68: 500000 | O68: 267684 | P68: =IF(OR($T68="b4",$T68="b6",$T68="c8",$T68="c11",$T68="c10",$T68="c12",$T68="c14"),1,($M68/($N68/100))) -> 0.0058 | Q68: 0.020833333 | R68: 0.010416667 | S68: Les pistes des cartes sont basse, le GFX verso se grave donc à MOitié dessus | T68: A10 | U68: =+LEFT(T68,1) -> A | V68: =VLOOKUP(T68,Codes!A$9:B$51,2,FALSE) -> Défaut carte visuel. | AB68: =IF((AA68)<=2,"faible","fort") -> faible | AC68: =IF((P68)<=3,"faible","fort") -> faible | AD68: =IF(AND(AB68="Faible",AC68="Faible"),"Faible",IF(AND(AB68="Faible",AC68="Faible"),"Fort",IF(AND(AB68="Faible",AC68="Fort"),"Faible",IF(AND(AB68="Faible",AC68="Fort"),"Fort",IF(AND(AB68="Fort",AC68="Faible"),"Fort",IF(AND(AB68="Fort",AC68="Faible"),"Fort",IF(AND(AB68="Fort",AC68="Fort"),"Fort","Fort"))))))) -> Faible | AE68: =IF(AD68="Faible", "2", IF(AD68="Fort","5")) -> 2 | AF68: =COUNTIF($AG$5:$AG$1048576,AG68) -> 1 | AG68: =CONCATENATE(D68,E68,T68) -> 20141079204A10 | AH68: =IF(AL68<>0,"Action cloturée",IF(AND(E68="HMO",AD68="Faible"),"",IF(AND(J68="HMO",AD68="Fort"),"Informer immédiatement le client pour connaitre la marche à suivre",IF(AND(J68="MO",AD68="Faible"),"",IF(AND(J68="MO",AD68="Fort"),"Tri par agence d'intérim et/ou fournisseur et FDNQ",""))))) -> Action cloturée | AI68: SCANN\Total piste décallées001.jpg | AJ68: 41745 | AK68: Pb récurrent non résolu - production transférée à SHENXEN - voir suite à donner | AL68: 41745 | AM68: =IF(AL68<>0,NETWORKDAYS(B68,AL68),"") -> 5 | AP68: =COUNTIF(#REF!,FALSE) -> #REF! | AQ68: =COUNTIF($AG$5:$AG$1048576,AG68) -> 1
A69: 65 | B69: 41740 | C69: =MONTH(B69) -> 4 | D69: =YEAR(B69) -> 2014 | E69: Tous | H69: Exploit Info | I69: Accentiv | J69: HMO | L69: tous types d'encarts | M69: 1 | N69: 1 | O69: 1 | P69: =IF(OR($T69="b4",$T69="b6",$T69="c8",$T69="c11",$T69="c10",$T69="c12",$T69="c14"),1,($M69/($N69/100))) -> 100 | S69: lors de leur utilisation pour impression, les encarts de ce client dégagent une odeur'' chimique'' certainement liés aux encres utlisés lors de la fabrication. A long terme, je pense que cela peut-êtreX nocif pour les opérateurs. | T69: C9 | U69: =+LEFT(T69,1) -> C | V69: =VLOOKUP(T69,Codes!A$9:B$51,2,FALSE) -> Mauvaise impression sur le produit | AB69: =IF((AA69)<=2,"faible","fort") -> faible | AC69: =IF((P69)<=3,"faible","fort") -> fort | AD69: =IF(AND(AB69="Faible",AC69="Faible"),"Faible",IF(AND(AB69="Faible",AC69="Faible"),"Fort",IF(AND(AB69="Faible",AC69="Fort"),"Faible",IF(AND(AB69="Faible",AC69="Fort"),"Fort",IF(AND(AB69="Fort",AC69="Faible"),"Fort",IF(AND(AB69="Fort",AC69="Faible"),"Fort",IF(AND(AB69="Fort",AC69="Fort"),"Fort","Fort"))))))) -> Faible | AE69: =IF(AD69="Faible", "2", IF(AD69="Fort","5")) -> 2 | AF69: =COUNTIF($AG$5:$AG$1048576,AG69) -> 1 | AG69: =CONCATENATE(D69,E69,T69) -> 2014TousC9 | AH69: =IF(AL69<>0,"Action cloturée",IF(AND(E69="HMO",AD69="Faible"),"",IF(AND(J69="HMO",AD69="Fort"),"Informer immédiatement le client pour connaitre la marche à suivre",IF(AND(J69="MO",AD69="Faible"),"",IF(AND(J69="MO",AD69="Fort"),"Tri par agence d'intérim et/ou fournisseur et FDNQ",""))))) -> Action cloturée | AJ69: 41745 | AK69: Transmission des informations au service client | AL69: 41745 | AM69: =IF(AL69<>0,NETWORKDAYS(B69,AL69),"") -> 4 | AP69: =COUNTIF(#REF!,FALSE) -> #REF! | AQ69: =COUNTIF($AG$5:$AG$1048576,AG69) -> 1
A70: 66 | B70: 41740 | C70: =MONTH(B70) -> 4 | D70: =YEAR(B70) -> 2014 | E70: 1057646 1057847 | H70: Exploit Info | I70: Oney | J70: HMO | L70: tous types d'encarts | M70: 1 | N70: 1 | O70: 1 | P70: =IF(OR($T70="b4",$T70="b6",$T70="c8",$T70="c11",$T70="c10",$T70="c12",$T70="c14"),1,($M70/($N70/100))) -> 100 | S70: lors de leur utilisation pour impression, les encarts de ce client dégagent une odeur'' chimique'' certainement liés aux encres utlisés lors de la fabrication. A long terme, je pense que cela peut-êtreX nocif pour les opérateurs. | T70: C9 | U70: =+LEFT(T70,1) -> C | V70: =VLOOKUP(T70,Codes!A$9:B$51,2,FALSE) -> Mauvaise impression sur le produit | AB70: =IF((AA70)<=2,"faible","fort") -> faible | AC70: =IF((P70)<=3,"faible","fort") -> fort | AD70: =IF(AND(AB70="Faible",AC70="Faible"),"Faible",IF(AND(AB70="Faible",AC70="Faible"),"Fort",IF(AND(AB70="Faible",AC70="Fort"),"Faible",IF(AND(AB70="Faible",AC70="Fort"),"Fort",IF(AND(AB70="Fort",AC70="Faible"),"Fort",IF(AND(AB70="Fort",AC70="Faible"),"Fort",IF(AND(AB70="Fort",AC70="Fort"),"Fort","Fort"))))))) -> Faible | AE70: =IF(AD70="Faible", "2", IF(AD70="Fort","5")) -> 2 | AF70: =COUNTIF($AG$5:$AG$1048576,AG70) -> 1 | AG70: =CONCATENATE(D70,E70,T70) -> 20141057646 1057847C9 | AH70: =IF(AL70<>0,"Action cloturée",IF(AND(E70="HMO",AD70="Faible"),"",IF(AND(J70="HMO",AD70="Fort"),"Informer immédiatement le client pour connaitre la marche à suivre",IF(AND(J70="MO",AD70="Faible"),"",IF(AND(J70="MO",AD70="Fort"),"Tri par agence d'intérim et/ou fournisseur et FDNQ",""))))) -> Action cloturée | AJ70: 41745 | AK70: Transmission des informations au service client | AL70: 41745 | AM70: =IF(AL70<>0,NETWORKDAYS(B70,AL70),"") -> 4 | AP70: =COUNTIF(#REF!,FALSE) -> #REF! | AQ70: =COUNTIF($AG$5:$AG$1048576,AG70) -> 1
A71: 67 | B71: 41743 | C71: =MONTH(B71) -> 4 | D71: =YEAR(B71) -> 2014 | E71: 1057961 | F71: 30452 | G71: 140303 | H71: Exploit Info | I71: CEP | J71: MO | K71: Ediis | L71: CEP ENC CBI | M71: 40 | N71: 60000 | O71: 10000 | P71: =IF(OR($T71="b4",$T71="b6",$T71="c8",$T71="c11",$T71="c10",$T71="c12",$T71="c14"),1,($M71/($N71/100))) -> 0.066666667 | Q71: 0.0069444444 | R71: 0.010416667 | S71: Le verso de l'AMD est mal imprimé(très pale) et taché | T71: C9 | U71: =+LEFT(T71,1) -> C | V71: =VLOOKUP(T71,Codes!A$9:B$51,2,FALSE) -> Mauvaise impression sur le produit | AB71: =IF((AA71)<=2,"faible","fort") -> faible | AC71: =IF((P71)<=3,"faible","fort") -> faible | AD71: =IF(AND(AB71="Faible",AC71="Faible"),"Faible",IF(AND(AB71="Faible",AC71="Faible"),"Fort",IF(AND(AB71="Faible",AC71="Fort"),"Faible",IF(AND(AB71="Faible",AC71="Fort"),"Fort",IF(AND(AB71="Fort",AC71="Faible"),"Fort",IF(AND(AB71="Fort",AC71="Faible"),"Fort",IF(AND(AB71="Fort",AC71="Fort"),"Fort","Fort"))))))) -> Faible | AE71: =IF(AD71="Faible", "2", IF(AD71="Fort","5")) -> 2 | AF71: =COUNTIF($AG$5:$AG$1048576,AG71) -> 1 | AG71: =CONCATENATE(D71,E71,T71) -> 20141057961C9 | AH71: =IF(AL71<>0,"Action cloturée",IF(AND(E71="HMO",AD71="Faible"),"",IF(AND(J71="HMO",AD71="Fort"),"Informer immédiatement le client pour connaitre la marche à suivre",IF(AND(J71="MO",AD71="Faible"),"",IF(AND(J71="MO",AD71="Fort"),"Tri par agence d'intérim et/ou fournisseur et FDNQ",""))))) -> Action cloturée | AJ71: 41745 | AL71: 41745 | AM71: =IF(AL71<>0,NETWORKDAYS(B71,AL71),"") -> 3 | AP71: =COUNTIF(#REF!,FALSE) -> #REF! | AQ71: =COUNTIF($AG$5:$AG$1048576,AG71) -> 1
A72: 68 | B72: 41743 | C72: =MONTH(B72) -> 4 | D72: =YEAR(B72) -> 2014 | E72: 1057639 | F72: 30492 | G72: 32247 | H72: Exploit Info | I72: Amex | J72: MO | K72: Paragon Transaction | L72: AMD ENC AMD | M72: 0.0069444444 | N72: 385000 | O72: 344500 | P72: =IF(OR($T72="b4",$T72="b6",$T72="c8",$T72="c11",$T72="c10",$T72="c12",$T72="c14"),1,($M72/($N72/100))) -> 1.8037518e-06 | Q72: 0.0069444444 | R72: 0.010416667 | S72: lors de l'ouverture des ramette, je constate une bande de colle sur les encarts en haut de page. A prioiri, trop de colle à été déposé lors de la fermeture des ramettes | T72: C3 | U72: =+LEFT(T72,1) -> C | V72: =VLOOKUP(T72,Codes!A$9:B$51,2,FALSE) -> Produits collés entre eux | AB72: =IF((AA72)<=2,"faible","fort") -> faible | AC72: =IF((P72)<=3,"faible","fort") -> faible | AD72: =IF(AND(AB72="Faible",AC72="Faible"),"Faible",IF(AND(AB72="Faible",AC72="Faible"),"Fort",IF(AND(AB72="Faible",AC72="Fort"),"Faible",IF(AND(AB72="Faible",AC72="Fort"),"Fort",IF(AND(AB72="Fort",AC72="Faible"),"Fort",IF(AND(AB72="Fort",AC72="Faible"),"Fort",IF(AND(AB72="Fort",AC72="Fort"),"Fort","Fort"))))))) -> Faible | AE72: =IF(AD72="Faible", "2", IF(AD72="Fort","5")) -> 2 | AF72: =COUNTIF($AG$5:$AG$1048576,AG72) -> 2 | AG72: =CONCATENATE(D72,E72,T72) -> 20141057639C3 | AH72: =IF(AL72<>0,"Action cloturée",IF(AND(E72="HMO",AD72="Faible"),"",IF(AND(J72="HMO",AD72="Fort"),"Informer immédiatement le client pour connaitre la marche à suivre",IF(AND(J72="MO",AD72="Faible"),"",IF(AND(J72="MO",AD72="Fort"),"Tri par agence d'intérim et/ou fournisseur et FDNQ",""))))) -> Action cloturée | AJ72: 41745 | AL72: 41789 | AM72: =IF(AL72<>0,NETWORKDAYS(B72,AL72),"") -> 35 | AP72: =COUNTIF(#REF!,FALSE) -> #REF! | AQ72: =COUNTIF($AG$5:$AG$1048576,AG72) -> 2
A73: 69 | B73: 41743 | C73: =MONTH(B73) -> 4 | D73: =YEAR(B73) -> 2014 | E73: 1254922 | H73: Production | I73: amex | J73: MO | K73: OT Tweks | L73: Amex KLM Platinum-2011 Design (Dynamic) CosMO | M73: 17 | N73: 17 | O73: 17 | P73: =IF(OR($T73="b4",$T73="b6",$T73="c8",$T73="c11",$T73="c10",$T73="c12",$T73="c14"),1,($M73/($N73/100))) -> 100 | Q73: 0.041666667 | R73: 0.076388889 | S73: relief trop prononcé sur l'écriture ''AIR France/ KLM du support ce qui génère un problème d'impression thermique sur le stickers que l'on dépose dessus. | T73: A10 | U73: =+LEFT(T73,1) -> A | V73: =VLOOKUP(T73,Codes!A$9:B$51,2,FALSE) -> Défaut carte visuel. | AB73: =IF((AA73)<=2,"faible","fort") -> faible | AC73: =IF((P73)<=3,"faible","fort") -> fort | AD73: =IF(AND(AB73="Faible",AC73="Faible"),"Faible",IF(AND(AB73="Faible",AC73="Faible"),"Fort",IF(AND(AB73="Faible",AC73="Fort"),"Faible",IF(AND(AB73="Faible",AC73="Fort"),"Fort",IF(AND(AB73="Fort",AC73="Faible"),"Fort",IF(AND(AB73="Fort",AC73="Faible"),"Fort",IF(AND(AB73="Fort",AC73="Fort"),"Fort","Fort"))))))) -> Faible | AE73: =IF(AD73="Faible", "2", IF(AD73="Fort","5")) -> 2 | AF73: =COUNTIF($AG$5:$AG$1048576,AG73) -> 2 | AG73: =CONCATENATE(D73,E73,T73) -> 20141254922A10 | AH73: =IF(AL73<>0,"Action cloturée",IF(AND(E73="HMO",AD73="Faible"),"",IF(AND(J73="HMO",AD73="Fort"),"Informer immédiatement le client pour connaitre la marche à suivre",IF(AND(J73="MO",AD73="Faible"),"",IF(AND(J73="MO",AD73="Fort"),"Tri par agence d'intérim et/ou fournisseur et FDNQ",""))))) -> Action cloturée | AI73: SCANN\Amex gravure001.jpg | AJ73: 41745 | AK73: SCANN\Amex | AL73: 41789 | AM73: =IF(AL73<>0,NETWORKDAYS(B73,AL73),"") -> 35 | AP73: =COUNTIF(#REF!,FALSE) -> #REF! | AQ73: =COUNTIF($AG$5:$AG$1048576,AG73) -> 2
A74: 70 | B74: 41744 | C74: =MONTH(B74) -> 4 | D74: =YEAR(B74) -> 2014 | E74: 1057639 | F74: 30492 | G74: 32247 | H74: Exploit Info | I74: Amex | J74: MO | K74: Paragon Transaction | L74: AMD ENC AMD | M74: 0.0069444444 | N74: 385000 | O74: 344500 | P74: =IF(OR($T74="b4",$T74="b6",$T74="c8",$T74="c11",$T74="c10",$T74="c12",$T74="c14"),1,($M74/($N74/100))) -> 1.8037518e-06 | Q74: 0.0069444444 | R74: 0.010416667 | S74: lors de l'ouverture des ramette, je constate une bande de colle sur les encarts en haut de page. A prioiri, trop de colle à été déposé lors de la fermeture des ramettes | T74: C3 | U74: =+LEFT(T74,1) -> C | V74: =VLOOKUP(T74,Codes!A$9:B$51,2,FALSE) -> Produits collés entre eux | AB74: =IF((AA74)<=2,"faible","fort") -> faible | AC74: =IF((P74)<=3,"faible","fort") -> faible | AD74: =IF(AND(AB74="Faible",AC74="Faible"),"Faible",IF(AND(AB74="Faible",AC74="Faible"),"Fort",IF(AND(AB74="Faible",AC74="Fort"),"Faible",IF(AND(AB74="Faible",AC74="Fort"),"Fort",IF(AND(AB74="Fort",AC74="Faible"),"Fort",IF(AND(AB74="Fort",AC74="Faible"),"Fort",IF(AND(AB74="Fort",AC74="Fort"),"Fort","Fort"))))))) -> Faible | AE74: =IF(AD74="Faible", "2", IF(AD74="Fort","5")) -> 2 | AF74: =COUNTIF($AG$5:$AG$1048576,AG74) -> 2 | AG74: =CONCATENATE(D74,E74,T74) -> 20141057639C3 | AH74: =IF(AL74<>0,"Action cloturée",IF(AND(E74="HMO",AD74="Faible"),"",IF(AND(J74="HMO",AD74="Fort"),"Informer immédiatement le client pour connaitre la marche à suivre",IF(AND(J74="MO",AD74="Faible"),"",IF(AND(J74="MO",AD74="Fort"),"Tri par agence d'intérim et/ou fournisseur et FDNQ",""))))) -> Action cloturée | AJ74: 41744 | AL74: 41745 | AM74: =IF(AL74<>0,NETWORKDAYS(B74,AL74),"") -> 2 | AP74: =COUNTIF(#REF!,FALSE) -> #REF! | AQ74: =COUNTIF($AG$5:$AG$1048576,AG74) -> 2
A75: 71 | B75: 41744 | C75: =MONTH(B75) -> 4 | D75: =YEAR(B75) -> 2014 | E75: 1058226 | F75: 32017 | G75: 33419 | H75: Condt. | I75: GIP CPS | J75: MO | K75: GPV | L75: ASIP ENV ASIP SANTE | M75: 2500 | N75: 160000 | O75: 99000 | P75: =IF(OR($T75="b4",$T75="b6",$T75="c8",$T75="c11",$T75="c10",$T75="c12",$T75="c14"),1,($M75/($N75/100))) -> 1.5625 | Q75: 0.083333333 | R75: 0.034722222 | S75: Nous avons reçu une nouvelle enveloppe GIP CPS qui ne convient pas du tout à la mise sous plis sur BOWE, impossible à passer. De plus la texture de l'enveloppe change après le passage en machine. Passage sur Kern et BH obligatoire | T75: A8 | U75: =+LEFT(T75,1) -> A | V75: =VLOOKUP(T75,Codes!A$9:B$51,2,FALSE) -> Produit inadapté au processus (tension ruban, etc…) | AB75: =IF((AA75)<=2,"faible","fort") -> faible | AC75: =IF((P75)<=3,"faible","fort") -> faible | AD75: =IF(AND(AB75="Faible",AC75="Faible"),"Faible",IF(AND(AB75="Faible",AC75="Faible"),"Fort",IF(AND(AB75="Faible",AC75="Fort"),"Faible",IF(AND(AB75="Faible",AC75="Fort"),"Fort",IF(AND(AB75="Fort",AC75="Faible"),"Fort",IF(AND(AB75="Fort",AC75="Faible"),"Fort",IF(AND(AB75="Fort",AC75="Fort"),"Fort","Fort"))))))) -> Faible | AE75: =IF(AD75="Faible", "2", IF(AD75="Fort","5")) -> 2 | AF75: =COUNTIF($AG$5:$AG$1048576,AG75) -> 1 | AG75: =CONCATENATE(D75,E75,T75) -> 20141058226A8 | AH75: =IF(AL75<>0,"Action cloturée",IF(AND(E75="HMO",AD75="Faible"),"",IF(AND(J75="HMO",AD75="Fort"),"Informer immédiatement le client pour connaitre la marche à suivre",IF(AND(J75="MO",AD75="Faible"),"",IF(AND(J75="MO",AD75="Fort"),"Tri par agence d'intérim et/ou fournisseur et FDNQ",""))))) -> Action cloturée | AJ75: 41745 | AK75: Objet : ReMOnté conditionnement / Relevé de problème qualité n° 71 Le fournisseur m’avait indiqué avoir des difficultés lors de cette production, mais aucune amélioration n’a pu être apportée au vu de l’urgence concernant le délai de livraison qui devait se faire dans un délai serré. Restant à votre disposition. | AL75: 41747 | AM75: =IF(AL75<>0,NETWORKDAYS(B75,AL75),"") -> 4 | AP75: =COUNTIF(#REF!,FALSE) -> #REF! | AQ75: =COUNTIF($AG$5:$AG$1048576,AG75) -> 1
A76: 72 | B76: 41753 | C76: =MONTH(B76) -> 4 | D76: =YEAR(B76) -> 2014 | E76: 1247128 | F76: 32250 | G76: B | H76: Stock Carte | I76: BNP BANQUES CLIENTES | J76: MO | K76: OT Vitré | L76: Carte VISA Classic CORA R6 Patché | M76: 48 | N76: 2624 | O76: =2624-48 -> 2576 | P76: =IF(OR($T76="b4",$T76="b6",$T76="c8",$T76="c11",$T76="c10",$T76="c12",$T76="c14"),1,($M76/($N76/100))) -> 1.8292683 | Q76: 0 | R76: 0.041666667 | S76: Livraison de 2624 cartes CORA. Après tri par le stock carte, 48 cartes avec mauvais visuel au verso : visuel avec des xxxxxx sou s’'Fid. Cora'' | T76: A10 | U76: =+LEFT(T76,1) -> A | V76: =VLOOKUP(T76,Codes!A$9:B$51,2,FALSE) -> Défaut carte visuel. | AB76: =IF((AA76)<=2,"faible","fort") -> faible | AC76: =IF((P76)<=3,"faible","fort") -> faible | AD76: =IF(AND(AB76="Faible",AC76="Faible"),"Faible",IF(AND(AB76="Faible",AC76="Faible"),"Fort",IF(AND(AB76="Faible",AC76="Fort"),"Faible",IF(AND(AB76="Faible",AC76="Fort"),"Fort",IF(AND(AB76="Fort",AC76="Faible"),"Fort",IF(AND(AB76="Fort",AC76="Faible"),"Fort",IF(AND(AB76="Fort",AC76="Fort"),"Fort","Fort"))))))) -> Faible | AE76: =IF(AD76="Faible", "2", IF(AD76="Fort","5")) -> 2 | AF76: =COUNTIF($AG$5:$AG$1048576,AG76) -> 1 | AG76: =CONCATENATE(D76,E76,T76) -> 20141247128A10 | AH76: =IF(AL76<>0,"Action cloturée",IF(AND(E76="HMO",AD76="Faible"),"",IF(AND(J76="HMO",AD76="Fort"),"Informer immédiatement le client pour connaitre la marche à suivre",IF(AND(J76="MO",AD76="Faible"),"",IF(AND(J76="MO",AD76="Fort"),"Tri par agence d'intérim et/ou fournisseur et FDNQ",""))))) -> Action cloturée | AI76: Scan cartes CORA NOK | AJ76: 41754 | AK76: Communication à VITRE du problème rencontré via scan des cartes NOK/OK | AL76: 41753 | AM76: =IF(AL76<>0,NETWORKDAYS(B76,AL76),"") -> 1 | AP76: =COUNTIF(#REF!,FALSE) -> #REF! | AQ76: =COUNTIF($AG$5:$AG$1048576,AG76) -> 1
A77: 73 | B77: 41752 | C77: =MONTH(B77) -> 4 | D77: =YEAR(B77) -> 2014 | E77: 1168638 | F77: 31355 | G77: 32689 | H77: Condt. | I77: OT | J77: MO | K77: ARCA | L77: OT Stickers KERN | N77: 2500000 | O77: 720000 | P77: =IF(OR($T77="b4",$T77="b6",$T77="c8",$T77="c11",$T77="c10",$T77="c12",$T77="c14"),1,($M77/($N77/100))) -> 0 | Q77: 0.020833333 | R77: 0.010416667 | S77: Les stickers laissent un résidu de colle important.Nous devons utiliser du dispersant pour nettoyer les cartes. | T77: C13 | U77: =+LEFT(T77,1) -> C | V77: =VLOOKUP(T77,Codes!A$9:B$51,2,FALSE) -> Mauvais encollage | AB77: =IF((AA77)<=2,"faible","fort") -> faible | AC77: =IF((P77)<=3,"faible","fort") -> faible | AD77: =IF(AND(AB77="Faible",AC77="Faible"),"Faible",IF(AND(AB77="Faible",AC77="Faible"),"Fort",IF(AND(AB77="Faible",AC77="Fort"),"Faible",IF(AND(AB77="Faible",AC77="Fort"),"Fort",IF(AND(AB77="Fort",AC77="Faible"),"Fort",IF(AND(AB77="Fort",AC77="Faible"),"Fort",IF(AND(AB77="Fort",AC77="Fort"),"Fort","Fort"))))))) -> Faible | AE77: =IF(AD77="Faible", "2", IF(AD77="Fort","5")) -> 2 | AF77: =COUNTIF($AG$5:$AG$1048576,AG77) -> 2 | AG77: =CONCATENATE(D77,E77,T77) -> 20141168638C13 | AH77: =IF(AL77<>0,"Action cloturée",IF(AND(E77="HMO",AD77="Faible"),"",IF(AND(J77="HMO",AD77="Fort"),"Informer immédiatement le client pour connaitre la marche à suivre",IF(AND(J77="MO",AD77="Faible"),"",IF(AND(J77="MO",AD77="Fort"),"Tri par agence d'intérim et/ou fournisseur et FDNQ",""))))) -> Action cloturée | AJ77: 41764 | AK77: Aucune | AL77: 41764 | AM77: =IF(AL77<>0,NETWORKDAYS(B77,AL77),"") -> 9 | AP77: =COUNTIF(#REF!,FALSE) -> #REF! | AQ77: =COUNTIF($AG$5:$AG$1048576,AG77) -> 2
A78: 74 | B78: 41757 | C78: =MONTH(B78) -> 4 | D78: =YEAR(B78) -> 2014 | E78: 1259610 | F78: 32706 | G78: 33538 | H78: Condt. | I78: LBP | J78: HMO | L78: BPO Coffret Carte Visa Platinum | M78: 11 | N78: 6480 | O78: 3880 | P78: =IF(OR($T78="b4",$T78="b6",$T78="c8",$T78="c11",$T78="c10",$T78="c12",$T78="c14"),1,($M78/($N78/100))) -> 0.16975309 | Q78: 0.0097222222 | R78: 0.010416667 | S78: Coffrets avec des taches dessus | T78: C7 | U78: =+LEFT(T78,1) -> C | V78: =VLOOKUP(T78,Codes!A$9:B$51,2,FALSE) -> produit déchiré, abimé dans l'emballage. | AB78: =IF((AA78)<=2,"faible","fort") -> faible | AC78: =IF((P78)<=3,"faible","fort") -> faible | AD78: =IF(AND(AB78="Faible",AC78="Faible"),"Faible",IF(AND(AB78="Faible",AC78="Faible"),"Fort",IF(AND(AB78="Faible",AC78="Fort"),"Faible",IF(AND(AB78="Faible",AC78="Fort"),"Fort",IF(AND(AB78="Fort",AC78="Faible"),"Fort",IF(AND(AB78="Fort",AC78="Faible"),"Fort",IF(AND(AB78="Fort",AC78="Fort"),"Fort","Fort"))))))) -> Faible | AE78: =IF(AD78="Faible", "2", IF(AD78="Fort","5")) -> 2 | AF78: =COUNTIF($AG$5:$AG$1048576,AG78) -> 1 | AG78: =CONCATENATE(D78,E78,T78) -> 20141259610C7 | AH78: =IF(AL78<>0,"Action cloturée",IF(AND(E78="HMO",AD78="Faible"),"",IF(AND(J78="HMO",AD78="Fort"),"Informer immédiatement le client pour connaitre la marche à suivre",IF(AND(J78="MO",AD78="Faible"),"",IF(AND(J78="MO",AD78="Fort"),"Tri par agence d'intérim et/ou fournisseur et FDNQ",""))))) -> Action cloturée | AJ78: 41764 | AK78: Aucune | AL78: 41764 | AM78: =IF(AL78<>0,NETWORKDAYS(B78,AL78),"") -> 6 | AP78: =COUNTIF(#REF!,FALSE) -> #REF! | AQ78: =COUNTIF($AG$5:$AG$1048576,AG78) -> 1
A79: 75 | B79: 41757 | C79: =MONTH(B79) -> 4 | D79: =YEAR(B79) -> 2014 | E79: 1263648 | F79: 31730 | G79: 33722 | H79: Stock Papier | I79: NTX | J79: MO | K79: Burgopack | L79: NTX BRED Coffret Welcom Pack | M79: 1500 | N79: 1500 | O79: 1493 | P79: =IF(OR($T79="b4",$T79="b6",$T79="c8",$T79="c11",$T79="c10",$T79="c12",$T79="c14"),1,($M79/($N79/100))) -> 1 | Q79: 0.010416667 | R79: 0.010416667 | S79: Toutes les étiquettes sur les catons sont imprimées avec le mauvais ITEM | T79: B4 | U79: =+LEFT(T79,1) -> B | V79: =VLOOKUP(T79,Codes!A$9:B$51,2,FALSE) -> Mauvais étiquetage des cartons. | AB79: =IF((AA79)<=2,"faible","fort") -> faible | AC79: =IF((P79)<=3,"faible","fort") -> faible | AD79: =IF(AND(AB79="Faible",AC79="Faible"),"Faible",IF(AND(AB79="Faible",AC79="Faible"),"Fort",IF(AND(AB79="Faible",AC79="Fort"),"Faible",IF(AND(AB79="Faible",AC79="Fort"),"Fort",IF(AND(AB79="Fort",AC79="Faible"),"Fort",IF(AND(AB79="Fort",AC79="Faible"),"Fort",IF(AND(AB79="Fort",AC79="Fort"),"Fort","Fort"))))))) -> Faible | AE79: =IF(AD79="Faible", "2", IF(AD79="Fort","5")) -> 2 | AF79: =COUNTIF($AG$5:$AG$1048576,AG79) -> 1 | AG79: =CONCATENATE(D79,E79,T79) -> 20141263648B4 | AH79: =IF(AL79<>0,"Action cloturée",IF(AND(E79="HMO",AD79="Faible"),"",IF(AND(J79="HMO",AD79="Fort"),"Informer immédiatement le client pour connaitre la marche à suivre",IF(AND(J79="MO",AD79="Faible"),"",IF(AND(J79="MO",AD79="Fort"),"Tri par agence d'intérim et/ou fournisseur et FDNQ",""))))) -> Action cloturée | AJ79: 41764 | AK79: Aucune | AL79: 41764 | AM79: =IF(AL79<>0,NETWORKDAYS(B79,AL79),"") -> 6 | AP79: =COUNTIF(#REF!,FALSE) -> #REF! | AQ79: =COUNTIF($AG$5:$AG$1048576,AG79) -> 1
A80: 76 | B80: 41764 | C80: =MONTH(B80) -> 5 | D80: =YEAR(B80) -> 2014 | E80: 1150634 | F80: 26819 | G80: 27223 | H80: Condt. | I80: NTX | J80: HMO | L80: NTX Welcome Pack Visa Platinum | M80: 2 | N80: 6352 | O80: 1182 | P80: =IF(OR($T80="b4",$T80="b6",$T80="c8",$T80="c11",$T80="c10",$T80="c12",$T80="c14"),1,($M80/($N80/100))) -> 0.031486146 | Q80: 0.010416667 | R80: 0.010416667 | S80: Coffrets abîmés sur le côté droit. Contre collage mal poistionné, papier gondolé. | T80: C5 | U80: =+LEFT(T80,1) -> C | V80: =VLOOKUP(T80,Codes!A$9:B$51,2,FALSE) -> Produit monté à l'envers ou mal monté. | AB80: =IF((AA80)<=2,"faible","fort") -> faible | AC80: =IF((P80)<=3,"faible","fort") -> faible | AD80: =IF(AND(AB80="Faible",AC80="Faible"),"Faible",IF(AND(AB80="Faible",AC80="Faible"),"Fort",IF(AND(AB80="Faible",AC80="Fort"),"Faible",IF(AND(AB80="Faible",AC80="Fort"),"Fort",IF(AND(AB80="Fort",AC80="Faible"),"Fort",IF(AND(AB80="Fort",AC80="Faible"),"Fort",IF(AND(AB80="Fort",AC80="Fort"),"Fort","Fort"))))))) -> Faible | AE80: =IF(AD80="Faible", "2", IF(AD80="Fort","5")) -> 2 | AF80: =COUNTIF($AG$5:$AG$1048576,AG80) -> 1 | AG80: =CONCATENATE(D80,E80,T80) -> 20141150634C5 | AH80: =IF(AL80<>0,"Action cloturée",IF(AND(E80="HMO",AD80="Faible"),"",IF(AND(J80="HMO",AD80="Fort"),"Informer immédiatement le client pour connaitre la marche à suivre",IF(AND(J80="MO",AD80="Faible"),"",IF(AND(J80="MO",AD80="Fort"),"Tri par agence d'intérim et/ou fournisseur et FDNQ",""))))) -> Action cloturée | AJ80: 41764 | AK80: Aucune | AL80: 41764 | AM80: =IF(AL80<>0,NETWORKDAYS(B80,AL80),"") -> 1 | AP80: =COUNTIF(#REF!,FALSE) -> #REF! | AQ80: =COUNTIF($AG$5:$AG$1048576,AG80) -> 1
A81: 77 | B81: 41764 | C81: =MONTH(B81) -> 5 | D81: =YEAR(B81) -> 2014 | E81: 1058556 | F81: 30900 | G81: 32650 | H81: Condt. | I81: OT | J81: MO | K81: technoservices SRL | L81: OT PLASTIPOST PF 175*320+50 | M81: 10 | N81: 167000 | O81: 7000 | P81: =IF(OR($T81="b4",$T81="b6",$T81="c8",$T81="c11",$T81="c10",$T81="c12",$T81="c14"),1,($M81/($N81/100))) -> 0.005988024 | Q81: 0.0069444444 | R81: 0.010416667 | S81: La bande censée être autocollante n'a pas de colle. Obligé de souder chaque enveveloppe à la main pour les fermersue le lot CNTKF14050301 (3régions faites), une vingtaine de trouvées dispersées en petits tas de 5/6. | T81: C4 | U81: =+LEFT(T81,1) -> C | V81: =VLOOKUP(T81,Codes!A$9:B$51,2,FALSE) -> Absence ou manque de colle sur le produit | AA81: 2 | AB81: =IF((AA81)<=2,"faible","fort") -> faible | AC81: =IF((P81)<=3,"faible","fort") -> faible | AD81: =IF(AND(AB81="Faible",AC81="Faible"),"Faible",IF(AND(AB81="Faible",AC81="Faible"),"Fort",IF(AND(AB81="Faible",AC81="Fort"),"Faible",IF(AND(AB81="Faible",AC81="Fort"),"Fort",IF(AND(AB81="Fort",AC81="Faible"),"Fort",IF(AND(AB81="Fort",AC81="Faible"),"Fort",IF(AND(AB81="Fort",AC81="Fort"),"Fort","Fort"))))))) -> Faible | AE81: =IF(AD81="Faible", "2", IF(AD81="Fort","5")) -> 2 | AF81: =COUNTIF($AG$5:$AG$1048576,AG81) -> 1 | AG81: =CONCATENATE(D81,E81,T81) -> 20141058556C4 | AH81: =IF(AL81<>0,"Action cloturée",IF(AND(E81="HMO",AD81="Faible"),"",IF(AND(J81="HMO",AD81="Fort"),"Informer immédiatement le client pour connaitre la marche à suivre",IF(AND(J81="MO",AD81="Faible"),"",IF(AND(J81="MO",AD81="Fort"),"Tri par agence d'intérim et/ou fournisseur et FDNQ",""))))) -> Action cloturée | AJ81: 41773 | AK81: aucune | AL81: 41773 | AM81: =IF(AL81<>0,NETWORKDAYS(B81,AL81),"") -> 8 | AP81: =COUNTIF(#REF!,FALSE) -> #REF! | AQ81: =COUNTIF($AG$5:$AG$1048576,AG81) -> 1
A82: 78 | B82: 41768 | C82: =MONTH(B82) -> 5 | D82: =YEAR(B82) -> 2014 | E82: 1089718 1322663 1057706 | F82: 33000 | G82: 140509 | H82: Stock Papier | I82: Amex | J82: HMO | K82: MSP | L82: CAM4861 CAM6424 CAM7283 | M82: 1 | N82: 1 | O82: 1 | P82: =IF(OR($T82="b4",$T82="b6",$T82="c8",$T82="c11",$T82="c10",$T82="c12",$T82="c14"),1,($M82/($N82/100))) -> 1 | Q82: 0.010416667 | R82: 0.010416667 | S82: CAM4861 Annoncé 100 reçu 0 CAM6424 annoncé 300 reçu 100 CAM7283 annocé 500 reçu 350 | T82: C11 | U82: =+LEFT(T82,1) -> C | V82: =VLOOKUP(T82,Codes!A$9:B$51,2,FALSE) -> Quantité livrée non conforme au document. | AB82: =IF((AA82)<=2,"faible","fort") -> faible | AC82: =IF((P82)<=3,"faible","fort") -> faible | AD82: =IF(AND(AB82="Faible",AC82="Faible"),"Faible",IF(AND(AB82="Faible",AC82="Faible"),"Fort",IF(AND(AB82="Faible",AC82="Fort"),"Faible",IF(AND(AB82="Faible",AC82="Fort"),"Fort",IF(AND(AB82="Fort",AC82="Faible"),"Fort",IF(AND(AB82="Fort",AC82="Faible"),"Fort",IF(AND(AB82="Fort",AC82="Fort"),"Fort","Fort"))))))) -> Faible | AE82: =IF(AD82="Faible", "2", IF(AD82="Fort","5")) -> 2 | AF82: =COUNTIF($AG$5:$AG$1048576,AG82) -> 1 | AG82: =CONCATENATE(D82,E82,T82) -> 20141089718 1322663 1057706C11 | AH82: =IF(AL82<>0,"Action cloturée",IF(AND(E82="HMO",AD82="Faible"),"",IF(AND(J82="HMO",AD82="Fort"),"Informer immédiatement le client pour connaitre la marche à suivre",IF(AND(J82="MO",AD82="Faible"),"",IF(AND(J82="MO",AD82="Fort"),"Tri par agence d'intérim et/ou fournisseur et FDNQ",""))))) -> Action cloturée | AJ82: 41773 | AK82: aucune | AL82: 41773 | AM82: =IF(AL82<>0,NETWORKDAYS(B82,AL82),"") -> 4 | AP82: =COUNTIF(#REF!,FALSE) -> #REF! | AQ82: =COUNTIF($AG$5:$AG$1048576,AG82) -> 1
A83: 79 | B83: 41751 | C83: =MONTH(B83) -> 4 | D83: =YEAR(B83) -> 2014 | E83: 1058834 | F83: 31848 | G83: 140228 | H83: Condt. | I83: Total | J83: HMO | L83: TOT POCHETTES GR | M83: 1 | N83: 1 | O83: 1 | P83: =IF(OR($T83="b4",$T83="b6",$T83="c8",$T83="c11",$T83="c10",$T83="c12",$T83="c14"),1,($M83/($N83/100))) -> 100 | Q83: 0.010416667 | R83: 0.010416667 | S83: Certaine pochettes sont cpoupées au niveau du plastique transparent trait net sur toute la hauteur, et d'autres ont un problème du au découpage et sont abimées sur les bords extérieurs des pochettes. | T83: C7 | U83: =+LEFT(T83,1) -> C | V83: =VLOOKUP(T83,Codes!A$9:B$51,2,FALSE) -> produit déchiré, abimé dans l'emballage. | AB83: =IF((AA83)<=2,"faible","fort") -> faible | AC83: =IF((P83)<=3,"faible","fort") -> fort | AD83: =IF(AND(AB83="Faible",AC83="Faible"),"Faible",IF(AND(AB83="Faible",AC83="Faible"),"Fort",IF(AND(AB83="Faible",AC83="Fort"),"Faible",IF(AND(AB83="Faible",AC83="Fort"),"Fort",IF(AND(AB83="Fort",AC83="Faible"),"Fort",IF(AND(AB83="Fort",AC83="Faible"),"Fort",IF(AND(AB83="Fort",AC83="Fort"),"Fort","Fort"))))))) -> Faible | AE83: =IF(AD83="Faible", "2", IF(AD83="Fort","5")) -> 2 | AF83: =COUNTIF($AG$5:$AG$1048576,AG83) -> 1 | AG83: =CONCATENATE(D83,E83,T83) -> 20141058834C7 | AH83: =IF(AL83<>0,"Action cloturée",IF(AND(E83="HMO",AD83="Faible"),"",IF(AND(J83="HMO",AD83="Fort"),"Informer immédiatement le client pour connaitre la marche à suivre",IF(AND(J83="MO",AD83="Faible"),"",IF(AND(J83="MO",AD83="Fort"),"Tri par agence d'intérim et/ou fournisseur et FDNQ",""))))) -> Action cloturée | AJ83: 41773 | AK83: aucune | AL83: 41773 | AM83: =IF(AL83<>0,NETWORKDAYS(B83,AL83),"") -> 17 | AP83: =COUNTIF(#REF!,FALSE) -> #REF! | AQ83: =COUNTIF($AG$5:$AG$1048576,AG83) -> 1
A84: 80 | B84: 41772 | C84: =MONTH(B84) -> 5 | D84: =YEAR(B84) -> 2014 | E84: 1179166 1179167 | F84: 32992 | G84: 33930 | H84: Stock Papier | I84: Accentiv | J84: HMO | L84: ACV ENC LCAH SILVER ACV ENC LCAH PLATINUM | M84: 42000 | N84: 42000 | O84: 42000 | P84: =IF(OR($T84="b4",$T84="b6",$T84="c8",$T84="c11",$T84="c10",$T84="c12",$T84="c14"),1,($M84/($N84/100))) -> 1 | Q84: 0.010416667 | R84: 0.010416667 | S84: Nous avons du ouvrir tous les cartons, car pôur les deux séries nous avons reçu deux dates d'édition différentes (07.13 / 02,14) | T84: B6 | V84: =VLOOKUP(T84,Codes!A$9:B$51,2,FALSE) -> Plusieurs référence mélangées dans un même carton | AB84: =IF((AA84)<=2,"faible","fort") -> faible | AC84: =IF((P84)<=3,"faible","fort") -> faible | AD84: =IF(AND(AB84="Faible",AC84="Faible"),"Faible",IF(AND(AB84="Faible",AC84="Faible"),"Fort",IF(AND(AB84="Faible",AC84="Fort"),"Faible",IF(AND(AB84="Faible",AC84="Fort"),"Fort",IF(AND(AB84="Fort",AC84="Faible"),"Fort",IF(AND(AB84="Fort",AC84="Faible"),"Fort",IF(AND(AB84="Fort",AC84="Fort"),"Fort","Fort"))))))) -> Faible | AE84: =IF(AD84="Faible", "2", IF(AD84="Fort","5")) -> 2 | AF84: =COUNTIF($AG$5:$AG$1048576,AG84) -> 1 | AG84: =CONCATENATE(D84,E84,T84) -> 20141179166 1179167B6 | AH84: =IF(AL84<>0,"Action cloturée",IF(AND(E84="HMO",AD84="Faible"),"",IF(AND(J84="HMO",AD84="Fort"),"Informer immédiatement le client pour connaitre la marche à suivre",IF(AND(J84="MO",AD84="Faible"),"",IF(AND(J84="MO",AD84="Fort"),"Tri par agence d'intérim et/ou fournisseur et FDNQ",""))))) -> Action cloturée | AJ84: 41773 | AK84: aucune | AL84: 41773 | AM84: =IF(AL84<>0,NETWORKDAYS(B84,AL84),"") -> 2 | AP84: =COUNTIF(#REF!,FALSE) -> #REF! | AQ84: =COUNTIF($AG$5:$AG$1048576,AG84) -> 1
A85: 81 | B85: 41772 | C85: =MONTH(B85) -> 5 | D85: =YEAR(B85) -> 2014 | E85: 1116589 | H85: Production | I85: Aduno | J85: MO | K85: OT Vitré | L85: ADUNO MC Selfissued Gold World DIJON CFV2.2 | M85: 105 | N85: 706 | O85: 706 | P85: =IF(OR($T85="b4",$T85="b6",$T85="c8",$T85="c11",$T85="c10",$T85="c12",$T85="c14"),1,($M85/($N85/100))) -> 14.872521 | Q85: 0.33333333 | R85: 0.25 | S85: Suite à un défaut lors du contrôle chef d'équipe nous avons idenbtifié un nombre important de cartes qui étaient défectueuse au contrôle puce, en les contrôlant une à unecartes fabriquées sur MX 6000 (240) essai d'un autre fichier de 156 cartes SilverAffaire ax:1116600 et pas de pb. essai 20 cartes silver Privat2,2 Ax:1116598 pas de pb MX 6000 (239) même essai sur 20 cartes sur MX 6000 (240) avec 20 cartes pas de pb. | T85: A9 | U85: =+LEFT(T85,1) -> A | V85: =VLOOKUP(T85,Codes!A$9:B$51,2,FALSE) -> Défaut carte préperso | AB85: =IF((AA85)<=2,"faible","fort") -> faible | AC85: =IF((P85)<=3,"faible","fort") -> fort | AD85: =IF(AND(AB85="Faible",AC85="Faible"),"Faible",IF(AND(AB85="Faible",AC85="Faible"),"Fort",IF(AND(AB85="Faible",AC85="Fort"),"Faible",IF(AND(AB85="Faible",AC85="Fort"),"Fort",IF(AND(AB85="Fort",AC85="Faible"),"Fort",IF(AND(AB85="Fort",AC85="Faible"),"Fort",IF(AND(AB85="Fort",AC85="Fort"),"Fort","Fort"))))))) -> Faible | AE85: =IF(AD85="Faible", "2", IF(AD85="Fort","5")) -> 2 | AF85: =COUNTIF($AG$5:$AG$1048576,AG85) -> 1 | AG85: =CONCATENATE(D85,E85,T85) -> 20141116589A9 | AH85: =IF(AL85<>0,"Action cloturée",IF(AND(E85="HMO",AD85="Faible"),"",IF(AND(J85="HMO",AD85="Fort"),"Informer immédiatement le client pour connaitre la marche à suivre",IF(AND(J85="MO",AD85="Faible"),"",IF(AND(J85="MO",AD85="Fort"),"Tri par agence d'intérim et/ou fournisseur et FDNQ",""))))) -> Action cloturée | AJ85: 41772 | AK85: Décision : suite à la réunion de ce matin avec M. ALLOYER (Directeur de Production), P. GRIMOIN (Resp ; Fabrication), JL FRANCOIS (Tech Qualité) pour déterminer la meilleur solution et finir le REN (gros quantité) : - Faire les cartes Sylver REN du MOis de MAI sur MX600 (environ 200 avec photo) puis vérifier la mise sous tension par le service qualité , = contrôle 100/100%, - Faire les cartes REN et CRE Gold et Sylver sans photos sur DC9000 = contrôle standard, - Toutes les cartes REN et CRE lors de la phase d’appairage mécanique ou manuel, = contrôles mécaniques à 100/100%, - Envoyer quelques carte à Vitré pour expertise, - Bloquer le OF Gold 1116589 OF 006WK157066 (quantité 4163) au stock en attendant le retour d’analyse de Vitré, pour prendre une décision sur la suite des cartes, - Sortir uniquement les cartes 1116589, OF 006WK152163, quantité 4000 et suivre l’évolution du nombre de rebut, - Demander à Vitré le nombre de carte sur l’OF 006Wk157066, pour vérifier combien de carte nous avons utilisées - Informer le Service Client (Emilie LACROIX) sur le dossier et l’éventuel problème surtout du fait de bloquer les cartes, (fait ce matin) | AL85: 41793 | AM85: =IF(AL85<>0,NETWORKDAYS(B85,AL85),"") -> 16 | AP85: =COUNTIF(#REF!,FALSE) -> #REF! | AQ85: =COUNTIF($AG$5:$AG$1048576,AG85) -> 1
A86: 82 | B86: 41771 | C86: =MONTH(B86) -> 5 | D86: =YEAR(B86) -> 2014 | E86: 1058225 | F86: 31843 | G86: 33294 | H86: Exploit Info | I86: ASIP | J86: MO | K86: Gresset Imprimeur | L86: ASIP ENC ASIP SANTE | M86: 500 | N86: 93000 | O86: 10500 | P86: =IF(OR($T86="b4",$T86="b6",$T86="c8",$T86="c11",$T86="c10",$T86="c12",$T86="c14"),1,($M86/($N86/100))) -> 0.53763441 | Q86: 0.0069444444 | R86: 0.083333333 | S86: Tàache d'encre rouge en haut à gauche des encarts | T86: C9 | U86: =+LEFT(T86,1) -> C | V86: =VLOOKUP(T86,Codes!A$9:B$51,2,FALSE) -> Mauvaise impression sur le produit | AB86: =IF((AA86)<=2,"faible","fort") -> faible | AC86: =IF((P86)<=3,"faible","fort") -> faible | AD86: =IF(AND(AB86="Faible",AC86="Faible"),"Faible",IF(AND(AB86="Faible",AC86="Faible"),"Fort",IF(AND(AB86="Faible",AC86="Fort"),"Faible",IF(AND(AB86="Faible",AC86="Fort"),"Fort",IF(AND(AB86="Fort",AC86="Faible"),"Fort",IF(AND(AB86="Fort",AC86="Faible"),"Fort",IF(AND(AB86="Fort",AC86="Fort"),"Fort","Fort"))))))) -> Faible | AE86: =IF(AD86="Faible", "2", IF(AD86="Fort","5")) -> 2 | AF86: =COUNTIF($AG$5:$AG$1048576,AG86) -> 2 | AG86: =CONCATENATE(D86,E86,T86) -> 20141058225C9 | AH86: =IF(AL86<>0,"Action cloturée",IF(AND(E86="HMO",AD86="Faible"),"",IF(AND(J86="HMO",AD86="Fort"),"Informer immédiatement le client pour connaitre la marche à suivre",IF(AND(J86="MO",AD86="Faible"),"",IF(AND(J86="MO",AD86="Fort"),"Tri par agence d'intérim et/ou fournisseur et FDNQ",""))))) -> Action cloturée | AI86: PQUA14_13 | AJ86: 41775 | AK86: voir FDNQ | AL86: 41789 | AM86: =IF(AL86<>0,NETWORKDAYS(B86,AL86),"") -> 15 | AP86: =COUNTIF(#REF!,FALSE) -> #REF! | AQ86: =COUNTIF($AG$5:$AG$1048576,AG86) -> 2
A87: 83 | B87: 41772 | C87: =MONTH(B87) -> 5 | D87: =YEAR(B87) -> 2014 | E87: 1058225 | F87: 31843 | G87: 33294 | H87: Exploit Info | I87: ASIP | J87: MO | K87: Gresset Imprimeur | L87: ASIP ENC ASIP SANTE | M87: 500 | N87: 93000 | O87: 10500 | P87: =IF(OR($T87="b4",$T87="b6",$T87="c8",$T87="c11",$T87="c10",$T87="c12",$T87="c14"),1,($M87/($N87/100))) -> 0.53763441 | Q87: 0.0069444444 | R87: 0.083333333 | S87: Tàache d'encre rouge en haut à gauche des encarts | T87: C9 | U87: =+LEFT(T87,1) -> C | V87: =VLOOKUP(T87,Codes!A$9:B$51,2,FALSE) -> Mauvaise impression sur le produit | AB87: =IF((AA87)<=2,"faible","fort") -> faible | AC87: =IF((P87)<=3,"faible","fort") -> faible | AD87: =IF(AND(AB87="Faible",AC87="Faible"),"Faible",IF(AND(AB87="Faible",AC87="Faible"),"Fort",IF(AND(AB87="Faible",AC87="Fort"),"Faible",IF(AND(AB87="Faible",AC87="Fort"),"Fort",IF(AND(AB87="Fort",AC87="Faible"),"Fort",IF(AND(AB87="Fort",AC87="Faible"),"Fort",IF(AND(AB87="Fort",AC87="Fort"),"Fort","Fort"))))))) -> Faible | AE87: =IF(AD87="Faible", "2", IF(AD87="Fort","5")) -> 2 | AF87: =COUNTIF($AG$5:$AG$1048576,AG87) -> 2 | AG87: =CONCATENATE(D87,E87,T87) -> 20141058225C9 | AH87: =IF(AL87<>0,"Action cloturée",IF(AND(E87="HMO",AD87="Faible"),"",IF(AND(J87="HMO",AD87="Fort"),"Informer immédiatement le client pour connaitre la marche à suivre",IF(AND(J87="MO",AD87="Faible"),"",IF(AND(J87="MO",AD87="Fort"),"Tri par agence d'intérim et/ou fournisseur et FDNQ",""))))) -> Action cloturée | AI87: PQUA14_14 | AJ87: 41775 | AK87: voir FDNQ | AL87: 41789 | AM87: =IF(AL87<>0,NETWORKDAYS(B87,AL87),"") -> 14 | AP87: =COUNTIF(#REF!,FALSE) -> #REF! | AQ87: =COUNTIF($AG$5:$AG$1048576,AG87) -> 2
A88: 84 | B88: 41773 | C88: =MONTH(B88) -> 5 | D88: =YEAR(B88) -> 2014 | E88: 1198387 | F88: 32730 | G88: 33917 | H88: Condt. | I88: Prixtel | J88: HMO | K88: IDMM -Client | L88: PRI ENCART PRIXTEL | M88: 51000 | N88: 51000 | O88: 50000 | P88: =IF(OR($T88="b4",$T88="b6",$T88="c8",$T88="c11",$T88="c10",$T88="c12",$T88="c14"),1,($M88/($N88/100))) -> 100 | Q88: 0.0069444444 | R88: 0.083333333 | S88: Les ebcarts ne sont pas micro-perforéd comme au paravant. Je vais avoir beaucoup de mal à trouver un bon pli car les encarts rainurés et les rainuresne sont pas au bon endroit. Risque de marque sur le 1er pli. Il n'y a pas eu de test | T88: A3 | U88: =+LEFT(T88,1) -> A | V88: =VLOOKUP(T88,Codes!A$9:B$51,2,FALSE) -> Absence de pré-perforation ou micro-perforation | AB88: =IF((AA88)<=2,"faible","fort") -> faible | AC88: =IF((P88)<=3,"faible","fort") -> fort | AD88: =IF(AND(AB88="Faible",AC88="Faible"),"Faible",IF(AND(AB88="Faible",AC88="Faible"),"Fort",IF(AND(AB88="Faible",AC88="Fort"),"Faible",IF(AND(AB88="Faible",AC88="Fort"),"Fort",IF(AND(AB88="Fort",AC88="Faible"),"Fort",IF(AND(AB88="Fort",AC88="Faible"),"Fort",IF(AND(AB88="Fort",AC88="Fort"),"Fort","Fort"))))))) -> Faible | AE88: =IF(AD88="Faible", "2", IF(AD88="Fort","5")) -> 2 | AF88: =COUNTIF($AG$5:$AG$1048576,AG88) -> 1 | AG88: =CONCATENATE(D88,E88,T88) -> 20141198387A3 | AH88: =IF(AL88<>0,"Action cloturée",IF(AND(E88="HMO",AD88="Faible"),"",IF(AND(J88="HMO",AD88="Fort"),"Informer immédiatement le client pour connaitre la marche à suivre",IF(AND(J88="MO",AD88="Faible"),"",IF(AND(J88="MO",AD88="Fort"),"Tri par agence d'intérim et/ou fournisseur et FDNQ",""))))) -> Action cloturée | AI88: RQUA14_10 | AJ88: 41775 | AK88: Voir rapport client cette livraison a bien été envoyée par le client nous sommes en Hors maitrise d'œuvre sur cette livraison. Envoyé le 20/05/14 à J MUTIN qui était déjà au courant, déjà évoqué avec Romain | AL88: 41789 | AM88: =IF(AL88<>0,NETWORKDAYS(B88,AL88),"") -> 13 | AP88: =COUNTIF(#REF!,FALSE) -> #REF! | AQ88: =COUNTIF($AG$5:$AG$1048576,AG88) -> 1
A89: 85 | B89: 41775 | C89: =MONTH(B89) -> 5 | D89: =YEAR(B89) -> 2014 | E89: 1058556 | F89: 32229 | G89: 34136 | H89: Condt. | I89: OT | J89: MO | K89: technoservices SRL | L89: OT PLASTIPOST PF 175*320+50 | N89: 168000 | O89: 154000 | P89: =IF(OR($T89="b4",$T89="b6",$T89="c8",$T89="c11",$T89="c10",$T89="c12",$T89="c14"),1,($M89/($N89/100))) -> 0 | Q89: 0.010416667 | R89: 0.0069444444 | S89: Les enveloppes collent entre elle. Du mal à mettre les cartes | T89: B1 | U89: =+LEFT(T89,1) -> B | V89: =VLOOKUP(T89,Codes!A$9:B$51,2,FALSE) -> Produit chargé en électricité Statique | AA89: 3 | AB89: =IF((AA89)<=2,"faible","fort") -> fort | AC89: =IF((P89)<=3,"faible","fort") -> faible | AD89: =IF(AND(AB89="Faible",AC89="Faible"),"Faible",IF(AND(AB89="Faible",AC89="Faible"),"Fort",IF(AND(AB89="Faible",AC89="Fort"),"Faible",IF(AND(AB89="Faible",AC89="Fort"),"Fort",IF(AND(AB89="Fort",AC89="Faible"),"Fort",IF(AND(AB89="Fort",AC89="Faible"),"Fort",IF(AND(AB89="Fort",AC89="Fort"),"Fort","Fort"))))))) -> Fort | AE89: =IF(AD89="Faible", "2", IF(AD89="Fort","5")) -> 5 | AF89: =COUNTIF($AG$5:$AG$1048576,AG89) -> 2 | AG89: =CONCATENATE(D89,E89,T89) -> 20141058556B1 | AH89: =IF(AL89<>0,"Action cloturée",IF(AND(E89="HMO",AD89="Faible"),"",IF(AND(J89="HMO",AD89="Fort"),"Informer immédiatement le client pour connaitre la marche à suivre",IF(AND(J89="MO",AD89="Faible"),"",IF(AND(J89="MO",AD89="Fort"),"Tri par agence d'intérim et/ou fournisseur et FDNQ",""))))) -> Action cloturée | AJ89: 41780 | AK89: aucune | AL89: 41780 | AM89: =IF(AL89<>0,NETWORKDAYS(B89,AL89),"") -> 4 | AP89: =COUNTIF(#REF!,FALSE) -> #REF! | AQ89: =COUNTIF($AG$5:$AG$1048576,AG89) -> 2
A90: 86 | B90: 41778 | C90: =MONTH(B90) -> 5 | D90: =YEAR(B90) -> 2014 | E90: 1294317 | F90: 33232 | G90: 34179 | H90: Stock Papier | I90: CEMBRA | J90: HMO | L90: CEM Dépliant CSS Assurance DE | N90: 17000 | P90: =IF(OR($T90="b4",$T90="b6",$T90="c8",$T90="c11",$T90="c10",$T90="c12",$T90="c14"),1,($M90/($N90/100))) -> 1 | Q90: 0.0069444444 | R90: 0.0069444444 | S90: Les 170 paquets de dépliants allemand n'ont pas été attachés avec la banderole. | T90: C8 | U90: =+LEFT(T90,1) -> C | V90: =VLOOKUP(T90,Codes!A$9:B$51,2,FALSE) -> Conditionnement inadapté | AB90: =IF((AA90)<=2,"faible","fort") -> faible | AC90: =IF((P90)<=3,"faible","fort") -> faible | AD90: =IF(AND(AB90="Faible",AC90="Faible"),"Faible",IF(AND(AB90="Faible",AC90="Faible"),"Fort",IF(AND(AB90="Faible",AC90="Fort"),"Faible",IF(AND(AB90="Faible",AC90="Fort"),"Fort",IF(AND(AB90="Fort",AC90="Faible"),"Fort",IF(AND(AB90="Fort",AC90="Faible"),"Fort",IF(AND(AB90="Fort",AC90="Fort"),"Fort","Fort"))))))) -> Faible | AE90: =IF(AD90="Faible", "2", IF(AD90="Fort","5")) -> 2 | AF90: =COUNTIF($AG$5:$AG$1048576,AG90) -> 1 | AG90: =CONCATENATE(D90,E90,T90) -> 20141294317C8 | AH90: =IF(AL90<>0,"Action cloturée",IF(AND(E90="HMO",AD90="Faible"),"",IF(AND(J90="HMO",AD90="Fort"),"Informer immédiatement le client pour connaitre la marche à suivre",IF(AND(J90="MO",AD90="Faible"),"",IF(AND(J90="MO",AD90="Fort"),"Tri par agence d'intérim et/ou fournisseur et FDNQ",""))))) -> Action cloturée | AJ90: 41780 | AK90: aucune | AL90: 41780 | AM90: =IF(AL90<>0,NETWORKDAYS(B90,AL90),"") -> 3 | AP90: =COUNTIF(#REF!,FALSE) -> #REF! | AQ90: =COUNTIF($AG$5:$AG$1048576,AG90) -> 1
A91: 87 | B91: 41778 | C91: =MONTH(B91) -> 5 | D91: =YEAR(B91) -> 2014 | E91: 1058555 | F91: 31900 | G91: 33390 | H91: Condt. | I91: OT | J91: MO | K91: GPV | L91: OT PLASTIPOST GF 300*365+50 | N91: 76000 | O91: 35000 | P91: =IF(OR($T91="b4",$T91="b6",$T91="c8",$T91="c11",$T91="c10",$T91="c12",$T91="c14"),1,($M91/($N91/100))) -> 0 | Q91: 0.010416667 | R91: 0.0069444444 | S91: Les enveloppes collent entre elle. Du mal à mettre les cartes | T91: B1 | U91: =+LEFT(T91,1) -> B | V91: =VLOOKUP(T91,Codes!A$9:B$51,2,FALSE) -> Produit chargé en électricité Statique | AB91: =IF((AA91)<=2,"faible","fort") -> faible | AC91: =IF((P91)<=3,"faible","fort") -> faible | AD91: =IF(AND(AB91="Faible",AC91="Faible"),"Faible",IF(AND(AB91="Faible",AC91="Faible"),"Fort",IF(AND(AB91="Faible",AC91="Fort"),"Faible",IF(AND(AB91="Faible",AC91="Fort"),"Fort",IF(AND(AB91="Fort",AC91="Faible"),"Fort",IF(AND(AB91="Fort",AC91="Faible"),"Fort",IF(AND(AB91="Fort",AC91="Fort"),"Fort","Fort"))))))) -> Faible | AE91: =IF(AD91="Faible", "2", IF(AD91="Fort","5")) -> 2 | AF91: =COUNTIF($AG$5:$AG$1048576,AG91) -> 1 | AG91: =CONCATENATE(D91,E91,T91) -> 20141058555B1 | AH91: =IF(AL91<>0,"Action cloturée",IF(AND(E91="HMO",AD91="Faible"),"",IF(AND(J91="HMO",AD91="Fort"),"Informer immédiatement le client pour connaitre la marche à suivre",IF(AND(J91="MO",AD91="Faible"),"",IF(AND(J91="MO",AD91="Fort"),"Tri par agence d'intérim et/ou fournisseur et FDNQ",""))))) -> Action cloturée | AJ91: 41780 | AK91: Transmission des informations au service client | AL91: 41780 | AM91: =IF(AL91<>0,NETWORKDAYS(B91,AL91),"") -> 3 | AP91: =COUNTIF(#REF!,FALSE) -> #REF! | AQ91: =COUNTIF($AG$5:$AG$1048576,AG91) -> 1
A92: 88 | B92: 41778 | C92: =MONTH(B92) -> 5 | D92: =YEAR(B92) -> 2014 | E92: 1058210 | F92: 32604 | G92: 33983 | H92: Condt. | I92: CEMBRA | J92: MO | K92: GPV | L92: CEM ENV GE MONEY | M92: 193 | N92: 150000 | O92: 114000 | P92: =IF(OR($T92="b4",$T92="b6",$T92="c8",$T92="c11",$T92="c10",$T92="c12",$T92="c14"),1,($M92/($N92/100))) -> 0.12866667 | Q92: 0.010416667 | R92: 0.0069444444 | S92: Pas asseX de colle sur les enveloppes, donc elles s'ouvrent. | T92: C4 | U92: =+LEFT(T92,1) -> C | V92: =VLOOKUP(T92,Codes!A$9:B$51,2,FALSE) -> Absence ou manque de colle sur le produit | AB92: =IF((AA92)<=2,"faible","fort") -> faible | AC92: =IF((P92)<=3,"faible","fort") -> faible | AD92: =IF(AND(AB92="Faible",AC92="Faible"),"Faible",IF(AND(AB92="Faible",AC92="Faible"),"Fort",IF(AND(AB92="Faible",AC92="Fort"),"Faible",IF(AND(AB92="Faible",AC92="Fort"),"Fort",IF(AND(AB92="Fort",AC92="Faible"),"Fort",IF(AND(AB92="Fort",AC92="Faible"),"Fort",IF(AND(AB92="Fort",AC92="Fort"),"Fort","Fort"))))))) -> Faible | AE92: =IF(AD92="Faible", "2", IF(AD92="Fort","5")) -> 2 | AF92: =COUNTIF($AG$5:$AG$1048576,AG92) -> 1 | AG92: =CONCATENATE(D92,E92,T92) -> 20141058210C4 | AH92: =IF(AL92<>0,"Action cloturée",IF(AND(E92="HMO",AD92="Faible"),"",IF(AND(J92="HMO",AD92="Fort"),"Informer immédiatement le client pour connaitre la marche à suivre",IF(AND(J92="MO",AD92="Faible"),"",IF(AND(J92="MO",AD92="Fort"),"Tri par agence d'intérim et/ou fournisseur et FDNQ",""))))) -> Action cloturée | AJ92: 41780 | AK92: aucune | AL92: 41780 | AM92: =IF(AL92<>0,NETWORKDAYS(B92,AL92),"") -> 3 | AP92: =COUNTIF(#REF!,FALSE) -> #REF! | AQ92: =COUNTIF($AG$5:$AG$1048576,AG92) -> 1
A93: 89 | B93: 41779 | C93: =MONTH(B93) -> 5 | D93: =YEAR(B93) -> 2014 | E93: 1058662 | F93: 30234 | G93: 30911 | H93: Condt. | I93: SG | J93: HMO | L93: CSG CONDT GENERALE TOUTES CARTES | N93: 337500 | O93: 158750 | P93: =IF(OR($T93="b4",$T93="b6",$T93="c8",$T93="c11",$T93="c10",$T93="c12",$T93="c14"),1,($M93/($N93/100))) -> 1 | Q93: 0.16666667 | R93: 0.010416667 | S93: Doc non conforme. Manque des pages. Beaucoup de rejetd suite à une mauvaise pesée+ arrêt machine. | T93: C10 | U93: =+LEFT(T93,1) -> C | V93: =VLOOKUP(T93,Codes!A$9:B$51,2,FALSE) -> Manque tout ou partie des documents. | AB93: =IF((AA93)<=2,"faible","fort") -> faible | AC93: =IF((P93)<=3,"faible","fort") -> faible | AD93: =IF(AND(AB93="Faible",AC93="Faible"),"Faible",IF(AND(AB93="Faible",AC93="Faible"),"Fort",IF(AND(AB93="Faible",AC93="Fort"),"Faible",IF(AND(AB93="Faible",AC93="Fort"),"Fort",IF(AND(AB93="Fort",AC93="Faible"),"Fort",IF(AND(AB93="Fort",AC93="Faible"),"Fort",IF(AND(AB93="Fort",AC93="Fort"),"Fort","Fort"))))))) -> Faible | AE93: =IF(AD93="Faible", "2", IF(AD93="Fort","5")) -> 2 | AF93: =COUNTIF($AG$5:$AG$1048576,AG93) -> 1 | AG93: =CONCATENATE(D93,E93,T93) -> 20141058662C10 | AH93: =IF(AL93<>0,"Action cloturée",IF(AND(E93="HMO",AD93="Faible"),"",IF(AND(J93="HMO",AD93="Fort"),"Informer immédiatement le client pour connaitre la marche à suivre",IF(AND(J93="MO",AD93="Faible"),"",IF(AND(J93="MO",AD93="Fort"),"Tri par agence d'intérim et/ou fournisseur et FDNQ",""))))) -> Action cloturée | AJ93: 41780 | AK93: Transmission des informations au service client | AL93: 41780 | AM93: =IF(AL93<>0,NETWORKDAYS(B93,AL93),"") -> 2 | AP93: =COUNTIF(#REF!,FALSE) -> #REF! | AQ93: =COUNTIF($AG$5:$AG$1048576,AG93) -> 1
A94: 90 | B94: 41778 | C94: =MONTH(B94) -> 5 | D94: =YEAR(B94) -> 2014 | E94: 1057831 | F94: 32011 | G94: 33561 | H94: Exploit Info | I94: LBP | J94: MO | K94: Paragon Transaction | L94: BPO ENC LA BANQUE POSTALE | N94: 500000 | O94: 475000 | P94: =IF(OR($T94="b4",$T94="b6",$T94="c8",$T94="c11",$T94="c10",$T94="c12",$T94="c14"),1,($M94/($N94/100))) -> 0 | Q94: 0.083333333 | R94: 0.083333333 | S94: Papier corné et décalé lors de la coupe et embalage. | T94: C7 | U94: =+LEFT(T94,1) -> C | V94: =VLOOKUP(T94,Codes!A$9:B$51,2,FALSE) -> produit déchiré, abimé dans l'emballage. | AB94: =IF((AA94)<=2,"faible","fort") -> faible | AC94: =IF((P94)<=3,"faible","fort") -> faible | AD94: =IF(AND(AB94="Faible",AC94="Faible"),"Faible",IF(AND(AB94="Faible",AC94="Faible"),"Fort",IF(AND(AB94="Faible",AC94="Fort"),"Faible",IF(AND(AB94="Faible",AC94="Fort"),"Fort",IF(AND(AB94="Fort",AC94="Faible"),"Fort",IF(AND(AB94="Fort",AC94="Faible"),"Fort",IF(AND(AB94="Fort",AC94="Fort"),"Fort","Fort"))))))) -> Faible | AE94: =IF(AD94="Faible", "2", IF(AD94="Fort","5")) -> 2 | AF94: =COUNTIF($AG$5:$AG$1048576,AG94) -> 1 | AG94: =CONCATENATE(D94,E94,T94) -> 20141057831C7 | AH94: =IF(AL94<>0,"Action cloturée",IF(AND(E94="HMO",AD94="Faible"),"",IF(AND(J94="HMO",AD94="Fort"),"Informer immédiatement le client pour connaitre la marche à suivre",IF(AND(J94="MO",AD94="Faible"),"",IF(AND(J94="MO",AD94="Fort"),"Tri par agence d'intérim et/ou fournisseur et FDNQ",""))))) -> Action cloturée | AI94: FDNQ 14 | AJ94: 41780 | AK94: Voir FDNQ | AL94: 41789 | AM94: =IF(AL94<>0,NETWORKDAYS(B94,AL94),"") -> 10 | AP94: =COUNTIF(#REF!,FALSE) -> #REF! | AQ94: =COUNTIF($AG$5:$AG$1048576,AG94) -> 1
A95: 91 | B95: 41780 | C95: =MONTH(B95) -> 5 | D95: =YEAR(B95) -> 2014 | E95: 1058653 | F95: 28145 | G95: 28675 | H95: Condt. | I95: SG | J95: HMO | L95: CSG COFFRET VISA INFINITE DIST | M95: 2 | N95: 8000 | O95: 6838 | P95: =IF(OR($T95="b4",$T95="b6",$T95="c8",$T95="c11",$T95="c10",$T95="c12",$T95="c14"),1,($M95/($N95/100))) -> 0.025 | Q95: 0.010416667 | R95: 0.0069444444 | S95: Les coffret de ne se ferment pas car déchirés sur le côté/ on ne s'en aperçois qu'n conditionnement après les avoir MOntés = perte de temps/ | T95: C7 | U95: =+LEFT(T95,1) -> C | V95: =VLOOKUP(T95,Codes!A$9:B$51,2,FALSE) -> produit déchiré, abimé dans l'emballage. | AB95: =IF((AA95)<=2,"faible","fort") -> faible | AC95: =IF((P95)<=3,"faible","fort") -> faible | AD95: =IF(AND(AB95="Faible",AC95="Faible"),"Faible",IF(AND(AB95="Faible",AC95="Faible"),"Fort",IF(AND(AB95="Faible",AC95="Fort"),"Faible",IF(AND(AB95="Faible",AC95="Fort"),"Fort",IF(AND(AB95="Fort",AC95="Faible"),"Fort",IF(AND(AB95="Fort",AC95="Faible"),"Fort",IF(AND(AB95="Fort",AC95="Fort"),"Fort","Fort"))))))) -> Faible | AE95: =IF(AD95="Faible", "2", IF(AD95="Fort","5")) -> 2 | AF95: =COUNTIF($AG$5:$AG$1048576,AG95) -> 1 | AG95: =CONCATENATE(D95,E95,T95) -> 20141058653C7 | AH95: =IF(AL95<>0,"Action cloturée",IF(AND(E95="HMO",AD95="Faible"),"",IF(AND(J95="HMO",AD95="Fort"),"Informer immédiatement le client pour connaitre la marche à suivre",IF(AND(J95="MO",AD95="Faible"),"",IF(AND(J95="MO",AD95="Fort"),"Tri par agence d'intérim et/ou fournisseur et FDNQ",""))))) -> Action cloturée | AJ95: 41781 | AK95: aucune | AL95: 41781 | AM95: =IF(AL95<>0,NETWORKDAYS(B95,AL95),"") -> 2 | AP95: =COUNTIF(#REF!,FALSE) -> #REF! | AQ95: =COUNTIF($AG$5:$AG$1048576,AG95) -> 1
A96: 92 | B96: 41766 | C96: =MONTH(B96) -> 5 | D96: =YEAR(B96) -> 2014 | E96: 1208736 | F96: 21836 | G96: 21613 | H96: Condt. | I96: NTX | J96: HMO | L96: NTX WP Visa Platinum Business | M96: 2 | N96: 9984 | O96: 1301 | P96: =IF(OR($T96="b4",$T96="b6",$T96="c8",$T96="c11",$T96="c10",$T96="c12",$T96="c14"),1,($M96/($N96/100))) -> 0.020032051 | Q96: 0.0069444444 | R96: 0.010416667 | S96: Tâches noir sur le dessus du coffet | T96: C7 | U96: =+LEFT(T96,1) -> C | V96: =VLOOKUP(T96,Codes!A$9:B$51,2,FALSE) -> produit déchiré, abimé dans l'emballage. | AB96: =IF((AA96)<=2,"faible","fort") -> faible | AC96: =IF((P96)<=3,"faible","fort") -> faible | AD96: =IF(AND(AB96="Faible",AC96="Faible"),"Faible",IF(AND(AB96="Faible",AC96="Faible"),"Fort",IF(AND(AB96="Faible",AC96="Fort"),"Faible",IF(AND(AB96="Faible",AC96="Fort"),"Fort",IF(AND(AB96="Fort",AC96="Faible"),"Fort",IF(AND(AB96="Fort",AC96="Faible"),"Fort",IF(AND(AB96="Fort",AC96="Fort"),"Fort","Fort"))))))) -> Faible | AE96: =IF(AD96="Faible", "2", IF(AD96="Fort","5")) -> 2 | AF96: =COUNTIF($AG$5:$AG$1048576,AG96) -> 1 | AG96: =CONCATENATE(D96,E96,T96) -> 20141208736C7 | AH96: =IF(AL96<>0,"Action cloturée",IF(AND(E96="HMO",AD96="Faible"),"",IF(AND(J96="HMO",AD96="Fort"),"Informer immédiatement le client pour connaitre la marche à suivre",IF(AND(J96="MO",AD96="Faible"),"",IF(AND(J96="MO",AD96="Fort"),"Tri par agence d'intérim et/ou fournisseur et FDNQ",""))))) -> Action cloturée | AJ96: 41787 | AK96: aucune | AL96: 41781 | AM96: =IF(AL96<>0,NETWORKDAYS(B96,AL96),"") -> 12 | AP96: =COUNTIF(#REF!,FALSE) -> #REF! | AQ96: =COUNTIF($AG$5:$AG$1048576,AG96) -> 1
A97: 93 | B97: 41796 | C97: =MONTH(B97) -> 6 | D97: =YEAR(B97) -> 2014 | E97: 1254922 | F97: 31709 | G97: 32566 | H97: Production | I97: Amex | J97: MO | K97: OT TEWKS | L97: KLM Platinum-2011 Design (Dynamic) CosMO | M97: 124 | N97: 1304 | O97: 1734 | P97: =IF(OR($T97="b4",$T97="b6",$T97="c8",$T97="c11",$T97="c10",$T97="c12",$T97="c14"),1,($M97/($N97/100))) -> 9.5092025 | Q97: 0.041666667 | R97: 0.10416667 | S97: Au recto de la carte, le logo "AIR France KLM'' est en relief perturbant l'impression du sticker d'activation | T97: A10 | U97: =+LEFT(T97,1) -> A | V97: =VLOOKUP(T97,Codes!A$9:B$51,2,FALSE) -> Défaut carte visuel. | AB97: =IF((AA97)<=2,"faible","fort") -> faible | AC97: =IF((P97)<=3,"faible","fort") -> fort | AD97: =IF(AND(AB97="Faible",AC97="Faible"),"Faible",IF(AND(AB97="Faible",AC97="Faible"),"Fort",IF(AND(AB97="Faible",AC97="Fort"),"Faible",IF(AND(AB97="Faible",AC97="Fort"),"Fort",IF(AND(AB97="Fort",AC97="Faible"),"Fort",IF(AND(AB97="Fort",AC97="Faible"),"Fort",IF(AND(AB97="Fort",AC97="Fort"),"Fort","Fort"))))))) -> Faible | AE97: =IF(AD97="Faible", "2", IF(AD97="Fort","5")) -> 2 | AF97: =COUNTIF($AG$5:$AG$1048576,AG97) -> 2 | AG97: =CONCATENATE(D97,E97,T97) -> 20141254922A10 | AH97: =IF(AL97<>0,"Action cloturée",IF(AND(E97="HMO",AD97="Faible"),"",IF(AND(J97="HMO",AD97="Fort"),"Informer immédiatement le client pour connaitre la marche à suivre",IF(AND(J97="MO",AD97="Faible"),"",IF(AND(J97="MO",AD97="Fort"),"Tri par agence d'intérim et/ou fournisseur et FDNQ",""))))) -> Action cloturée | AI97: CQUA14-11 | AJ97: 41796 | AK97: voir FDNQ | AL97: 41818 | AM97: =IF(AL97<>0,NETWORKDAYS(B97,AL97),"") -> 16 | AP97: =COUNTIF(#REF!,FALSE) -> #REF! | AQ97: =COUNTIF($AG$5:$AG$1048576,AG97) -> 2
A98: 94 | B98: 41794 | C98: =MONTH(B98) -> 6 | D98: =YEAR(B98) -> 2014 | E98: 1254874 | F98: 31356 | G98: 33092 | H98: Condt. | I98: OT | J98: MO | K98: GPV | L98: OT Env 114x229 F45x100 BDP | M98: 1000 | N98: 250000 | O98: 0 | P98: =IF(OR($T98="b4",$T98="b6",$T98="c8",$T98="c11",$T98="c10",$T98="c12",$T98="c14"),1,($M98/($N98/100))) -> 0.4 | Q98: 0.083333333 | R98: 0.010416667 | S98: pattes collées, ne passent pas en B H , Bourrage | T98: C13 | U98: =+LEFT(T98,1) -> C | V98: =VLOOKUP(T98,Codes!A$9:B$51,2,FALSE) -> Mauvais encollage | AB98: =IF((AA98)<=2,"faible","fort") -> faible | AC98: =IF((P98)<=3,"faible","fort") -> faible | AD98: =IF(AND(AB98="Faible",AC98="Faible"),"Faible",IF(AND(AB98="Faible",AC98="Faible"),"Fort",IF(AND(AB98="Faible",AC98="Fort"),"Faible",IF(AND(AB98="Faible",AC98="Fort"),"Fort",IF(AND(AB98="Fort",AC98="Faible"),"Fort",IF(AND(AB98="Fort",AC98="Faible"),"Fort",IF(AND(AB98="Fort",AC98="Fort"),"Fort","Fort"))))))) -> Faible | AE98: =IF(AD98="Faible", "2", IF(AD98="Fort","5")) -> 2 | AF98: =COUNTIF($AG$5:$AG$1048576,AG98) -> 1 | AG98: =CONCATENATE(D98,E98,T98) -> 20141254874C13 | AH98: =IF(AL98<>0,"Action cloturée",IF(AND(E98="HMO",AD98="Faible"),"",IF(AND(J98="HMO",AD98="Fort"),"Informer immédiatement le client pour connaitre la marche à suivre",IF(AND(J98="MO",AD98="Faible"),"",IF(AND(J98="MO",AD98="Fort"),"Tri par agence d'intérim et/ou fournisseur et FDNQ",""))))) -> Action cloturée | AJ98: 41803 | AK98: aucune | AL98: 41803 | AM98: =IF(AL98<>0,NETWORKDAYS(B98,AL98),"") -> 8 | AP98: =COUNTIF(#REF!,FALSE) -> #REF! | AQ98: =COUNTIF($AG$5:$AG$1048576,AG98) -> 1
A99: 95 | B99: 41799 | C99: =MONTH(B99) -> 6 | D99: =YEAR(B99) -> 2014 | E99: 1172283 | F99: 166615 | G99: 19211 | H99: Production | I99: BNP | J99: MO | K99: OT Vitré | L99: BNP Visa Infinite Dual V2.3 | M99: 49 | N99: 1980 | O99: 5417 | P99: =IF(OR($T99="b4",$T99="b6",$T99="c8",$T99="c11",$T99="c10",$T99="c12",$T99="c14"),1,($M99/($N99/100))) -> 2.4747475 | Q99: 0.083333333 | R99: 0.083333333 | S99: La position (ou taille) du panneau signature sur ces cartes ne permet pas d'utiliser le même setup, ce qui n'est pas normal. La norme dont je dispose n'indique pas la taille du panneau mais le positionnement des données. / à ce panneau. Pour les autres clients, nous sommes à la même position d'embossage quelques soit le type de panneau. | T99: A10 | U99: =+LEFT(T99,1) -> A | V99: =VLOOKUP(T99,Codes!A$9:B$51,2,FALSE) -> Défaut carte visuel. | AB99: =IF((AA99)<=2,"faible","fort") -> faible | AC99: =IF((P99)<=3,"faible","fort") -> faible | AD99: =IF(AND(AB99="Faible",AC99="Faible"),"Faible",IF(AND(AB99="Faible",AC99="Faible"),"Fort",IF(AND(AB99="Faible",AC99="Fort"),"Faible",IF(AND(AB99="Faible",AC99="Fort"),"Fort",IF(AND(AB99="Fort",AC99="Faible"),"Fort",IF(AND(AB99="Fort",AC99="Faible"),"Fort",IF(AND(AB99="Fort",AC99="Fort"),"Fort","Fort"))))))) -> Faible | AE99: =IF(AD99="Faible", "2", IF(AD99="Fort","5")) -> 2 | AF99: =COUNTIF($AG$5:$AG$1048576,AG99) -> 1 | AG99: =CONCATENATE(D99,E99,T99) -> 20141172283A10 | AH99: =IF(AL99<>0,"Action cloturée",IF(AND(E99="HMO",AD99="Faible"),"",IF(AND(J99="HMO",AD99="Fort"),"Informer immédiatement le client pour connaitre la marche à suivre",IF(AND(J99="MO",AD99="Faible"),"",IF(AND(J99="MO",AD99="Fort"),"Tri par agence d'intérim et/ou fournisseur et FDNQ",""))))) -> Action cloturée | AJ99: 41803 | AK99: Le 10/06, JLF demande par Email à A.C. Bouttier, P. Lorgouilloux et A. Harde de vérifier les positions, dimentions puis selon leur retour FDNQ ou pas. Réponse Vitré - Les cartes sont conformes à la norme Visa, mais Vitré propose une alternative de position du panneau, la production doit valider cette proposition email le 11/06/14 le 18/06 - CParise saisie une demande de MOdif poour création de 2 septup de ma nière à excluser le stock carte et que Vitré ce cale sur les prochain lot | AL99: 41850 | AM99: =IF(AL99<>0,NETWORKDAYS(B99,AL99),"") -> 38 | AP99: =COUNTIF(#REF!,FALSE) -> #REF! | AQ99: =COUNTIF($AG$5:$AG$1048576,AG99) -> 1
A100: 96 | B100: 41799 | C100: =MONTH(B100) -> 6 | D100: =YEAR(B100) -> 2014 | E100: 1058226 | F100: 32810 | G100: 34304 | H100: Condt. | I100: ASIP | J100: MO | K100: GPV | L100: ASIP ENV ASIP SANTE | M100: 6000 | N100: 110000 | O100: 580000 | P100: =IF(OR($T100="b4",$T100="b6",$T100="c8",$T100="c11",$T100="c10",$T100="c12",$T100="c14"),1,($M100/($N100/100))) -> 5.4545455 | Q100: 0.020833333 | R100: 0.0625 | S100: Un point de colle au niveau du rabat côté gauche. Perte de temps et arrêt machines ! | T100: C13 | U100: =+LEFT(T100,1) -> C | V100: =VLOOKUP(T100,Codes!A$9:B$51,2,FALSE) -> Mauvais encollage | AB100: =IF((AA100)<=2,"faible","fort") -> faible | AC100: =IF((P100)<=3,"faible","fort") -> fort | AD100: =IF(AND(AB100="Faible",AC100="Faible"),"Faible",IF(AND(AB100="Faible",AC100="Faible"),"Fort",IF(AND(AB100="Faible",AC100="Fort"),"Faible",IF(AND(AB100="Faible",AC100="Fort"),"Fort",IF(AND(AB100="Fort",AC100="Faible"),"Fort",IF(AND(AB100="Fort",AC100="Faible"),"Fort",IF(AND(AB100="Fort",AC100="Fort"),"Fort","Fort"))))))) -> Faible | AE100: =IF(AD100="Faible", "2", IF(AD100="Fort","5")) -> 2 | AF100: =COUNTIF($AG$5:$AG$1048576,AG100) -> 1 | AG100: =CONCATENATE(D100,E100,T100) -> 20141058226C13 | AH100: =IF(AL100<>0,"Action cloturée",IF(AND(E100="HMO",AD100="Faible"),"",IF(AND(J100="HMO",AD100="Fort"),"Informer immédiatement le client pour connaitre la marche à suivre",IF(AND(J100="MO",AD100="Faible"),"",IF(AND(J100="MO",AD100="Fort"),"Tri par agence d'intérim et/ou fournisseur et FDNQ",""))))) -> Action cloturée | AI100: PQUA14_14 | AJ100: 41803 | AK100: Tri et vérification de la palette en cours (N° 67,65,62,48,42,3,2,1,= ok. On va demander au fournisseur de trier le reste + FDNQ.. Le fournisseur sera sur site le 13/06 avec JLF. | AL100: 41850 | AM100: =IF(AL100<>0,NETWORKDAYS(B100,AL100),"") -> 38 | AP100: =COUNTIF(#REF!,FALSE) -> #REF! | AQ100: =COUNTIF($AG$5:$AG$1048576,AG100) -> 1
...

Sheet Codes
A1: BASE DES CODES DEFAUTS
A6: Code priorité
A7: Haute
A8: A - Impact chez le Client ou porteur | C8: 2014 | D8: 2015
A9: A1 | B9: Absence ou manque de colle sur le produit | C9: =COUNTIF('Tableau de Suivi'!$T$5:$T$181,A9) -> 4 | D9: =COUNTIF('Tableau de Suivi'!$T$182:$T$626,A9) -> 7
A10: A2 | B10: Décalage de l'impression ou dépose de colle / BAT | C10: =COUNTIF('Tableau de Suivi'!$T$5:$T$626,A10) -> 4 | D10: =COUNTIF('Tableau de Suivi'!$T$182:$T$626,A10) -> 3
A11: A3 | B11: Absence de pré-perforation ou micro-perforation | C11: =COUNTIF('Tableau de Suivi'!$T$5:$T$626,A11) -> 1 | D11: =COUNTIF('Tableau de Suivi'!$T$182:$T$626,A11) -> 0
A12: A4 | B12: Mauvaise découpe du format feuille à feuille (A4) | C12: =COUNTIF('Tableau de Suivi'!$T$5:$T$626,A12) -> 4 | D12: =COUNTIF('Tableau de Suivi'!$T$182:$T$626,A12) -> 4
A13: A5 | B13: Manque complexe code conf | C13: =COUNTIF('Tableau de Suivi'!$T$5:$T$626,A13) -> 3 | D13: =COUNTIF('Tableau de Suivi'!$T$182:$T$626,A13) -> 2
A14: A6 | B14: Mauvaise version du document | C14: =COUNTIF('Tableau de Suivi'!$T$5:$T$626,A14) -> 5 | D14: =COUNTIF('Tableau de Suivi'!$T$182:$T$626,A14) -> 5
A15: A7 | B15: Mauvaise dépose du complexe etiquette. | C15: =COUNTIF('Tableau de Suivi'!$T$5:$T$626,A15) -> 10 | D15: =COUNTIF('Tableau de Suivi'!$T$182:$T$626,A15) -> 5
A16: A8 | B16: Produit inadapté au processus (tension ruban, etc…) | C16: =COUNTIF('Tableau de Suivi'!$T$5:$T$626,A16) -> 63 | D16: =COUNTIF('Tableau de Suivi'!$T$182:$T$626,A16) -> 43
A17: A9 | B17: Défaut carte préperso | C17: =COUNTIF('Tableau de Suivi'!$T$5:$T$626,A17) -> 9 | D17: =COUNTIF('Tableau de Suivi'!$T$182:$T$626,A17) -> 6
A18: A10 | B18: Défaut carte visuel. | C18: =COUNTIF('Tableau de Suivi'!$T$5:$T$626,A18) -> 36 | D18: =COUNTIF('Tableau de Suivi'!$T$182:$T$626,A18) -> 25
A19: A11 | B19: Défaut carte piste | C19: =COUNTIF('Tableau de Suivi'!$T$5:$T$626,A19) -> 10 | D19: =COUNTIF('Tableau de Suivi'!$T$182:$T$626,A19) -> 9
C20: =COUNTIF('Tableau de Suivi'!$T$5:$T$626,A20) -> 0 | D20: =COUNTIF('Tableau de Suivi'!$T$182:$T$626,A20) -> 0
C21: =COUNTIF('Tableau de Suivi'!$T$5:$T$626,A21) -> 0 | D21: =COUNTIF('Tableau de Suivi'!$T$182:$T$626,A21) -> 0
A22: Moyenne
A23: B - Impact sur la production, inaperçu pour le client | D23: =COUNTIF('Tableau de Suivi'!$T$182:$T$626,A23) -> 0
A24: B1 | B24: Produit chargé en électricité Statique | C24: =COUNTIF('Tableau de Suivi'!$T$5:$T$232,A24) -> 4 | D24: =COUNTIF('Tableau de Suivi'!$T$182:$T$626,A24) -> 4
A25: B2 | B25: Produit inadapté au processus | C25: =COUNTIF('Tableau de Suivi'!$T$5:$T$232,A25) -> 13 | D25: =COUNTIF('Tableau de Suivi'!$T$182:$T$626,A25) -> 26
A26: B3 | B26: Mauvaise qualité ou position des micro-perforations | C26: =COUNTIF('Tableau de Suivi'!$T$5:$T$232,A26) -> 17 | D26: =COUNTIF('Tableau de Suivi'!$T$182:$T$626,A26) -> 41
A27: B4 | B27: Mauvais étiquetage des cartons. | C27: =COUNTIF('Tableau de Suivi'!$T$5:$T$232,A27) -> 4 | D27: =COUNTIF('Tableau de Suivi'!$T$182:$T$626,A27) -> 10
A28: B5 | B28: Déformation lors du passage sur machine. | C28: =COUNTIF('Tableau de Suivi'!$T$5:$T$232,A28) -> 0 | D28: =COUNTIF('Tableau de Suivi'!$T$182:$T$626,A28) -> 9
A29: B6 | B29: Plusieurs référence mélangées dans un même carton | C29: =COUNTIF('Tableau de Suivi'!$T$5:$T$232,A29) -> 1 | D29: =COUNTIF('Tableau de Suivi'!$T$182:$T$626,A29) -> 12
A30: B9 | B30: Feuilles inversées dans une ramette. | C30: =COUNTIF('Tableau de Suivi'!$T$5:$T$232,A30) -> 0 | D30: =COUNTIF('Tableau de Suivi'!$T$182:$T$626,A30) -> 2
A31: B8 | B31: Absence de pré-perforation ou micro-perforation (non prévu) | C31: =COUNTIF('Tableau de Suivi'!$T$5:$T$232,A31) -> 2 | D31: =COUNTIF('Tableau de Suivi'!$T$182:$T$626,A31) -> 1
A32: B9 | B32: Produit légèrement tachés | C32: =COUNTIF('Tableau de Suivi'!$T$5:$T$232,A32) -> 0 | D32: =COUNTIF('Tableau de Suivi'!$T$182:$T$626,A32) -> 2
A33: B10 | B33: Document imbriqués les uns dans les autres | C33: =COUNTIF('Tableau de Suivi'!$T$5:$T$232,A33) -> 0 | D33: =COUNTIF('Tableau de Suivi'!$T$182:$T$626,A33) -> 1
A34: B11 | B34: Livraison, produit non conforme au processus actuel | C34: =COUNTIF('Tableau de Suivi'!$T$5:$T$232,A34) -> 0 | D34: =COUNTIF('Tableau de Suivi'!$T$182:$T$626,A34) -> 1
A35: B12 | C35: =COUNTIF('Tableau de Suivi'!$T$5:$T$232,A35) -> 0 | D35: =COUNTIF('Tableau de Suivi'!$T$182:$T$626,A35) -> 0
C36: =COUNTIF('Tableau de Suivi'!$T$5:$T$232,A36) -> 0 | D36: =COUNTIF('Tableau de Suivi'!$T$182:$T$626,A36) -> 0
A37: Faible (> 5 récurrences)
A38: C - Pas impact significatif Oberthur et client | D38: =COUNTIF('Tableau de Suivi'!$T$182:$T$626,A38) -> 0
A39: C1 | B39: Mauvaise découpe du produit | C39: =COUNTIF('Tableau de Suivi'!$T$5:$T$232,A39) -> 4 | D39: =COUNTIF('Tableau de Suivi'!$T$182:$T$626,A39) -> 8
A40: C2 | B40: Les documents d'accompagnement sont déformés | C40: =COUNTIF('Tableau de Suivi'!$T$5:$T$232,A40) -> 8 | D40: =COUNTIF('Tableau de Suivi'!$T$182:$T$626,A40) -> 13
A41: C3 | B41: Produits collés entre eux | C41: =COUNTIF('Tableau de Suivi'!$T$5:$T$232,A41) -> 9 | D41: =COUNTIF('Tableau de Suivi'!$T$182:$T$626,A41) -> 12
A42: C4 | B42: Absence ou manque de colle sur le produit | C42: =COUNTIF('Tableau de Suivi'!$T$5:$T$232,A42) -> 5 | D42: =COUNTIF('Tableau de Suivi'!$T$182:$T$626,A42) -> 7
A43: C5 | B43: Produit monté à l'envers ou mal monté. | C43: =COUNTIF('Tableau de Suivi'!$T$5:$T$232,A43) -> 1 | D43: =COUNTIF('Tableau de Suivi'!$T$182:$T$626,A43) -> 4
A44: C6 | B44: Les documents d'accompagnement sont doublés | C44: =COUNTIF('Tableau de Suivi'!$T$5:$T$232,A44) -> 6 | D44: =COUNTIF('Tableau de Suivi'!$T$182:$T$626,A44) -> 6
A45: C7 | B45: produit déchiré, abimé dans l'emballage. | C45: =COUNTIF('Tableau de Suivi'!$T$5:$T$232,A45) -> 19 | D45: =COUNTIF('Tableau de Suivi'!$T$182:$T$626,A45) -> 17
A46: C8 | B46: Conditionnement inadapté | C46: =COUNTIF('Tableau de Suivi'!$T$5:$T$232,A46) -> 29 | D46: =COUNTIF('Tableau de Suivi'!$T$182:$T$626,A46) -> 61
A47: C9 | B47: Mauvaise impression sur le produit | C47: =COUNTIF('Tableau de Suivi'!$T$5:$T$232,A47) -> 15 | D47: =COUNTIF('Tableau de Suivi'!$T$182:$T$626,A47) -> 20
A48: C10 | B48: Manque tout ou partie des documents. | C48: =COUNTIF('Tableau de Suivi'!$T$5:$T$232,A48) -> 7 | D48: =COUNTIF('Tableau de Suivi'!$T$182:$T$626,A48) -> 10
A49: C11 | B49: Quantité livrée non conforme au document. | C49: =COUNTIF('Tableau de Suivi'!$T$5:$T$232,A49) -> 11 | D49: =COUNTIF('Tableau de Suivi'!$T$182:$T$626,A49) -> 23
A50: C12 | B50: pas de BL | C50: =COUNTIF('Tableau de Suivi'!$T$5:$T$232,A50) -> 2 | D50: =COUNTIF('Tableau de Suivi'!$T$182:$T$626,A50) -> 2
... A52: C14 | B52: Mauvaise ou manque d'information sur la livraison | C52: =COUNTIF('Tableau de Suivi'!$T$5:$T$232,A52) -> 3 | D52: =COUNTIF('Tableau de Suivi'!$T$182:$T$626,A52) -> 16
A65: Code | B65: Désignation | C65: Quantité
A66: A8 | B66: Produit inadapté au processus(tension ruban, etc…) | C66: =COUNTIF('Tableau de Suivi'!$T$5:$T$181,A66) -> 20 | D66: =COUNTIF('Tableau de Suivi'!$T$182:$T$626,B66) -> 0
A67: C8 | B67: Conditionnement inadapté | C67: =COUNTIF('Tableau de Suivi'!$T$5:$T$232,A67) -> 29 | D67: =COUNTIF('Tableau de Suivi'!$T$182:$T$626,B67) -> 0
A68: C7 | B68: produit déchiré, abimé dans l'emballage. | C68: =COUNTIF('Tableau de Suivi'!$T$5:$T$232,A68) -> 19 | D68: =COUNTIF('Tableau de Suivi'!$T$182:$T$626,B68) -> 0
A69: C9 | B69: Mauvaise impression sur le produit | C69: =COUNTIF('Tableau de Suivi'!$T$5:$T$232,A69) -> 15 | D69: =COUNTIF('Tableau de Suivi'!$T$182:$T$626,B69) -> 0
A70: B3 | B70: Mauvaise qualité des micro-perforations | C70: =COUNTIF('Tableau de Suivi'!$T$5:$T$232,A70) -> 17 | D70: =COUNTIF('Tableau de Suivi'!$T$182:$T$626,B70) -> 0
A71: A10 | B71: Défaut carte visuel. | C71: =COUNTIF('Tableau de Suivi'!$T$5:$T$626,A71) -> 36 | D71: =COUNTIF('Tableau de Suivi'!$T$182:$T$626,B71) -> 0
A72: C11 | B72: Quantité livrée non conforme au document. | C72: =COUNTIF('Tableau de Suivi'!$T$5:$T$232,A72) -> 11 | D72: =COUNTIF('Tableau de Suivi'!$T$182:$T$626,B72) -> 0
A73: C13 | B73: Mauvais encollage | C73: =COUNTIF('Tableau de Suivi'!$T$5:$T$232,A73) -> 10 | D73: =COUNTIF('Tableau de Suivi'!$T$182:$T$626,B73) -> 0
A74: B2 | B74: Produit inadapté au processus | C74: =COUNTIF('Tableau de Suivi'!$T$5:$T$232,A74) -> 13 | D74: =COUNTIF('Tableau de Suivi'!$T$182:$T$626,B74) -> 0
A75: C3 | B75: Produits collés entre eux | C75: =COUNTIF('Tableau de Suivi'!$T$5:$T$232,A75) -> 9 | D75: =COUNTIF('Tableau de Suivi'!$T$182:$T$626,B75) -> 0
A76: C10 | B76: Manque tout ou partie des documents. | C76: =COUNTIF('Tableau de Suivi'!$T$5:$T$232,A76) -> 7 | D76: =COUNTIF('Tableau de Suivi'!$T$182:$T$626,B76) -> 0
A77: C2 | B77: Les documents d'accompagnement sont déformés | C77: =COUNTIF('Tableau de Suivi'!$T$5:$T$232,A77) -> 8 | D77: =COUNTIF('Tableau de Suivi'!$T$182:$T$626,B77) -> 0
A78: A7 | B78: Mauvaise dépose du complexe etiquette. | C78: =COUNTIF('Tableau de Suivi'!$T$5:$T$626,A78) -> 10 | D78: =COUNTIF('Tableau de Suivi'!$T$182:$T$626,B78) -> 0
A79: C4 | B79: Absence ou manque de colle sur le produit | C79: =COUNTIF('Tableau de Suivi'!$T$5:$T$232,A79) -> 5 | D79: =COUNTIF('Tableau de Suivi'!$T$182:$T$626,B79) -> 0
A80: A1 | B80: Absence ou manque de colle sur le produit | C80: =COUNTIF('Tableau de Suivi'!$T$5:$T$626,A80) -> 11 | D80: =COUNTIF('Tableau de Suivi'!$T$182:$T$626,B80) -> 0
A81: A9 | B81: Défaut carte préperso | C81: =COUNTIF('Tableau de Suivi'!$T$5:$T$626,A81) -> 9 | D81: =COUNTIF('Tableau de Suivi'!$T$182:$T$626,B81) -> 0
A82: B1 | B82: Produit chargé en électricité Statique | C82: =COUNTIF('Tableau de Suivi'!$T$5:$T$232,A82) -> 4 | D82: =COUNTIF('Tableau de Suivi'!$T$182:$T$626,B82) -> 0
A83: A2 | B83: Décalage de l'impression ou dépose de colle / BAT | C83: =COUNTIF('Tableau de Suivi'!$T$5:$T$626,A83) -> 4 | D83: =COUNTIF('Tableau de Suivi'!$T$182:$T$626,B83) -> 0
A84: A3 | B84: Absence de pré-perforation ou micro-perforation | C84: =COUNTIF('Tableau de Suivi'!$T$5:$T$626,A84) -> 1 | D84: =COUNTIF('Tableau de Suivi'!$T$182:$T$626,B84) -> 0
A85: A5 | B85: Manque conplexe code conf | C85: =COUNTIF('Tableau de Suivi'!$T$5:$T$626,A85) -> 3 | D85: =COUNTIF('Tableau de Suivi'!$T$182:$T$626,B85) -> 0
A86: A11 | B86: Défaut carte piste | C86: =COUNTIF('Tableau de Suivi'!$T$5:$T$626,A86) -> 10 | D86: =COUNTIF('Tableau de Suivi'!$T$182:$T$626,B86) -> 0
A87: B4 | B87: Mauvais étiquetage des cartons. | C87: =COUNTIF('Tableau de Suivi'!$T$5:$T$232,A87) -> 4 | D87: =COUNTIF('Tableau de Suivi'!$T$182:$T$626,B87) -> 0
A88: B6 | B88: Plusieurs référence mélangées dans un même cartons. | C88: =COUNTIF('Tableau de Suivi'!$T$5:$T$232,A88) -> 1 | D88: =COUNTIF('Tableau de Suivi'!$T$182:$T$626,B88) -> 0
A89: B8 | B89: Absence de pré-perforation ou micro-perforation (non prévu) | C89: =COUNTIF('Tableau de Suivi'!$T$5:$T$232,A89) -> 2 | D89: =COUNTIF('Tableau de Suivi'!$T$182:$T$626,B89) -> 0
A90: C1 | B90: Mauvaise découpe du produit | C90: =COUNTIF('Tableau de Suivi'!$T$5:$T$232,A90) -> 4 | D90: =COUNTIF('Tableau de Suivi'!$T$182:$T$626,B90) -> 0
A91: C5 | B91: Produit monté à l'envers ou mal monté. | C91: =COUNTIF('Tableau de Suivi'!$T$5:$T$232,A91) -> 1 | D91: =COUNTIF('Tableau de Suivi'!$T$182:$T$626,B91) -> 0
A92: C6 | B92: Les documents d'accompagnement sont doublés | C92: =COUNTIF('Tableau de Suivi'!$T$5:$T$232,A92) -> 6 | D92: =COUNTIF('Tableau de Suivi'!$T$182:$T$626,B92) -> 0
A93: C12 | B93: pas de BL | C93: =COUNTIF('Tableau de Suivi'!$T$5:$T$232,A93) -> 2 | D93: =COUNTIF('Tableau de Suivi'!$T$182:$T$626,B93) -> 0
A94: A4 | B94: Mauvaise découpe du format feuille à feuille (A4) | C94: =COUNTIF('Tableau de Suivi'!$T$5:$T$626,A94) -> 4 | D94: =COUNTIF('Tableau de Suivi'!$T$182:$T$626,B94) -> 0
A95: A6 | B95: Mauvaise version du document | C95: =COUNTIF('Tableau de Suivi'!$T$5:$T$626,A95) -> 5 | D95: =COUNTIF('Tableau de Suivi'!$T$182:$T$626,B95) -> 0
A96: B5 | B96: Déformation lors du passage sur machine. | C96: =COUNTIF('Tableau de Suivi'!$T$5:$T$232,A96) -> 0 | D96: =COUNTIF('Tableau de Suivi'!$T$182:$T$626,B96) -> 0
A97: B9 | B97: Feuilles inversées dans une ramette. | C97: =COUNTIF('Tableau de Suivi'!$T$5:$T$232,A97) -> 0 | D97: =COUNTIF('Tableau de Suivi'!$T$182:$T$626,B97) -> 0
A98: B9 | C98: =COUNTIF('Tableau de Suivi'!$T$5:$T$232,A98) -> 0 | D98: =COUNTIF('Tableau de Suivi'!$T$182:$T$626,B98) -> 0
A99: B10 | C99: =COUNTIF('Tableau de Suivi'!$T$5:$T$232,A99) -> 0 | D99: =COUNTIF('Tableau de Suivi'!$T$182:$T$626,B99) -> 0
A100: B11 | C100: =COUNTIF('Tableau de Suivi'!$T$5:$T$232,A100) -> 0 | D100: =COUNTIF('Tableau de Suivi'!$T$182:$T$626,B100) -> 0
A101: B12 | C101: =COUNTIF('Tableau de Suivi'!$T$5:$T$232,A101) -> 0 | D101: =COUNTIF('Tableau de Suivi'!$T$182:$T$626,B101) -> 0

Sheet AQL
A1: effectif du lot | B1: Niveaux de contrôle spéciaux | F1: usage généraux
B2: S-1 | C2: S-2 | D2: S-3 | E2: S-4 | F2: I | G2: II | H2: III | L2: 15 | M2: =IF(AND((L2>=2),(L2<=8)),"A",IF(AND((L2>=9),(L2<=15)),"B",IF(AND((L2>=16),(L2<=20)),"C",IF(AND((L2>=21),(L2<=50)),"D",IF(AND((L2>=51),(L2<=90)),"E",IF(AND((L2>=91),(L2<=150)),"F",IF(AND((L2>=151),(L2<=280)),"G"," ")))))))&IF(AND((L2>=281),(L2<=500)),"H",IF(AND((L2>=501),(L2<=1200)),"J",IF(AND((L2>=1201),(L2<=3200)),"K",IF(AND((L2>=3201),(L2<=10000)),"L",IF(AND((L2>=10001),(L2<=35000)),"M",IF(AND((L2>=3500191),(L2<=150000)),"N",IF(AND((L2>=150001),(L2<=500000)),"P"," ")))))))&IF(AND(L2>=500001),"Q"," ") -> B | O2: =IF(AND(L2>=500001),"Q"," ")
A3: 2à8 | B3: A | C3: A | D3: A | E3: A | F3: A | G3: A | H3: B | L3: 16 | M3: =IF(AND((L3>=2),(L3<=8)),"A",IF(AND((L3>=9),(L3<=15)),"B",IF(AND((L3>=16),(L3<=20)),"C",IF(AND((L3>=21),(L3<=50)),"D",IF(AND((L3>=51),(L3<=90)),"E",IF(AND((L3>=91),(L3<=150)),"F",IF(AND((L3>=151),(L3<=280)),"G"," ")))))))&IF(AND((L3>=281),(L3<=500)),"H",IF(AND((L3>=501),(L3<=1200)),"J",IF(AND((L3>=1201),(L3<=3200)),"K",IF(AND((L3>=3201),(L3<=10000)),"L",IF(AND((L3>=10001),(L3<=35000)),"M",IF(AND((L3>=3500191),(L3<=150000)),"N",IF(AND((L3>=150001),(L3<=500000)),"P"," ")))))))&IF(AND(L3>=500001),"Q"," ") -> C | O3: =IF(AND(L3>=500001),"Q"," ")
A4: 9à15 | B4: A | C4: A | D4: A | E4: A | F4: A | G4: B | H4: C | L4: 21 | M4: =IF(AND((L4>=2),(L4<=8)),"A",IF(AND((L4>=9),(L4<=15)),"B",IF(AND((L4>=16),(L4<=20)),"C",IF(AND((L4>=21),(L4<=50)),"D",IF(AND((L4>=51),(L4<=90)),"E",IF(AND((L4>=91),(L4<=150)),"F",IF(AND((L4>=151),(L4<=280)),"G"," ")))))))&IF(AND((L4>=281),(L4<=500)),"H",IF(AND((L4>=501),(L4<=1200)),"J",IF(AND((L4>=1201),(L4<=3200)),"K",IF(AND((L4>=3201),(L4<=10000)),"L",IF(AND((L4>=10001),(L4<=35000)),"M",IF(AND((L4>=3500191),(L4<=150000)),"N",IF(AND((L4>=150001),(L4<=500000)),"P"," ")))))))&IF(AND(L4>=500001),"Q"," ") -> D | O4: =IF(AND(L4>=500001),"Q"," ")
A5: 16à20 | B5: A | C5: A | D5: B | E5: B | F5: B | G5: C | H5: D | L5: 15001 | M5: =IF(AND((L5>=2),(L5<=8)),"A",IF(AND((L5>=9),(L5<=15)),"B",IF(AND((L5>=16),(L5<=20)),"C",IF(AND((L5>=21),(L5<=50)),"D",IF(AND((L5>=51),(L5<=90)),"E",IF(AND((L5>=91),(L5<=150)),"F",IF(AND((L5>=151),(L5<=280)),"G"," ")))))))&IF(AND((L5>=281),(L5<=500)),"H",IF(AND((L5>=501),(L5<=1200)),"J",IF(AND((L5>=1201),(L5<=3200)),"K",IF(AND((L5>=3201),(L5<=10000)),"L",IF(AND((L5>=10001),(L5<=35000)),"M",IF(AND((L5>=3500191),(L5<=150000)),"N",IF(AND((L5>=150001),(L5<=500000)),"P"," ")))))))&IF(AND(L5>=500001),"Q"," ") -> M | O5: =IF(AND(L5>=500001),"Q"," ")
A6: 21à50 | B6: A | C6: B | D6: B | E6: C | F6: C | G6: D | H6: E | L6: 500 | M6: =IF(AND((L6>=2),(L6<=8)),"A",IF(AND((L6>=9),(L6<=15)),"B",IF(AND((L6>=16),(L6<=20)),"C",IF(AND((L6>=21),(L6<=50)),"D",IF(AND((L6>=51),(L6<=90)),"E",IF(AND((L6>=91),(L6<=150)),"F",IF(AND((L6>=151),(L6<=280)),"G"," ")))))))&IF(AND((L6>=281),(L6<=500)),"H",IF(AND((L6>=501),(L6<=1200)),"J",IF(AND((L6>=1201),(L6<=3200)),"K",IF(AND((L6>=3201),(L6<=10000)),"L",IF(AND((L6>=10001),(L6<=35000)),"M",IF(AND((L6>=3500191),(L6<=150000)),"N",IF(AND((L6>=150001),(L6<=500000)),"P"," ")))))))&IF(AND(L6>=500001),"Q"," ") -> H | O6: =IF(AND(L6>=500001),"Q"," ")
A7: 51à90 | B7: B | C7: B | D7: C | E7: C | F7: C | G7: E | H7: F | L7: 500000 | M7: =IF(AND((L7>=2),(L7<=8)),"A",IF(AND((L7>=9),(L7<=15)),"B",IF(AND((L7>=16),(L7<=20)),"C",IF(AND((L7>=21),(L7<=50)),"D",IF(AND((L7>=51),(L7<=90)),"E",IF(AND((L7>=91),(L7<=150)),"F",IF(AND((L7>=151),(L7<=280)),"G"," ")))))))&IF(AND((L7>=281),(L7<=500)),"H",IF(AND((L7>=501),(L7<=1200)),"J",IF(AND((L7>=1201),(L7<=3200)),"K",IF(AND((L7>=3201),(L7<=10000)),"L",IF(AND((L7>=10001),(L7<=35000)),"M",IF(AND((L7>=3500191),(L7<=150000)),"N",IF(AND((L7>=150001),(L7<=500000)),"P"," ")))))))&IF(AND(L7>=500001),"Q"," ") -> P | O7: =IF(AND(L7>=500001),"Q"," ")
A8: 91à150 | B8: B | C8: B | D8: C | E8: D | F8: D | G8: F | H8: G | L8: 501000 | M8: =IF(AND((L8>=2),(L8<=8)),"A",IF(AND((L8>=9),(L8<=15)),"B",IF(AND((L8>=16),(L8<=20)),"C",IF(AND((L8>=21),(L8<=50)),"D",IF(AND((L8>=51),(L8<=90)),"E",IF(AND((L8>=91),(L8<=150)),"F",IF(AND((L8>=151),(L8<=280)),"G"," ")))))))&IF(AND((L8>=281),(L8<=500)),"H",IF(AND((L8>=501),(L8<=1200)),"J",IF(AND((L8>=1201),(L8<=3200)),"K",IF(AND((L8>=3201),(L8<=10000)),"L",IF(AND((L8>=10001),(L8<=35000)),"M",IF(AND((L8>=3500191),(L8<=150000)),"N",IF(AND((L8>=150001),(L8<=500000)),"P"," ")))))))&IF(AND(L8>=500001),"Q"," ") -> Q
A9: 151à280 | B9: B | C9: C | D9: D | E9: E | F9: E | G9: G | H9: H
A10: 281à500 | B10: B | C10: C | D10: D | E10: E | F10: F | G10: H | H10: J
A11: 501à1200 | B11: C | C11: C | D11: E | E11: F | F11: G | G11: J | H11: L
A12: 1201à3200à | B12: C | C12: D | D12: E | E12: G | F12: H | G12: K | H12: L
A13: 3201à10000 | B13: C | C13: D | D13: F | E13: G | F13: J | G13: L | H13: M
A14: 10001à35000 | B14: C | C14: D | D14: F | E14: H | F14: K | G14: M | H14: N
A15: 35001à150000 | B15: D | C15: E | D15: G | E15: J | F15: L | G15: N | H15: P
A16: 150001à500000 | B16: D | C16: E | D16: G | E16: J | F16: M | G16: P | H16: Q
A17: 500001 et plus | B17: D | C17: E | D17: H | E17: K | F17: N | G17: Q | H17: R
A19: lettre Code | B19: B | C19: C | D19: D | E19: E | F19: F | G19: G | H19: H | I19: J
A20: Effectif d'échantillon (n) du plan simple | B20: 3 | C20: 5 | D20: 8 | E20: 13 | F20: 20 | G20: 32 | H20: 50 | I20: 80
A21: lettre Code | B21: J | C21: K | D21: L | E21: M | F21: N | G21: P | H21: Q | I21: R
A22: Effectif d'échantillon (n) du plan simple | B22: 50 | C22: 125 | D22: 200 | E22: 315 | F22: 500 | G22: 800 | H22: 1250 | I22: 2000
A25: Lettre code | B25: Plan simple contrôle normal | C25: Plan Doubles
C26: Contrôle normal ou remforcé | F26: Contrôle réduit
B27: n | C27: n1 | D27: n2 | E27: n1+n2 | F27: n1 | G27: n2 | H27: n1+n2
A28: E | B28: 13 | C28: 8 | D28: 8 | E28: =C28+D28 -> 16 | F28: 3 | G28: 3 | H28: =F28+G28 -> 6
A29: F | B29: 20 | C29: 13 | D29: 13 | E29: =C29+D29 -> 26 | F29: 5 | G29: 5 | H29: =F29+G29 -> 10
A30: G | B30: 32 | C30: 20 | D30: 20 | E30: =C30+D30 -> 40 | F30: 8 | G30: 8 | H30: =F30+G30 -> 16
A31: H | B31: 50 | C31: 32 | D31: 32 | E31: =C31+D31 -> 64 | F31: 13 | G31: 13 | H31: =F31+G31 -> 26
A32: J | B32: 80 | C32: 50 | D32: 50 | E32: =C32+D32 -> 100 | F32: 20 | G32: 20 | H32: =F32+G32 -> 40
A33: K | B33: 125 | C33: 80 | D33: 80 | E33: =C33+D33 -> 160 | F33: 32 | G33: 32 | H33: =F33+G33 -> 64
A34: L | B34: 200 | C34: 125 | D34: 125 | E34: =C34+D34 -> 250 | F34: 50 | G34: 50 | H34: =F34+G34 -> 100
A35: M | B35: 315 | C35: 200 | D35: 200 | E35: =C35+D35 -> 400 | F35: 80 | G35: 80 | H35: =F35+G35 -> 160
A36: N | B36: 500 | C36: 315 | D36: 315 | E36: =C36+D36 -> 630 | F36: 125 | G36: 125 | H36: =F36+G36 -> 250
A37: P | B37: 800 | C37: 500 | D37: 500 | E37: =C37+D37 -> 1000 | F37: 200 | G37: 200 | H37: =F37+G37 -> 400
A40: Lettre code | B40: n | C40: A = 0 R = 1 | D40: A = 1 R = 2 | E40: A = 2 R = 3 | F40: A = 3 R = 4 | G40: A = 5 R = 6 | H40: A = 7 R = 8 | I40: A = 8 R = 9 | J40: A = 10 R = 11 | K40: A = 12 R = 13 | L40: A = 14 R = 15 | M40: A = 18 R = 19 | N40: A = 21 R = 22
A41: E | B41: 13 | C41: 1 | D41: 4 | E41: 6.5 | F41: 10 | I41: contrôle | K41: contrôle | M41: contrôle
A42: F | B42: 20 | C42: 0.65 | D42: 2.5 | E42: 5 | F42: 6.5 | G42: 10 | I42: renforcé | K42: renforcé | M42: renforcé
A43: G | B43: 32 | C43: 0.4 | D43: 1.5 | E43: 2.5 | F43: 4 | G43: 6.5 | H43: 10
A44: H | B44: 50 | C44: 0.25 | D44: 1 | E44: 1.5 | F44: 2.5 | G44: 4 | H44: 6.5
A45: J | B45: 80 | C45: 0.15 | D45: 0.65 | E45: 1 | F45: 1.5 | G45: 2.5 | H45: 4 | J45: 6.5 | L45: 10
A46: K | B46: 125 | C46: 0.1 | D46: 0.4 | E46: 0.65 | F46: 1 | G46: 1.5 | H46: 2.5 | J46: 4 | L46: 6.5 | N46: 10
A47: L | B47: 200 | C47: 65 | D47: 0.25 | E47: 0.4 | F47: 0.65 | G47: 1 | H47: 1.5 | J47: 2.5 | L47: 4 | N47: 6.5
A48: M | B48: 315 | C48: 0.04 | D48: 0.15 | E48: 0.25 | F48: 0.4 | G48: 0.65 | H48: 1 | J48: 1.5 | L48: 2.5 | N48: 4
A49: N | B49: 500 | C49: 0.025 | D49: 0.1 | E49: 0.15 | F49: 0.25 | G49: 0.4 | H49: 0.65 | J49: 1 | L49: 1.5 | N49: 2.5
A50: P | B50: 800 | C50: 0.015 | D50: 0.065 | E50: 0.1 | F50: 0.15 | G50: 0.25 | H50: 0.4 | J50: 0.65 | L50: 1 | N50: 1.5
C53: Refut
B56: E | C56: 2 | D56: 13 | F56: 2/13
B57: F | C57: 2 | D57: 20 | F57: 2/20
B58: G | C58: 3 | D58: 32 | F58: 3/32
B59: H | C59: 4 | D59: 50 | F59: 4/50
B60: J | C60: 6 | D60: 80 | F60: 6/80
B61: K | C61: 8 | D61: 125 | F61: 8/125
B62: L | C62: 11 | D62: 200 | F62: 11/200
B63: M | C63: 15 | D63: 315 | F63: 15/315
B64: N | C64: 22 | D64: 500 | F64: 22/500
B65: P | C65: 22 | D65: 800 | F65: 22/800

Sheet Feuil1
A1: Année | B1: 2014
A3: Étiquettes de lignes | B3: Nombre de Réf. AX
A4: A1 | B4: 1
A5: 1058722 | B5: 1
A6: A8 | B6: 2
A7: 1051704 | B7: 1
A8: 1058588 | B8: 1
A9: A9 | B9: 1
A10: 1195659 | B10: 1
A11: B2 | B11: 1
A12: 1058702 | B12: 1
A13: C10 | B13: 2
A14: 1058722 | B14: 1
A15: 1098711 | B15: 1
A16: C4 | B16: 3
A17: 1058653 | B17: 1
A18: 1233115 | B18: 1
A19: 1254874 | B19: 1
A20: C7 | B20: 2
A21: 1057730 | B21: 1
A22: 1150634 | B22: 1
A23: C8 | B23: 1
A24: 1057846 | B24: 1
A25: C9 | B25: 2
A26: 1058088 | B26: 1
A27: 1177965 | B27: 1
A28: Total général | B28: 15
